Workbook
Name _______AFC1: #REF!
Name _______AFC1: #REF!
Name _______AFC3: #REF!
Name _______AFC3: #REF!
Name _______AFC5: #REF!
Name _______AFC5: #REF!
Name _______BGC1: #REF!
Name _______BGC1: #REF!
Name _______BGC3: #REF!
Name _______BGC3: #REF!
Name _______BGC5: #REF!
Name _______BGC5: #REF!
Name _______CAC1: #REF!
Name _______CAC1: #REF!
Name _______CAC3: #REF!
Name _______CAC3: #REF!
Name _______CAC5: #REF!
Name _______CAC5: #REF!
Name _______SBC1: #REF!
Name _______SBC1: #REF!
Name _______SBC3: #REF!
Name _______SBC3: #REF!
Name _______SBC5: #REF!
Name _______SBC5: #REF!
Name ______AFC1: #REF!
Name ______AFC1: #REF!
Name ______AFC3: #REF!
Name ______AFC3: #REF!
Name ______AFC5: #REF!
Name ______AFC5: #REF!
Name ______BGC1: #REF!
Name ______BGC1: #REF!
Name ______BGC3: #REF!
Name ______BGC3: #REF!
Name ______BGC5: #REF!
Name ______BGC5: #REF!
Name ______CAC1: #REF!
Name ______CAC1: #REF!
Name ______CAC3: #REF!
Name ______CAC3: #REF!
Name ______CAC5: #REF!
Name ______CAC5: #REF!
Name ______SBC1: #REF!
Name ______SBC1: #REF!
Name ______SBC3: #REF!
Name ______SBC3: #REF!
Name ______SBC5: #REF!
Name ______SBC5: #REF!
Name _____AFC1: #REF!
Name _____AFC1: #REF!
Name _____AFC3: #REF!
Name _____AFC3: #REF!
Name _____AFC5: #REF!
Name _____AFC5: #REF!
Name _____BGC1: #REF!
Name _____BGC1: #REF!
Name _____BGC3: #REF!
Name _____BGC3: #REF!
Name _____BGC5: #REF!
Name _____BGC5: #REF!

Sheet Resumen
A2: PREFACTURA SERVICIO: DEL 01 AL 31 DE AGOSTO 2025
A3: SERVICIOS GENERALES INTEGRALES PARA LA ADECUADA CONSERVACIÓN Y ATENCIÓN DE LOS SERVIDORES, USUARIOS Y DEMÁS VISITANTES DEL AMVA Y SUS DEMÁS SEDES
A6: RESUMEN CONSOLIDADO OFERTA ECONÓMICA - POR ALCANCE y POR RUBRO OFICIAL | B6: RESUMEN CONSOLIDADO MES - POR ALCANCE y POR RUBRO OFICIAL | G6: VALOR ACUMULADO CONSOLIDADA POR RUBRO PRESUPUESTAL | M6: TENER EN CUENTA NO EXCEDER ESTOS VALORES POR RUBRO PRESUPUESTAL del PRESUPUESTO OFICIAL (POE)
B7: OFERTA ECONÓMICA CONSOLIDADA POR RUBRO PRESUPUESTAL | C7: DESCRIPCIÓN | D7: TOTAL OFERTA ECONÓMICA INCLUIDO IVA | E7: RUBRO PRESUPUESTAL | G7: OFERTA ECONÓMICA CONSOLIDADA POR RUBRO PRESUPUESTAL | H7: RUBRO PRESUPUESTAL /FICHA | L7: ACUMULADO VALOR TOTAL POR RUBRO PRESUPUESTAL (INCLUIDOS AU e IVA
C8: RECURSO HUMANO - SEDE PARQUE METROPOLITANO DE LAS AGUAS (Los salarios son Fijos e inmodificables)* | D8: =#REF! -> #REF! | E8: 2.1.5.02.08 | H8: RUBRO PRESUPUESTAL 2.1.5.02.08. - GASTOS DE FUNCIONAMIENTO - PARQUE | L8: =+D8+D12 -> #REF! | M8: 1324301528
C9: DOTACION PERSONAL (Uniformes de labor) - SEDE PARQUE METROPOLITANO DE LAS AGUAS | D9: =#REF! -> #REF! | E9: 2.1.5.01.02 | H9: RUBRO PRESUPUESTAL 2.1.5.01.02. - GASTOS DE FUNCIONAMIENTO - PARQUE | L9: =+D9+D10 -> #REF! | M9: 92529562
C10: SUMINISTROS E INSUMOS DE CAFETERIA - SEDE PARQUE METROPOLITANO DE LAS AGUAS | D10: =#REF! -> #REF! | E10: 2.1.5.01.02 | H10: RUBRO PRESUPUESTAL 2.1.5.01.03. - GASTOS DE FUNCIONAMIENTO - PARQUE | L10: =+D11 -> #REF! | M10: 139823033
C11: SUMINISTROS E INSUMOS DE ASEO, SALUD OCUPACIONAL, ENFERMERIA Y JARDINERIA - SEDE PARQUE METROPOLITANO DE LAS AGUAS | D11: =#REF!+#REF!+#REF!+#REF!+#REF!+#REF!+#REF! -> #REF! | E11: 2.1.5.01.03 | H11: TOTAL OFERTA ECONÓMICA INCLUIDO IVA | L11: =SUM(L8:L10) -> #REF! | M11: =SUM(M8:M10) -> 1556654123
C12: SERVICIOS COMPLEMENTARIOS y OTROS COSTOS DE OPERACIÓN - SEDE PARQUE METROPOLITANO DE LAS AGUAS | D12: =#REF! -> #REF! | E12: 2.1.5.02.08
C13: TOTAL OFERTA ECONÓMICA INCLUIDO IVA | D13: =SUM(D8:D12) -> #REF!

Sheet CAJA MENOR Prueba feb 2026
A1: EGRESOS - GASTOS - LOGISTICA-AGOSTO 2025 | K1: RUBRO | L1: 008 | N1: RUBRO | O1: 006
K2: VALOR TOTAL | L2: =+K13+L13 -> 8540074.7 | N2: VALOR TOTAL | O2: =+N13+O13 -> 1568420
A4: ITEM | B4: FACTURA | C4: FECHA | D4: BENEFICIARIO | E4: NIT | F4: DETALLE | G4: Subtotal | H4: IVA | I4: RETEFUENTE | J4: VALOR A PAGAR | K4: Reparaciones locativas | L4: Iva Reparaciones Locativas | M4: Retenciones aplicadas | N4: Reconocimiento de Gastos Logisticos | O4: Iva Reconocimiento Gastos Logisticos | P4: IMPUESTO AL CONSUMO | Q4: IMPOCONSUMO 8%
Q5: Retef | Z5: I
A6: 1 | B6: FE - 1461 | C6: 45880 | D6: LUJAN VELASQUEZ CAROLINA | E6: 43977355 | F6: materiales necesarios utlizados para trabajos en carpinteria | G6: 66500 | H6: 0 | J6: =+G6+H6 -> 66500 | K6: =+G6 -> 66500 | L6: =+H6 -> 0
A7: 2 | B7: FE - 713 | C7: 45888 | D7: FERRETERIA MAKRO ELECTRICOS BELLO - MELISA CIFUENTES ALCARAZ | E7: 1128393327-4 | F7: materiales necesarios para trabajos de capínteria | G7: 490500 | H7: =+G7*19% -> 93195 | J7: =+G7+H7 -> 583695 | K7: =+G7 -> 490500 | L7: =+H7 -> 93195
A8: 3 | B8: FE - 3197 | C8: 45896 | D8: COMPOMEDICA S.A.S | E8: 901074786-6 | F8: insumo necesario utilizado para desfibriladores (DEA) para primeros auxilios | G8: 3092000 | H8: =+G8*19% -> 587480 | I8: =+G8*2.5% -> 77300 | J8: =+G8+H8 -> 3679480 | K8: =+G8 -> 3092000 | L8: =+H8 -> 587480
A9: 4 | B9: FE - 4143 | C9: 45898 | D9: BOBINADOS CORDOBA TABARES S.A.S | E9: 900467460-4 | F9: servicio necesario para mantenimineto correctivo bomba sumergible, cuarto de maquinas maxima velocidad | G9: 1318000 | H9: =+G9*19% -> 250420 | I9: 52720 | J9: =+G9+H9 -> 1568420 | N9: =+G9 -> 1318000 | O9: =+H9 -> 250420
A10: 5 | B10: FEC- 91326 | C10: 45899 | D10: MATERIALES Y RACORES S.A.S | E10: 900437333-9 | F10: mantenimiento de baños de recreativa y guardaropa | G10: 1378151 | H10: =+G10*19% -> 261848.69 | I10: 34454 | J10: =+G10+H10 -> 1639999.7 | K10: =+G10 -> 1378151 | L10: =+H10 -> 261848.69
A11: 6 | B11: FE - 719 | C11: 45899 | D11: FERRETERIA MAKRO ELECTRICOS BELLO - MELISA CIFUENTES ALCARAZ | E11: 1128393327-4 | F11: materiales necesarios para trabajos de mantenimiento taller | G11: 480000 | H11: =+G11*19% -> 91200 | J11: =+G11+H11 -> 571200 | K11: =+G11 -> 480000 | L11: =+H11 -> 91200
G12: 1680000 | H12: =+G12*19% -> 319200 | J12: =+G12+H12 -> 1999200 | K12: =+G12 -> 1680000 | L12: =+H12 -> 319200
B13: TOTAL | G13: =SUM(G6:G12) -> 8505151 | H13: =SUM(H6:H12) -> 1603343.7 | I13: =SUM(I6:I11) -> 164474 | J13: =SUM(J6:J12) -> 10108495 | K13: =SUM(K6:K12) -> 7187151 | L13: =SUM(L6:L12) -> 1352923.7 | M13: =SUM(#REF!) -> #REF! | N13: =SUM(N6:N11) -> 1318000 | O13: =SUM(O6:O11) -> 250420 | Q13: =SUM(#REF!) -> #REF!

Sheet PRESUP. OFICIAL CONSOL
A1: ÁREA METROPOLITANA DEL VALLE DE ABURRÁ
A2: SELECCIÓN ABREVIADA MEDIANTE SUBASTA INVERSA ELECTRÓNICA – SIE 015 de 2026
A3: PRESUPUESTO OFICIAL QUE AMPARA EL PROYECTO - POP (Máximo del Proyecto)
A4: OBJETO: “SERVICIOS GENERALES INTEGRALES PARA LA ADECUADA CONSERVACIÓN Y ATENCIÓN DE LOS SERVIDORES, USUARIOS Y DEMÁS VISITANTES DEL AMVA Y SUS DEMÁS SEDES”.
A5: PRESUPUESTO OFICIAL - POP - CONSOLIDADO
A7: RESUMEN CONSOLIDADO DEL PRESUPUESTO OFICIAL - POP (Máximo del Proyecto)
A8: TOTAL CONSOLIDADO - PRESUPUESTO OFICIAL QUE AMPARA EL PROYECTO - POP (Máximo del Proyecto) | C8: TOTAL PRESUPUESTO OFICIAL - POP - ANTES DE IVA | D8: TOTAL PRESUPUESTO OFICIAL - POP - INCLUIDO IVA | E8: % AU OFICIAL (POP) | G8: 150% EXPERIENCIA | H8: SMLMV | I8: 75% CT
C9: =+C15 -> 5.7390613e+09 | D9: =+D15 -> 6.4478347e+09 | E9: 0.08 | G9: =D9*150% -> 9.671752e+09 | H9: =+G9/1750905 -> 5523.8588 | I9: =D9*75% -> 4.835876e+09
A11: RESUMEN CONSOLIDADO DEL PRESUPUESTO OFICIAL - POP (Máximo del Proyecto) - POR COMPONENTE
A12: COMPONENTE | C12: TOTAL PRESUPUESTO OFICIAL - POP - ANTES DE IVA | D12: TOTAL PRESUPUESTO OFICIAL - POP - INCLUIDO IVA | E12: % AU OFICIAL (POP) 8% | F12: IVA
A13: COMPONENTE 1 - RECURSO HUMANO PARA EL PROCESO- AMBAS SEDES SEDE PARQUE METROPOLITANO DE LAS AGUAS MAS SEDE ADMINISTRATIVA | C13: =ROUND(('POP DETALLADO 2026 '!AA63+'POE DETALLADO 2027'!AA63),0) -> 5207558507 | D13: =ROUND(('POP DETALLADO 2026 '!AC63+'POE DETALLADO 2027'!AC63),0) -> 5794545295 | E13: ='POP DETALLADO 2026 '!W63+'POE DETALLADO 2027'!W63 -> 385745072
A14: COMPONENTE 2 - SUMINISTRO DE INSUMOS, DOTACION Y OTROS COSTOS DE OPERACIÓN PARA EL PROCESO- AMBAS SEDES SEDE PARQUE METROPOLITANO DE LAS AGUAS MAS SEDE ADMINISTRATIVA | C14: ='POP DETALLADO 2026 '!N118+'POE DETALLADO 2027'!N117 -> 5.3150275e+08 | D14: ='POP DETALLADO 2026 '!U118+'POE DETALLADO 2027'!U117 -> 6.5328937e+08 | E14: ='POP DETALLADO 2026 '!M118+'POP DETALLADO 2026 '!M90 -> 8511288
A15: VALOR TOTAL PRESUPUESTO OFICIAL (POP) | C15: =SUM(C13:C14) -> 5.7390613e+09 | D15: =SUM(D13:D14) -> 6.4478347e+09 | E15: =SUM(E13:E14) -> 394256360
A18: PRESUPUESTO OFICIAL (POP) CONSOLIDADO POR RUBRO PRESUPUESTAL
A19: PRESUPUESTO OFICIAL (POP) CONSOLIDADO POR RUBRO PRESUPUESTAL | B19: RUBRO PRESUPUESTAL | D19: VALOR TOTAL POR RUBRO PRESUPUESTAL (INCLUIDOS AU e IVA - PRESUPUESTO OFICIAL (POP) | F19: CDP XXXX
B20: RUBRO PRESUPUESTAL 2.1.5.02.08. - GASTOS DE FUNCIONAMIENTO - PARQUE | D20: =+D30+D39 -> 4913129669
B21: RUBRO PRESUPUESTAL 2.1.2.02.02.008- GASTOS DE FUNCIONAMIENTO - SEDE ADMINISTRATIVA | D21: =+D31+D40 -> 1275730630
B22: RUBRO PRESUPUESTAL 2.1.5.01.02. - GASTOS DE FUNCIONAMIENTO - PARQUE | D22: =+D32+D34 -> 0
B23: RUBRO PRESUPUESTAL 2.1.2.02.02.002. - GASTOS DE FUNCIONAMIENTO - SEDE ADMINISTRATIVA | D23: =+D33+D35 -> 0
B24: RUBRO PRESUPUESTAL 2.1.5.01.03. - GASTOS DE FUNCIONAMIENTO - PARQUE | D24: =+D36 -> 0
B25: RUBRO PRESUPUESTAL 2.1.2.02.02.003. - GASTOS DE FUNCIONAMINTO - SEDE | D25: =+D37+D38 -> 258974366
B26: VALOR TOTAL PRESUPUESTO OFICIAL (POP) | D26: =SUM(D20:D25) -> 6447834665 | F26: =SUM(F20:F25) -> 0
A28: RESUMEN CONSOLIDADO DEL PRESUPUESTO OFICIAL - POP (Máximo del Proyecto) - POR ALCANCE y POR RUBRO OFICIAL
A29: RESUMEN VALOR PRESUPUESTO OFICIAL (POP) INCLUIDO IVA POR ALCANCE y POR RUBRO PRESUPUESTAL | B29: DESCRIPCIÓN | D29: TOTAL PRESUPUESTO OFICIAL - POP - INCLUIDO IVA | E29: RUBRO PRESUPUESTAL
B30: RECURSO HUMANO - SEDE PARQUE METROPOLITANO DE LAS AGUAS (Los salarios son Fijos e inmodificables)* | D30: =ROUND(('POP DETALLADO 2026 '!I123+'POE DETALLADO 2027'!I122),0) -> 4791277065 | E30: 2.1.5.02.08
B31: RECURSO HUMANO - SEDE ADMINISTRATIVA (Los salarios son Fijos e inmodificables)* | D31: =ROUND(('POP DETALLADO 2026 '!I124+'POE DETALLADO 2027'!I123),0) -> 1003268230 | E31: 2.1.2.02.02.008
B32: DOTACION PERSONAL (Uniformes de labor) - SEDE PARQUE METROPOLITANO DE LAS AGUAS | D32: =ROUND(('POP DETALLADO 2026 '!I125+'POE DETALLADO 2027'!I124),0) -> 0 | E32: 2.1.5.01.02
B33: DOTACION PERSONAL (Uniformes de labor) - SEDE ADMINISTRATIVA | D33: =ROUND(('POP DETALLADO 2026 '!I126+'POE DETALLADO 2027'!I125),0) -> 0 | E33: 2.1.2.02.02.002
B34: SUMINISTROS E INSUMOS DE CAFETERIA - SEDE PARQUE METROPOLITANO DE LAS AGUAS | D34: =ROUND(('POP DETALLADO 2026 '!I127+'POE DETALLADO 2027'!I126),0) -> 0 | E34: 2.1.5.01.02
B35: SUMINISTROS E INSUMOS DE CAFETERIA - SEDE ADMINISTRATIVA | D35: =ROUND(('POP DETALLADO 2026 '!I128+'POE DETALLADO 2027'!I127),0) -> 0 | E35: 2.1.2.02.02.002
B36: SUMINISTROS E INSUMOS DE ASEO, SALUD OCUPACIONAL, ENFERMERIA Y JARDINERIA - SEDE PARQUE METROPOLITANO DE LAS AGUAS | D36: =ROUND(('POP DETALLADO 2026 '!I129+'POE DETALLADO 2027'!I128),0) -> 0 | E36: 2.1.5.01.03
B37: SUMINISTROS E INSUMOS DE ASEO- SEDE ADMINISTRATIVA | D37: =ROUND(('POP DETALLADO 2026 '!I130+'POE DETALLADO 2027'!I129),0) -> 0 | E37: 2.1.2.02.02.003
B38: OTROS REEMBOLSABLES REPARACIONES LOCATIVAS MENORES. - VALOR FIJO, INMODIFICABLE Y REEMBOLSABLE (DE REPUESTOS, INSUMOS, MATERIALES, ACCESORIOS, COMPONENTES, ELEMENTOS) - SEDE ADMINISTRATIVA | D38: =ROUND(('POP DETALLADO 2026 '!I131+'POE DETALLADO 2027'!I130),0) -> 258974366 | E38: 2.1.2.02.02.003
B39: SERVICIOS COMPLEMENTARIOS y OTROS COSTOS DE OPERACIÓN - SEDE PARQUE METROPOLITANO DE LAS AGUAS | D39: =ROUND(('POP DETALLADO 2026 '!I132+'POE DETALLADO 2027'!I131),0) -> 121852604 | E39: 2.1.5.02.08
B40: SERVICIOS COMPLEMENTARIOS y OTROS COSTOS DE OPERACIÓN - SEDE ADMINISTRATIVA | D40: =ROUND(('POP DETALLADO 2026 '!I133+'POE DETALLADO 2027'!I132),0) -> 272462400 | E40: 2.1.2.02.02.008
B41: VALOR TOTAL PRESUPUESTO OFICIAL (POP) | D41: =SUM(D30:D40) -> 6447834665
A42: (*) El Proponente debe tener en cuenta que la Entidad estableció los Salarios como un Valor Fijo en Inmodificable, de igual manera la Tarifa de ARL aplicada para cada Cargo es Inmodificable. Además las prestaciones de Ley y demas componentes de Norma son inmodificables; en caso de alteraciones, se deberan justificar con fundamentos legales sin afectar el desarrollo del proceso. Y entre los ítems del Componente de SUMINISTRO DE INSUMOS, DOTACION Y OTROS COSTOS DE OPERACIÓN, señaló el COSTO DIRECTO de algunos ítems se como un VALOR FIJO e INMODIFICABLE por el Proponente y estableció que todos los ítems de este Componente son REEMBOLSABLES , con la finalidad de que serán ejecutados en la proporción y durante los tiempos en que se presenten las necesidades que cada uno de ellos busca satisfacer. Por ello, durante la ejecución del contrato la Entidad cancelará dichos ítems única y exclusivamente sobre los montos que el contratista logre demostrar su ejecución en desarrollo del objeto contractual, presentando para ello el respectivo soporte del gasto realizado para adquirir el bien o prestar el servicio requerido,
A43: La Entidad para el cálculo de los Costos del Recurso Humano, dió aplicación a la ley 2101 de 2021 y en dicho sentido, considera una jornada máxima legal de 46 horas a la semana y 230 horas de jornada laboral máxima al mes.
A44: Los costos por Recargo Dominical o Festivo, se hicieron considerando el reconocimiento indicado por la norma del 75% y se proyectaron para una jornada laboral en dominical o festivo máxima de 8 horas, El reconocimiento sel pago se hace de acuerdo a la demanda del servicio y la ejecución real de dichas jornadas.
A45: El presente proceso presenta el valor del IVA, previendo que entre sus condiciones técnicas e ítems incluidos en el Presupuesto Oficial contiene ítems que en su ejecución incluyen actividades requeridas para la limpieza y conservación de la Entidad, así como actividades relacionadas con la preparación y distribución café y aromática para consumo al interior de las instalaciones de la Entidad, sin que se genere contraprestación alguna por parte del consumidor de los mismos, por lo tanto estas actividades están amparadas por la base gravable especial prevista en el artículo 462-1 del ET, según el cual la base gravable es el AU siempre y cuando sea igual o superior al 10% y si es inferior como es el caso del proceso, la base gravable especial será equivalente al 10% del Costo del Servicio,
A46: Las Subdirecciones delegadas para el presente proceso, determinaron que el VALOR TOTAL DEL PRESUPUESTO OFICIAL (POE) ANTES DE IVA es la base de la Subasta
A47: El Oferente al presentar su propuesta, debe tener en cuenta, que el VALOR que defina en el PRECIO TOTAL OFERTA antes de IVA (Base para la Subasta) en su Oferta Inicial de Precios, debe ser igual al que coloque en la Plataforma del SECOP y no puede ser superior al PRESUPUESTO OFICIAL (POE) antes de IVA
E108: DESCRIPCIÓN | J108: RUBRO PRESUPUESTAL
E109: RECURSO HUMANO - SEDE PARQUE METROPOLITANO DE LAS AGUAS (Los salarios son Fijos e inmodificables)*
E110: RECURSO HUMANO - SEDE ADMINISTRATIVA (Los salarios son Fijos e inmodificables)*
E111: DOTACION PERSONAL (Uniformes de labor) - SEDE PARQUE METROPOLITANO DE LAS AGUAS | J111: 2.1.5.01.02
E112: DOTACION PERSONAL (Uniformes de labor) - SEDE ADMINISTRATIVA | J112: 2.1.2.02.02.002
E113: SUMINISTROS E INSUMOS DE CAFETERIA - SEDE PARQUE METROPOLITANO DE LAS AGUAS | J113: 2.1.5.01.02
E114: SUMINISTROS E INSUMOS DE CAFETERIA - SEDE ADMINISTRATIVA | J114: 2.1.2.02.02.002
E115: SUMINISTROS E INSUMOS DE ASEO, SALUD OCUPACIONAL, ENFERMERIA Y JARDINERIA - SEDE PARQUE METROPOLITANO DE LAS AGUAS | J115: 2.1.5.01.03
E116: SUMINISTROS E INSUMOS DE ASEO, SALUD OCUPACIONAL- SEDE ADMINISTRATIVA | J116: 2.1.2.02.02.003
E117: SERVICIOS COMPLEMENTARIOS y OTROS COSTOS DE OPERACIÓN - SEDE PARQUE METROPOLITANO DE LAS AGUAS | I117: =+AC76 -> 0 | J117: 2.1.5.02.08
E118: SERVICIOS COMPLEMENTARIOS y OTROS COSTOS DE OPERACIÓN - SEDE ADMINISTRATIVA | J118: 2.1.2.02.02.008

Sheet POP DETALLADO 2026 
B1: FORMULARIO N° 6 SELECCIÓN ABREVIADA MEDIANTE SUBASTA INVERSA ELECTRÓNICA – SIE de 2025 "RELACIÓN DE PRECIOS UNITARIOS OFERTA GANADORA" “SERVICIOS GENERALES INTEGRALES PARA LA ADECUADA CONSERVACIÓN Y ATENCIÓN DE LOS SERVIDORES, USUARIOS Y DEMÁS VISITANTES DEL AMVA Y SUS DEMÁS SEDES”. OFERTA ECONÓMICA DETALLADS (44 HORAS SEMANA) - INCLUYE % AU OFICIAL (POE) e IVA OFERTA ECONÓMICA - PROPONENTE ADJUDICATARIO
B2: SELECCIÓN ABREVIADA MEDIANTE SUBASTA INVERSA ELECTRÓNICA – SIEXXXX de 2026
B3: RELACIÓN DE PRECIOS UNITARIOS OFERTA GANADORA | AH3: Incremento 2027
B4: “SERVICIOS GENERALES INTEGRALES PARA LA ADECUADA CONSERVACIÓN Y ATENCIÓN DE LOS SERVIDORES, USUARIOS Y DEMÁS VISITANTES DEL AMVA Y SUS DEMÁS SEDES”.
B6: OFERTA ECONÓMICA DETALLADS (42 HORAS SEMANA) - INCLUYE % AU OFICIAL (POE) e IVA
B7: OFERTA ECONÓMICA - PROPONENTE ADJUDICATARIO
B9: 1 | C9: COMPONENTE 1 - COSTOS - RECURSO HUMANO
B10: 1.1 | C10: COSTOS RECURSO HUMANO - SEDE PARQUE METROPOLITANO DE LAS AGUAS | G10: 9 | H10: 4 | W10: Oferta Proponente
B11: ITEM | C11: PERSONAL POR OFICIO | D11: CANTIDAD CONTRATADO DE PERSONAL | E11: TOTAL COSTO UNITARIO REMUNERACIÓN MENSUAL (FIJA E INMODIFICABLE) * | F11: COSTO TOTAL REMUNERACIÓN MES | G11: RECARGO DOMINICAL MES | H11: RECARGO FESTIVO MES | I11: AUXILIO DE TRANSPORTE | J11: SALARIO TOTAL MES PROYECTADO (A) | K11: VACACIONES (B) | L11: PRIMA LEGAL (C ) | M11: CESANTÍAS (D ) | N11: INTERESES A LAS CESANTÍAS (E ) | O11: SALUD (F) | P11: PENSIÓN (G) | Q11: % Riesgos Profesionales (%FIJO E INMODIFICABLE) * | R11: RIESGOS PROFESIONALES (H) | S11: SENA (I) | T11: ICBF (J) | U11: CAJA DE COMPENSACIÓN FAMILIAR (K) | V11: TOTAL ACUMULADO SALARIO MES (L) = (SUMATORIA DESDE A HASTA K) | W11: AU (M) = (%AU * N) | X11: base para excentos | Y11: calculo base iva pleno | Z11: calculo base excenta | AA11: SUBTOTAL ANTES DE IVA (N) = M+N | AB11: IVA (O) * Ver Notas IVA N° 1, 2 | AC11: VALOR TOTAL MES INCLUIDO IVA ( P) =N + O | AD11: RUBRO PRESUPUESTAL
G12: 0.9 | H12: 1.9 | I12: =249095 -> 249095 | K12: 0.04167 | L12: 0.08333 | M12: 0.08333 | N12: 0.01 | O12: 0 | P12: 0.12 | S12: 0 | T12: 0 | U12: 0.04 | W12: 0.08 | AB12: 0.19
A13: 1 | B13: 1.1.1 | C13: Coordinador General | D13: 1 | E13: 5238163 | F13: =E13*D13 -> 5238163 | G13: =IFERROR(ROUND(($F13/(42*30/6)*7)*$G$12*$G$10/$D$44,0),"") -> 707152 | H13: =IFERROR(ROUND(($F13/(42*30/6)*7)*$H$12*$H$10/$D$44,0),"") -> 663501 | I13: =IF(E13>(1750905*2),0,$I$12*D13) -> 0 | J13: =IFERROR(SUM(F13:I13),"") -> 6608816 | K13: =IFERROR(ROUND((J13-I13)*$K$12,0),"") -> 275389 | L13: =IFERROR(ROUND((J13)*$L$12,0),"") -> 550713 | M13: =IFERROR(ROUND((J13)*$M$12,0),"") -> 550713 | N13: =IFERROR(ROUND((J13)*$N$12,0),"") -> 66088 | O13: =IFERROR(ROUND((J13-I13)*$O$12,0),"") -> 0 | P13: =IFERROR(ROUND((J13-I13)*$P$12,0),"") -> 793058 | Q13: 0.00522 | R13: =ROUND((J13-I13)*Q13,0) -> 34498 | S13: =IFERROR(ROUND((J13-I13)*$S$12,0),"") -> 0 | T13: =IFERROR(ROUND((J13-I13)*$T$12,0),"") -> 0 | U13: =ROUND((J13-I13)*$U$12,0) -> 264353 | V13: =IFERROR(+J13+K13+L13+M13+N13+O13+P13+R13+S13+T13+U13,"") -> 9143628 | W13: =IFERROR(ROUND(V13*$W$12,0),"") -> 731490 | Y13: =IFERROR(V13+W13,"") -> 9875118 | Z13: =IFERROR(Y13-(V13+W13),"") -> 0 | AA13: =IFERROR(V13+W13,"") -> 9875118 | AB13: =IFERROR(ROUND(AA13*$AB$12,0),"") -> 1876272 | AC13: =IFERROR(+AA13+AB13,"") -> 11751390 | AD13: 2.1.5.02.08
A14: 2 | B14: 1.1.2 | C14: Asistente | D14: 1 | E14: 4200122 | F14: =E14*D14 -> 4200122 | G14: =IFERROR(ROUND(($F14/(42*30/6)*7)*$G$12*$G$10/$D$44,0),"") -> 567016 | H14: =IFERROR(ROUND(($F14/(42*30/6)*7)*$H$12*$H$10/$D$44,0),"") -> 532015 | I14: =IF(E14>(1750905*2),0,$I$12*D14) -> 0 | J14: =IFERROR(SUM(F14:I14),"") -> 5299153 | K14: =IFERROR(ROUND((J14-I14)*$K$12,0),"") -> 220816 | L14: =IFERROR(ROUND((J14)*$L$12,0),"") -> 441578 | M14: =IFERROR(ROUND((J14)*$M$12,0),"") -> 441578 | N14: =IFERROR(ROUND((J14)*$N$12,0),"") -> 52992 | O14: =IFERROR(ROUND((J14-I14)*$O$12,0),"") -> 0 | P14: =IFERROR(ROUND((J14-I14)*$P$12,0),"") -> 635898 | Q14: 0.00522 | R14: =ROUND((J14-I14)*Q14,0) -> 27662 | S14: =IFERROR(ROUND((J14-I14)*$S$12,0),"") -> 0 | T14: =IFERROR(ROUND((J14-I14)*$T$12,0),"") -> 0 | U14: =ROUND((J14-I14)*$U$12,0) -> 211966 | V14: =IFERROR(+J14+K14+L14+M14+N14+O14+P14+R14+S14+T14+U14,"") -> 7331643 | W14: =IFERROR(ROUND(V14*$W$12,0),"") -> 586531 | Y14: =IFERROR(V14+W14,"") -> 7918174 | Z14: =IFERROR(Y14-(V14+W14),"") -> 0 | AA14: =IFERROR(V14+W14,"") -> 7918174 | AB14: =IFERROR(ROUND(AA14*$AB$12,0),"") -> 1504453 | AC14: =IFERROR(+AA14+AB14,"") -> 9422627 | AD14: 2.1.5.02.08
A15: 3 | B15: 1.1.3 | C15: Coordinador de mantenimiento locativo | D15: 1 | E15: 4200122 | F15: =E15*D15 -> 4200122 | G15: =IFERROR(ROUND(($F15/(42*30/6)*7)*$G$12*$G$10/$D$44,0),"") -> 567016 | H15: =IFERROR(ROUND(($F15/(42*30/6)*7)*$H$12*$H$10/$D$44,0),"") -> 532015 | I15: =IF(E15>(1750905*2),0,$I$12*D15) -> 0 | J15: =IFERROR(SUM(F15:I15),"") -> 5299153 | K15: =IFERROR(ROUND((J15-I15)*$K$12,0),"") -> 220816 | L15: =IFERROR(ROUND((J15)*$L$12,0),"") -> 441578 | M15: =IFERROR(ROUND((J15)*$M$12,0),"") -> 441578 | N15: =IFERROR(ROUND((J15)*$N$12,0),"") -> 52992 | O15: =IFERROR(ROUND((J15-I15)*$O$12,0),"") -> 0 | P15: =IFERROR(ROUND((J15-I15)*$P$12,0),"") -> 635898 | Q15: 0.00522 | R15: =ROUND((J15-I15)*Q15,0) -> 27662 | S15: =IFERROR(ROUND((J15-I15)*$S$12,0),"") -> 0 | T15: =IFERROR(ROUND((J15-I15)*$T$12,0),"") -> 0 | U15: =ROUND((J15-I15)*$U$12,0) -> 211966 | V15: =IFERROR(+J15+K15+L15+M15+N15+O15+P15+R15+S15+T15+U15,"") -> 7331643 | W15: =IFERROR(ROUND(V15*$W$12,0),"") -> 586531 | Y15: =IFERROR(V15+W15,"") -> 7918174 | Z15: =IFERROR(Y15-(V15+W15),"") -> 0 | AA15: =IFERROR(V15+W15,"") -> 7918174 | AB15: =IFERROR(ROUND(AA15*$AB$12,0),"") -> 1504453 | AC15: =IFERROR(+AA15+AB15,"") -> 9422627 | AD15: 2.1.5.02.08
A16: 4 | B16: 1.1.4 | C16: Tecnico o Tecnologo en Atencion Prehospitalaria | D16: 2 | E16: 3453397 | F16: =E16*D16 -> 6906794 | G16: =IFERROR(ROUND(($F16/(42*30/6)*7)*$G$12*$G$10/$D$44,0),"") -> 932417 | H16: =IFERROR(ROUND(($F16/(42*30/6)*7)*$H$12*$H$10/$D$44,0),"") -> 874861 | I16: =IF(E16>(1750905*2),0,$I$12*D16) -> 498190 | J16: =IFERROR(SUM(F16:I16),"") -> 9212262 | K16: =IFERROR(ROUND((J16-I16)*$K$12,0),"") -> 363115 | L16: =IFERROR(ROUND((J16)*$L$12,0),"") -> 767658 | M16: =IFERROR(ROUND((J16)*$M$12,0),"") -> 767658 | N16: =IFERROR(ROUND((J16)*$N$12,0),"") -> 92123 | O16: =IFERROR(ROUND((J16-I16)*$O$12,0),"") -> 0 | P16: =IFERROR(ROUND((J16-I16)*$P$12,0),"") -> 1045689 | Q16: 0.02436 | R16: =ROUND((J16-I16)*Q16,0) -> 212275 | S16: =IFERROR(ROUND((J16-I16)*$S$12,0),"") -> 0 | T16: =IFERROR(ROUND((J16-I16)*$T$12,0),"") -> 0 | U16: =ROUND((J16-I16)*$U$12,0) -> 348563 | V16: =IFERROR(+J16+K16+L16+M16+N16+O16+P16+R16+S16+T16+U16,"") -> 12809343 | W16: =IFERROR(ROUND(V16*$W$12,0),"") -> 1024747 | Y16: =IFERROR(V16+W16,"") -> 13834090 | Z16: =IFERROR(Y16-(V16+W16),"") -> 0 | AA16: =IFERROR(V16+W16,"") -> 13834090 | AB16: =IFERROR(ROUND(AA16*$AB$12,0),"") -> 2628477 | AC16: =IFERROR(+AA16+AB16,"") -> 16462567 | AD16: 2.1.5.02.08
A17: 5 | B17: 1.1.5 | C17: Coordinador de Almacen | D17: 1 | E17: 4200122 | F17: =E17*D17 -> 4200122 | G17: =IFERROR(ROUND(($F17/(42*30/6)*7)*$G$12*$G$10/$D$44,0),"") -> 567016 | H17: =IFERROR(ROUND(($F17/(42*30/6)*7)*$H$12*$H$10/$D$44,0),"") -> 532015 | I17: =IF(E17>(1750905*2),0,$I$12*D17) -> 0 | J17: =IFERROR(SUM(F17:I17),"") -> 5299153 | K17: =IFERROR(ROUND((J17-I17)*$K$12,0),"") -> 220816 | L17: =IFERROR(ROUND((J17)*$L$12,0),"") -> 441578 | M17: =IFERROR(ROUND((J17)*$M$12,0),"") -> 441578 | N17: =IFERROR(ROUND((J17)*$N$12,0),"") -> 52992 | O17: =IFERROR(ROUND((J17-I17)*$O$12,0),"") -> 0 | P17: =IFERROR(ROUND((J17-I17)*$P$12,0),"") -> 635898 | Q17: 0.00522 | R17: =ROUND((J17-I17)*Q17,0) -> 27662 | S17: =IFERROR(ROUND((J17-I17)*$S$12,0),"") -> 0 | T17: =IFERROR(ROUND((J17-I17)*$T$12,0),"") -> 0 | U17: =ROUND((J17-I17)*$U$12,0) -> 211966 | V17: =IFERROR(+J17+K17+L17+M17+N17+O17+P17+R17+S17+T17+U17,"") -> 7331643 | W17: =IFERROR(ROUND(V17*$W$12,0),"") -> 586531 | Y17: =IFERROR(V17+W17,"") -> 7918174 | Z17: =IFERROR(Y17-(V17+W17),"") -> 0 | AA17: =IFERROR(V17+W17,"") -> 7918174 | AB17: =IFERROR(ROUND(AA17*$AB$12,0),"") -> 1504453 | AC17: =IFERROR(+AA17+AB17,"") -> 9422627 | AD17: 2.1.5.02.08
A18: 6 | B18: 1.1.6 | C18: Auxiliar de Almacen | D18: 1 | E18: 2286853 | F18: =E18*D18 -> 2286853 | G18: =IFERROR(ROUND(($F18/(42*30/6)*7)*$G$12*$G$10/$D$44,0),"") -> 308725 | H18: =IFERROR(ROUND(($F18/(42*30/6)*7)*$H$12*$H$10/$D$44,0),"") -> 289668 | I18: =IF(E18>(1750905*2),0,$I$12*D18) -> 249095 | J18: =IFERROR(SUM(F18:I18),"") -> 3134341 | K18: =IFERROR(ROUND((J18-I18)*$K$12,0),"") -> 120228 | L18: =IFERROR(ROUND((J18)*$L$12,0),"") -> 261185 | M18: =IFERROR(ROUND((J18)*$M$12,0),"") -> 261185 | N18: =IFERROR(ROUND((J18)*$N$12,0),"") -> 31343 | O18: =IFERROR(ROUND((J18-I18)*$O$12,0),"") -> 0 | P18: =IFERROR(ROUND((J18-I18)*$P$12,0),"") -> 346230 | Q18: 0.00522 | R18: =ROUND((J18-I18)*Q18,0) -> 15061 | S18: =IFERROR(ROUND((J18-I18)*$S$12,0),"") -> 0 | T18: =IFERROR(ROUND((J18-I18)*$T$12,0),"") -> 0 | U18: =ROUND((J18-I18)*$U$12,0) -> 115410 | V18: =IFERROR(+J18+K18+L18+M18+N18+O18+P18+R18+S18+T18+U18,"") -> 4284983 | W18: =IFERROR(ROUND(V18*$W$12,0),"") -> 342799 | Y18: =IFERROR(V18+W18,"") -> 4627782 | Z18: =IFERROR(Y18-(V18+W18),"") -> 0 | AA18: =IFERROR(V18+W18,"") -> 4627782 | AB18: =IFERROR(ROUND(AA18*$AB$12,0),"") -> 879279 | AC18: =IFERROR(+AA18+AB18,"") -> 5507061 | AD18: 2.1.5.02.08
A19: 7 | B19: 1.1.7 | C19: Tecnologo en Salud Ocupacional | D19: 1 | E19: 3453397 | F19: =E19*D19 -> 3453397 | G19: =IFERROR(ROUND(($F19/(42*30/6)*7)*$G$12*$G$10/$D$44,0),"") -> 466209 | H19: =IFERROR(ROUND(($F19/(42*30/6)*7)*$H$12*$H$10/$D$44,0),"") -> 437430 | I19: =IF(E19>(1750905*2),0,$I$12*D19) -> 249095 | J19: =IFERROR(SUM(F19:I19),"") -> 4606131 | K19: =IFERROR(ROUND((J19-I19)*$K$12,0),"") -> 181558 | L19: =IFERROR(ROUND((J19)*$L$12,0),"") -> 383829 | M19: =IFERROR(ROUND((J19)*$M$12,0),"") -> 383829 | N19: =IFERROR(ROUND((J19)*$N$12,0),"") -> 46061 | O19: =IFERROR(ROUND((J19-I19)*$O$12,0),"") -> 0 | P19: =IFERROR(ROUND((J19-I19)*$P$12,0),"") -> 522844 | Q19: 0.02436 | R19: =ROUND((J19-I19)*Q19,0) -> 106137 | S19: =IFERROR(ROUND((J19-I19)*$S$12,0),"") -> 0 | T19: =IFERROR(ROUND((J19-I19)*$T$12,0),"") -> 0 | U19: =ROUND((J19-I19)*$U$12,0) -> 174281 | V19: =IFERROR(+J19+K19+L19+M19+N19+O19+P19+R19+S19+T19+U19,"") -> 6404670 | W19: =IFERROR(ROUND(V19*$W$12,0),"") -> 512374 | Y19: =IFERROR(V19+W19,"") -> 6917044 | Z19: =IFERROR(Y19-(V19+W19),"") -> 0 | AA19: =IFERROR(V19+W19,"") -> 6917044 | AB19: =IFERROR(ROUND(AA19*$AB$12,0),"") -> 1314238 | AC19: =IFERROR(+AA19+AB19,"") -> 8231282 | AD19: 2.1.5.02.08
A20: 8 | B20: 1.1.8 | C20: Coordinador ambiental | D20: 1 | E20: 4200122 | F20: =E20*D20 -> 4200122 | G20: =IFERROR(ROUND(($F20/(42*30/6)*7)*$G$12*$G$10/$D$44,0),"") -> 567016 | H20: =IFERROR(ROUND(($F20/(42*30/6)*7)*$H$12*$H$10/$D$44,0),"") -> 532015 | I20: =IF(E20>(1750905*2),0,$I$12*D20) -> 0 | J20: =IFERROR(SUM(F20:I20),"") -> 5299153 | K20: =IFERROR(ROUND((J20-I20)*$K$12,0),"") -> 220816 | L20: =IFERROR(ROUND((J20)*$L$12,0),"") -> 441578 | M20: =IFERROR(ROUND((J20)*$M$12,0),"") -> 441578 | N20: =IFERROR(ROUND((J20)*$N$12,0),"") -> 52992 | O20: =IFERROR(ROUND((J20-I20)*$O$12,0),"") -> 0 | P20: =IFERROR(ROUND((J20-I20)*$P$12,0),"") -> 635898 | Q20: 0.02436 | R20: =ROUND((J20-I20)*Q20,0) -> 129087 | S20: =IFERROR(ROUND((J20-I20)*$S$12,0),"") -> 0 | T20: =IFERROR(ROUND((J20-I20)*$T$12,0),"") -> 0 | U20: =ROUND((J20-I20)*$U$12,0) -> 211966 | V20: =IFERROR(+J20+K20+L20+M20+N20+O20+P20+R20+S20+T20+U20,"") -> 7433068 | W20: =IFERROR(ROUND(V20*$W$12,0),"") -> 594645 | Y20: =IFERROR(V20+W20,"") -> 8027713 | Z20: =IFERROR(Y20-(V20+W20),"") -> 0 | AA20: =IFERROR(V20+W20,"") -> 8027713 | AB20: =IFERROR(ROUND(AA20*$AB$12,0),"") -> 1525265 | AC20: =IFERROR(+AA20+AB20,"") -> 9552978 | AD20: 2.1.5.02.08
A21: 9 | B21: 1.1.9 | C21: Taquillero | D21: 4 | E21: 2286853 | F21: =E21*D21 -> 9147412 | G21: =IFERROR(ROUND(($F21/(42*30/6)*7)*$G$12*$G$10/$D$44,0),"") -> 1234901 | H21: =IFERROR(ROUND(($F21/(42*30/6)*7)*$H$12*$H$10/$D$44,0),"") -> 1158672 | I21: =IF(E21>(1750905*2),0,$I$12*D21) -> 996380 | J21: =IFERROR(SUM(F21:I21),"") -> 12537365 | K21: =IFERROR(ROUND((J21-I21)*$K$12,0),"") -> 480913 | L21: =IFERROR(ROUND((J21)*$L$12,0),"") -> 1044739 | M21: =IFERROR(ROUND((J21)*$M$12,0),"") -> 1044739 | N21: =IFERROR(ROUND((J21)*$N$12,0),"") -> 125374 | O21: =IFERROR(ROUND((J21-I21)*$O$12,0),"") -> 0 | P21: =IFERROR(ROUND((J21-I21)*$P$12,0),"") -> 1384918 | Q21: 0.00522 | R21: =ROUND((J21-I21)*Q21,0) -> 60244 | S21: =IFERROR(ROUND((J21-I21)*$S$12,0),"") -> 0 | T21: =IFERROR(ROUND((J21-I21)*$T$12,0),"") -> 0 | U21: =ROUND((J21-I21)*$U$12,0) -> 461639 | V21: =IFERROR(+J21+K21+L21+M21+N21+O21+P21+R21+S21+T21+U21,"") -> 17139931 | W21: =IFERROR(ROUND(V21*$W$12,0),"") -> 1371194 | Y21: =IFERROR(V21+W21,"") -> 18511125 | Z21: =IFERROR(Y21-(V21+W21),"") -> 0 | AA21: =IFERROR(V21+W21,"") -> 18511125 | AB21: =IFERROR(ROUND(AA21*$AB$12,0),"") -> 3517114 | AC21: =IFERROR(+AA21+AB21,"") -> 22028239 | AD21: 2.1.5.02.08
A22: 10 | B22: 1.1.10 | C22: Auxiliar operativo y de información | D22: 1 | E22: 2286853 | F22: =E22*D22 -> 2286853 | G22: =IFERROR(ROUND(($F22/(42*30/6)*7)*$G$12*$G$10/$D$44,0),"") -> 308725 | H22: =IFERROR(ROUND(($F22/(42*30/6)*7)*$H$12*$H$10/$D$44,0),"") -> 289668 | I22: =IF(E22>(1750905*2),0,$I$12*D22) -> 249095 | J22: =IFERROR(SUM(F22:I22),"") -> 3134341 | K22: =IFERROR(ROUND((J22-I22)*$K$12,0),"") -> 120228 | L22: =IFERROR(ROUND((J22)*$L$12,0),"") -> 261185 | M22: =IFERROR(ROUND((J22)*$M$12,0),"") -> 261185 | N22: =IFERROR(ROUND((J22)*$N$12,0),"") -> 31343 | O22: =IFERROR(ROUND((J22-I22)*$O$12,0),"") -> 0 | P22: =IFERROR(ROUND((J22-I22)*$P$12,0),"") -> 346230 | Q22: 0.00522 | R22: =ROUND((J22-I22)*Q22,0) -> 15061 | S22: =IFERROR(ROUND((J22-I22)*$S$12,0),"") -> 0 | T22: =IFERROR(ROUND((J22-I22)*$T$12,0),"") -> 0 | U22: =ROUND((J22-I22)*$U$12,0) -> 115410 | V22: =IFERROR(+J22+K22+L22+M22+N22+O22+P22+R22+S22+T22+U22,"") -> 4284983 | W22: =IFERROR(ROUND(V22*$W$12,0),"") -> 342799 | Y22: =IFERROR(V22+W22,"") -> 4627782 | Z22: =IFERROR(Y22-(V22+W22),"") -> 0 | AA22: =IFERROR(V22+W22,"") -> 4627782 | AB22: =IFERROR(ROUND(AA22*$AB$12,0),"") -> 879279 | AC22: =IFERROR(+AA22+AB22,"") -> 5507061 | AD22: 2.1.5.02.08
A23: 11 | B23: 1.1.11 | C23: Auxiliar de Guarda Ropa | D23: 2 | E23: 2219582 | F23: =E23*D23 -> 4439164 | G23: =IFERROR(ROUND(($F23/(42*30/6)*7)*$G$12*$G$10/$D$44,0),"") -> 599287 | H23: =IFERROR(ROUND(($F23/(42*30/6)*7)*$H$12*$H$10/$D$44,0),"") -> 562294 | I23: =IF(E23>(1750905*2),0,$I$12*D23) -> 498190 | J23: =IFERROR(SUM(F23:I23),"") -> 6098935 | K23: =IFERROR(ROUND((J23-I23)*$K$12,0),"") -> 233383 | L23: =IFERROR(ROUND((J23)*$L$12,0),"") -> 508224 | M23: =IFERROR(ROUND((J23)*$M$12,0),"") -> 508224 | N23: =IFERROR(ROUND((J23)*$N$12,0),"") -> 60989 | O23: =IFERROR(ROUND((J23-I23)*$O$12,0),"") -> 0 | P23: =IFERROR(ROUND((J23-I23)*$P$12,0),"") -> 672089 | Q23: 0.00522 | R23: =ROUND((J23-I23)*Q23,0) -> 29236 | S23: =IFERROR(ROUND((J23-I23)*$S$12,0),"") -> 0 | T23: =IFERROR(ROUND((J23-I23)*$T$12,0),"") -> 0 | U23: =ROUND((J23-I23)*$U$12,0) -> 224030 | V23: =IFERROR(+J23+K23+L23+M23+N23+O23+P23+R23+S23+T23+U23,"") -> 8335110 | W23: =IFERROR(ROUND(V23*$W$12,0),"") -> 666809 | Y23: =IFERROR(V23+W23,"") -> 9001919 | Z23: =IFERROR(Y23-(V23+W23),"") -> 0 | AA23: =IFERROR(V23+W23,"") -> 9001919 | AB23: =IFERROR(ROUND(AA23*$AB$12,0),"") -> 1710365 | AC23: =IFERROR(+AA23+AB23,"") -> 10712284 | AD23: 2.1.5.02.08
A24: 12 | B24: 1.1.12 | C24: Tecnicos para adecuaciones y conservación en general | D24: 6 | E24: 3062112 | F24: =E24*D24 -> 18372672 | G24: =IFERROR(ROUND(($F24/(42*30/6)*7)*$G$12*$G$10/$D$44,0),"") -> 2480311 | H24: =IFERROR(ROUND(($F24/(42*30/6)*7)*$H$12*$H$10/$D$44,0),"") -> 2327205 | I24: =IF(E24>(1750905*2),0,$I$12*D24) -> 1494570 | J24: =IFERROR(SUM(F24:I24),"") -> 24674758 | K24: =IFERROR(ROUND((J24-I24)*$K$12,0),"") -> 965918 | L24: =IFERROR(ROUND((J24)*$L$12,0),"") -> 2056148 | M24: =IFERROR(ROUND((J24)*$M$12,0),"") -> 2056148 | N24: =IFERROR(ROUND((J24)*$N$12,0),"") -> 246748 | O24: =IFERROR(ROUND((J24-I24)*$O$12,0),"") -> 0 | P24: =IFERROR(ROUND((J24-I24)*$P$12,0),"") -> 2781623 | Q24: 0.0696 | R24: =ROUND((J24-I24)*Q24,0) -> 1613341 | S24: =IFERROR(ROUND((J24-I24)*$S$12,0),"") -> 0 | T24: =IFERROR(ROUND((J24-I24)*$T$12,0),"") -> 0 | U24: =ROUND((J24-I24)*$U$12,0) -> 927208 | V24: =IFERROR(+J24+K24+L24+M24+N24+O24+P24+R24+S24+T24+U24,"") -> 35321892 | W24: =IFERROR(ROUND(V24*$W$12,0),"") -> 2825751 | Y24: =IFERROR(V24+W24,"") -> 38147643 | Z24: =IFERROR(Y24-(V24+W24),"") -> 0 | AA24: =IFERROR(V24+W24,"") -> 38147643 | AB24: =IFERROR(ROUND(AA24*$AB$12,0),"") -> 7248052 | AC24: =IFERROR(+AA24+AB24,"") -> 45395695 | AD24: 2.1.5.02.08
... A26: 14 | B26: 1.1.14 | C26: Auxiliar Operativo o afines | D26: 4 | E26: 2219582 | F26: =E26*D26 -> 8878328 | G26: =IFERROR(ROUND(($F26/(42*30/6)*7)*$G$12*$G$10/$D$44,0),"") -> 1198574 | H26: =IFERROR(ROUND(($F26/(42*30/6)*7)*$H$12*$H$10/$D$44,0),"") -> 1124588 | I26: =IF(E26>(1750905*2),0,$I$12*D26) -> 996380 | J26: =IFERROR(SUM(F26:I26),"") -> 12197870 | K26: =IFERROR(ROUND((J26-I26)*$K$12,0),"") -> 466766 | L26: =IFERROR(ROUND((J26)*$L$12,0),"") -> 1016449 | M26: =IFERROR(ROUND((J26)*$M$12,0),"") -> 1016449 | N26: =IFERROR(ROUND((J26)*$N$12,0),"") -> 121979 | O26: =IFERROR(ROUND((J26-I26)*$O$12,0),"") -> 0 | P26: =IFERROR(ROUND((J26-I26)*$P$12,0),"") -> 1344179 | Q26: 0.0696 | R26: =ROUND((J26-I26)*Q26,0) -> 779624 | S26: =IFERROR(ROUND((J26-I26)*$S$12,0),"") -> 0 | T26: =IFERROR(ROUND((J26-I26)*$T$12,0),"") -> 0 | U26: =ROUND((J26-I26)*$U$12,0) -> 448060 | V26: =IFERROR(+J26+K26+L26+M26+N26+O26+P26+R26+S26+T26+U26,"") -> 17391376 | W26: =IFERROR(ROUND(V26*$W$12,0),"") -> 1391310 | Y26: =IFERROR(V26+W26,"") -> 18782686 | Z26: =IFERROR(Y26-(V26+W26),"") -> 0 | AA26: =IFERROR(V26+W26,"") -> 18782686 | AB26: =IFERROR(ROUND(AA26*$AB$12,0),"") -> 3568710 | AC26: =IFERROR(+AA26+AB26,"") -> 22351396 | AD26: 2.1.5.02.08
A27: 15 | B27: 1.1.15 | C27: Técnico Planta de Tratamiento de Aguas Residuales | D27: 1 | E27: 3062112 | F27: =E27*D27 -> 3062112 | G27: =IFERROR(ROUND(($F27/(42*30/6)*7)*$G$12*$G$10/$D$44,0),"") -> 413385 | H27: =IFERROR(ROUND(($F27/(42*30/6)*7)*$H$12*$H$10/$D$44,0),"") -> 387868 | I27: =IF(E27>(1750905*2),0,$I$12*D27) -> 249095 | J27: =IFERROR(SUM(F27:I27),"") -> 4112460 | K27: =IFERROR(ROUND((J27-I27)*$K$12,0),"") -> 160986 | L27: =IFERROR(ROUND((J27)*$L$12,0),"") -> 342691 | M27: =IFERROR(ROUND((J27)*$M$12,0),"") -> 342691 | N27: =IFERROR(ROUND((J27)*$N$12,0),"") -> 41125 | O27: =IFERROR(ROUND((J27-I27)*$O$12,0),"") -> 0 | P27: =IFERROR(ROUND((J27-I27)*$P$12,0),"") -> 463604 | Q27: 0.0435 | R27: =ROUND((J27-I27)*Q27,0) -> 168056 | S27: =IFERROR(ROUND((J27-I27)*$S$12,0),"") -> 0 | T27: =IFERROR(ROUND((J27-I27)*$T$12,0),"") -> 0 | U27: =ROUND((J27-I27)*$U$12,0) -> 154535 | V27: =IFERROR(+J27+K27+L27+M27+N27+O27+P27+R27+S27+T27+U27,"") -> 5786148 | W27: =IFERROR(ROUND(V27*$W$12,0),"") -> 462892 | X27: =IFERROR(ROUND(V27*10%,0),"") -> 578615 | Z27: =IFERROR(V27-X27+W27,"") -> 5670425 | AA27: =IFERROR(V27+W27,"") -> 6249040 | AB27: =IFERROR(ROUND(X27*$AB$12,0),"") -> 109937 | AC27: =IFERROR(+AA27+AB27,"") -> 6358977 | AD27: 2.1.5.02.08
A28: 16 | B28: 1.1.16 | C28: Manejo de agua de piscinas uso Recreativo M1 | D28: 1 | E28: 3062112 | F28: =E28*D28 -> 3062112 | G28: =IFERROR(ROUND(($F28/(42*30/6)*7)*$G$12*$G$10/$D$44,0),"") -> 413385 | H28: =IFERROR(ROUND(($F28/(42*30/6)*7)*$H$12*$H$10/$D$44,0),"") -> 387868 | I28: =IF(E28>(1750905*2),0,$I$12*D28) -> 249095 | J28: =IFERROR(SUM(F28:I28),"") -> 4112460 | K28: =IFERROR(ROUND((J28-I28)*$K$12,0),"") -> 160986 | L28: =IFERROR(ROUND((J28)*$L$12,0),"") -> 342691 | M28: =IFERROR(ROUND((J28)*$M$12,0),"") -> 342691 | N28: =IFERROR(ROUND((J28)*$N$12,0),"") -> 41125 | O28: =IFERROR(ROUND((J28-I28)*$O$12,0),"") -> 0 | P28: =IFERROR(ROUND((J28-I28)*$P$12,0),"") -> 463604 | Q28: 0.0435 | R28: =ROUND((J28-I28)*Q28,0) -> 168056 | S28: =IFERROR(ROUND((J28-I28)*$S$12,0),"") -> 0 | T28: =IFERROR(ROUND((J28-I28)*$T$12,0),"") -> 0 | U28: =ROUND((J28-I28)*$U$12,0) -> 154535 | V28: =IFERROR(+J28+K28+L28+M28+N28+O28+P28+R28+S28+T28+U28,"") -> 5786148 | W28: =IFERROR(ROUND(V28*$W$12,0),"") -> 462892 | X28: =IFERROR(ROUND(V28*10%,0),"") -> 578615 | Z28: =IFERROR(V28-X28+W28,"") -> 5670425 | AA28: =IFERROR(V28+W28,"") -> 6249040 | AB28: =IFERROR(ROUND(X28*$AB$12,0),"") -> 109937 | AC28: =IFERROR(+AA28+AB28,"") -> 6358977 | AD28: 2.1.5.02.08
A29: 17 | B29: 1.1.17 | C29: Piscineros | D29: 6 | E29: 2573073 | F29: =E29*D29 -> 15438438 | G29: =IFERROR(ROUND(($F29/(42*30/6)*7)*$G$12*$G$10/$D$44,0),"") -> 2084189 | H29: =IFERROR(ROUND(($F29/(42*30/6)*7)*$H$12*$H$10/$D$44,0),"") -> 1955535 | I29: =IF(E29>(1750905*2),0,$I$12*D29) -> 1494570 | J29: =IFERROR(SUM(F29:I29),"") -> 20972732 | K29: =IFERROR(ROUND((J29-I29)*$K$12,0),"") -> 811655 | L29: =IFERROR(ROUND((J29)*$L$12,0),"") -> 1747658 | M29: =IFERROR(ROUND((J29)*$M$12,0),"") -> 1747658 | N29: =IFERROR(ROUND((J29)*$N$12,0),"") -> 209727 | O29: =IFERROR(ROUND((J29-I29)*$O$12,0),"") -> 0 | P29: =IFERROR(ROUND((J29-I29)*$P$12,0),"") -> 2337379 | Q29: 0.0435 | R29: =ROUND((J29-I29)*Q29,0) -> 847300 | S29: =IFERROR(ROUND((J29-I29)*$S$12,0),"") -> 0 | T29: =IFERROR(ROUND((J29-I29)*$T$12,0),"") -> 0 | U29: =ROUND((J29-I29)*$U$12,0) -> 779126 | V29: =IFERROR(+J29+K29+L29+M29+N29+O29+P29+R29+S29+T29+U29,"") -> 29453235 | W29: =IFERROR(ROUND(V29*$W$12,0),"") -> 2356259 | X29: =IFERROR(ROUND(V29*10%,0),"") -> 2945324 | Z29: =IFERROR(V29-X29+W29,"") -> 28864170 | AA29: =IFERROR(V29+W29,"") -> 31809494 | AB29: =IFERROR(ROUND(X29*$AB$12,0),"") -> 559612 | AC29: =IFERROR(+AA29+AB29,"") -> 32369106 | AD29: 2.1.5.02.08
A30: 18 | B30: 1.1.18 | C30: Auxiliar Mantenimiento y Reparación de Flotadores | D30: 1 | E30: 2219582 | F30: =E30*D30 -> 2219582 | G30: =IFERROR(ROUND(($F30/(42*30/6)*7)*$G$12*$G$10/$D$44,0),"") -> 299644 | H30: =IFERROR(ROUND(($F30/(42*30/6)*7)*$H$12*$H$10/$D$44,0),"") -> 281147 | I30: =IF(E30>(1750905*2),0,$I$12*D30) -> 249095 | J30: =IFERROR(SUM(F30:I30),"") -> 3049468 | K30: =IFERROR(ROUND((J30-I30)*$K$12,0),"") -> 116692 | L30: =IFERROR(ROUND((J30)*$L$12,0),"") -> 254112 | M30: =IFERROR(ROUND((J30)*$M$12,0),"") -> 254112 | N30: =IFERROR(ROUND((J30)*$N$12,0),"") -> 30495 | O30: =IFERROR(ROUND((J30-I30)*$O$12,0),"") -> 0 | P30: =IFERROR(ROUND((J30-I30)*$P$12,0),"") -> 336045 | Q30: 0.0435 | R30: =ROUND((J30-I30)*Q30,0) -> 121816 | S30: =IFERROR(ROUND((J30-I30)*$S$12,0),"") -> 0 | T30: =IFERROR(ROUND((J30-I30)*$T$12,0),"") -> 0 | U30: =ROUND((J30-I30)*$U$12,0) -> 112015 | V30: =IFERROR(+J30+K30+L30+M30+N30+O30+P30+R30+S30+T30+U30,"") -> 4274755 | W30: =IFERROR(ROUND(V30*$W$12,0),"") -> 341980 | X30: =IFERROR(ROUND(V30*10%,0),"") -> 427476 | Z30: =IFERROR(V30-X30+W30,"") -> 4189259 | AA30: =IFERROR(V30+W30,"") -> 4616735 | AB30: =IFERROR(ROUND(X30*$AB$12,0),"") -> 81220 | AC30: =IFERROR(+AA30+AB30,"") -> 4697955 | AD30: 2.1.5.02.08
A31: 19 | B31: 1.1.19 | C31: Lider Servicios Generales | D31: 1 | E31: 3062112 | F31: =E31*D31 -> 3062112 | G31: =IFERROR(ROUND(($F31/(42*30/6)*7)*$G$12*$G$10/$D$44,0),"") -> 413385 | H31: =IFERROR(ROUND(($F31/(42*30/6)*7)*$H$12*$H$10/$D$44,0),"") -> 387868 | I31: =IF(E31>(1750905*2),0,$I$12*D31) -> 249095 | J31: =IFERROR(SUM(F31:I31),"") -> 4112460 | K31: =IFERROR(ROUND((J31-I31)*$K$12,0),"") -> 160986 | L31: =IFERROR(ROUND((J31)*$L$12,0),"") -> 342691 | M31: =IFERROR(ROUND((J31)*$M$12,0),"") -> 342691 | N31: =IFERROR(ROUND((J31)*$N$12,0),"") -> 41125 | O31: =IFERROR(ROUND((J31-I31)*$O$12,0),"") -> 0 | P31: =IFERROR(ROUND((J31-I31)*$P$12,0),"") -> 463604 | Q31: 0.01044 | R31: =ROUND((J31-I31)*Q31,0) -> 40334 | S31: =IFERROR(ROUND((J31-I31)*$S$12,0),"") -> 0 | T31: =IFERROR(ROUND((J31-I31)*$T$12,0),"") -> 0 | U31: =ROUND((J31-I31)*$U$12,0) -> 154535 | V31: =IFERROR(+J31+K31+L31+M31+N31+O31+P31+R31+S31+T31+U31,"") -> 5658426 | W31: =IFERROR(ROUND(V31*$W$12,0),"") -> 452674 | X31: =IFERROR(ROUND(V31*10%,0),"") -> 565843 | Z31: =IFERROR(V31-X31+W31,"") -> 5545257 | AA31: =IFERROR(V31+W31,"") -> 6111100 | AB31: =IFERROR(ROUND(X31*$AB$12,0),"") -> 107510 | AC31: =IFERROR(+AA31+AB31,"") -> 6218610 | AD31: 2.1.5.02.08
A32: 20 | B32: 1.1.20 | C32: Auxiliar Servicios Generales | D32: 25 | E32: 1917242 | F32: =E32*D32 -> 47931050 | G32: =IFERROR(ROUND(($F32/(42*30/6)*7)*$G$12*$G$10/$D$44,0),"") -> 6470692 | H32: =IFERROR(ROUND(($F32/(42*30/6)*7)*$H$12*$H$10/$D$44,0),"") -> 6071266 | I32: =IF(E32>(1750905*2),0,$I$12*D32) -> 6227375 | J32: =IFERROR(SUM(F32:I32),"") -> 66700383 | K32: =IFERROR(ROUND((J32-I32)*$K$12,0),"") -> 2519910 | L32: =IFERROR(ROUND((J32)*$L$12,0),"") -> 5558143 | M32: =IFERROR(ROUND((J32)*$M$12,0),"") -> 5558143 | N32: =IFERROR(ROUND((J32)*$N$12,0),"") -> 667004 | O32: =IFERROR(ROUND((J32-I32)*$O$12,0),"") -> 0 | P32: =IFERROR(ROUND((J32-I32)*$P$12,0),"") -> 7256761 | Q32: 0.01044 | R32: =ROUND((J32-I32)*Q32,0) -> 631338 | S32: =IFERROR(ROUND((J32-I32)*$S$12,0),"") -> 0 | T32: =IFERROR(ROUND((J32-I32)*$T$12,0),"") -> 0 | U32: =ROUND((J32-I32)*$U$12,0) -> 2418920 | V32: =IFERROR(+J32+K32+L32+M32+N32+O32+P32+R32+S32+T32+U32,"") -> 91310602 | W32: =IFERROR(ROUND(V32*$W$12,0),"") -> 7304848 | X32: =IFERROR(ROUND(V32*10%,0),"") -> 9131060 | Z32: =IFERROR(V32-X32+W32,"") -> 89484390 | AA32: =IFERROR(V32+W32,"") -> 98615450 | AB32: =IFERROR(ROUND(X32*$AB$12,0),"") -> 1734901 | AC32: =IFERROR(+AA32+AB32,"") -> 100350351 | AD32: 2.1.5.02.08
A33: 21 | B33: 1.1.21 | C33: Auxilar Mantenimiento Jardines (Ornato) | D33: 6 | E33: 2219582 | F33: =E33*D33 -> 13317492 | G33: =IFERROR(ROUND(($F33/(42*30/6)*7)*$G$12*$G$10/$D$44,0),"") -> 1797861 | H33: =IFERROR(ROUND(($F33/(42*30/6)*7)*$H$12*$H$10/$D$44,0),"") -> 1686882 | I33: =IF(E33>(1750905*2),0,$I$12*D33) -> 1494570 | J33: =IFERROR(SUM(F33:I33),"") -> 18296805 | K33: =IFERROR(ROUND((J33-I33)*$K$12,0),"") -> 700149 | L33: =IFERROR(ROUND((J33)*$L$12,0),"") -> 1524673 | M33: =IFERROR(ROUND((J33)*$M$12,0),"") -> 1524673 | N33: =IFERROR(ROUND((J33)*$N$12,0),"") -> 182968 | O33: =IFERROR(ROUND((J33-I33)*$O$12,0),"") -> 0 | P33: =IFERROR(ROUND((J33-I33)*$P$12,0),"") -> 2016268 | Q33: 0.02436 | R33: =ROUND((J33-I33)*Q33,0) -> 409302 | S33: =IFERROR(ROUND((J33-I33)*$S$12,0),"") -> 0 | T33: =IFERROR(ROUND((J33-I33)*$T$12,0),"") -> 0 | U33: =ROUND((J33-I33)*$U$12,0) -> 672089 | V33: =IFERROR(+J33+K33+L33+M33+N33+O33+P33+R33+S33+T33+U33,"") -> 25326927 | W33: =IFERROR(ROUND(V33*$W$12,0),"") -> 2026154 | X33: =IFERROR(ROUND(V33*10%,0),"") -> 2532693 | Z33: =IFERROR(V33-X33+W33,"") -> 24820388 | AA33: =IFERROR(V33+W33,"") -> 27353081 | AB33: =IFERROR(ROUND(X33*$AB$12,0),"") -> 481212 | AC33: =IFERROR(+AA33+AB33,"") -> 27834293 | AD33: 2.1.5.02.08
A34: 22 | B34: 1.1.22 | C34: Coordinador logistico | D34: 1 | E34: 3062112 | F34: =E34*D34 -> 3062112 | G34: =IFERROR(ROUND(($F34/(42*30/6)*7)*$G$12*$G$10/$D$44,0),"") -> 413385 | H34: =IFERROR(ROUND(($F34/(42*30/6)*7)*$H$12*$H$10/$D$44,0),"") -> 387868 | I34: =IF(E34>(1750905*2),0,$I$12*D34) -> 249095 | J34: =IFERROR(SUM(F34:I34),"") -> 4112460 | K34: =IFERROR(ROUND((J34-I34)*$K$12,0),"") -> 160986 | L34: =IFERROR(ROUND((J34)*$L$12,0),"") -> 342691 | M34: =IFERROR(ROUND((J34)*$M$12,0),"") -> 342691 | N34: =IFERROR(ROUND((J34)*$N$12,0),"") -> 41125 | O34: =IFERROR(ROUND((J34-I34)*$O$12,0),"") -> 0 | P34: =IFERROR(ROUND((J34-I34)*$P$12,0),"") -> 463604 | Q34: 0.0696 | R34: =ROUND((J34-I34)*Q34,0) -> 268890 | S34: =IFERROR(ROUND((J34-I34)*$S$12,0),"") -> 0 | T34: =IFERROR(ROUND((J34-I34)*$T$12,0),"") -> 0 | U34: =ROUND((J34-I34)*$U$12,0) -> 154535 | V34: =IFERROR(+J34+K34+L34+M34+N34+O34+P34+R34+S34+T34+U34,"") -> 5886982 | W34: =IFERROR(ROUND(V34*$W$12,0),"") -> 470959 | Y34: =IFERROR(V34+W34,"") -> 6357941 | Z34: =IFERROR(Y34-(V34+W34),"") -> 0 | AA34: =IFERROR(V34+W34,"") -> 6357941 | AB34: =IFERROR(ROUND(AA34*$AB$12,0),"") -> 1208009 | AC34: =IFERROR(+AA34+AB34,"") -> 7565950 | AD34: 2.1.5.02.08
A35: 23 | B35: 1.1.23 | C35: Guarda Acuático ( Salvavidas) | D35: 22 | E35: 2655639 | F35: =E35*D35 -> 58424058 | G35: =IFERROR(ROUND(($F35/(42*30/6)*7)*$G$12*$G$10/$D$44,0),"") -> 7887248 | H35: =IFERROR(ROUND(($F35/(42*30/6)*7)*$H$12*$H$10/$D$44,0),"") -> 7400381 | I35: =IF(E35>(1750905*2),0,$I$12*D35) -> 5480090 | J35: =IFERROR(SUM(F35:I35),"") -> 79191777 | K35: =IFERROR(ROUND((J35-I35)*$K$12,0),"") -> 3071566 | L35: =IFERROR(ROUND((J35)*$L$12,0),"") -> 6599051 | M35: =IFERROR(ROUND((J35)*$M$12,0),"") -> 6599051 | N35: =IFERROR(ROUND((J35)*$N$12,0),"") -> 791918 | O35: =IFERROR(ROUND((J35-I35)*$O$12,0),"") -> 0 | P35: =IFERROR(ROUND((J35-I35)*$P$12,0),"") -> 8845402 | Q35: 0.0696 | R35: =ROUND((J35-I35)*Q35,0) -> 5130333 | S35: =IFERROR(ROUND((J35-I35)*$S$12,0),"") -> 0 | T35: =IFERROR(ROUND((J35-I35)*$T$12,0),"") -> 0 | U35: =ROUND((J35-I35)*$U$12,0) -> 2948467 | V35: =IFERROR(+J35+K35+L35+M35+N35+O35+P35+R35+S35+T35+U35,"") -> 113177565 | W35: =IFERROR(ROUND(V35*$W$12,0),"") -> 9054205 | Y35: =IFERROR(V35+W35,"") -> 122231770 | Z35: =IFERROR(Y35-(V35+W35),"") -> 0 | AA35: =IFERROR(V35+W35,"") -> 122231770 | AB35: =IFERROR(ROUND(AA35*$AB$12,0),"") -> 23224036 | AC35: =IFERROR(+AA35+AB35,"") -> 145455806 | AD35: 2.1.5.02.08
A36: 24 | B36: 1.1.24 | C36: Promotor deportivo | D36: 1 | E36: 2837478 | F36: =E36*D36 -> 2837478 | G36: =IFERROR(ROUND(($F36/(42*30/6)*7)*$G$12*$G$10/$D$44,0),"") -> 383060 | H36: =IFERROR(ROUND(($F36/(42*30/6)*7)*$H$12*$H$10/$D$44,0),"") -> 359414 | I36: =IF(E36>(1750905*2),0,$I$12*D36) -> 249095 | J36: =IFERROR(SUM(F36:I36),"") -> 3829047 | K36: =IFERROR(ROUND((J36-I36)*$K$12,0),"") -> 149177 | L36: =IFERROR(ROUND((J36)*$L$12,0),"") -> 319074 | M36: =IFERROR(ROUND((J36)*$M$12,0),"") -> 319074 | N36: =IFERROR(ROUND((J36)*$N$12,0),"") -> 38290 | O36: =IFERROR(ROUND((J36-I36)*$O$12,0),"") -> 0 | P36: =IFERROR(ROUND((J36-I36)*$P$12,0),"") -> 429594 | Q36: 0.0696 | R36: =ROUND((J36-I36)*Q36,0) -> 249165 | S36: =IFERROR(ROUND((J36-I36)*$S$12,0),"") -> 0 | T36: =IFERROR(ROUND((J36-I36)*$T$12,0),"") -> 0 | U36: =ROUND((J36-I36)*$U$12,0) -> 143198 | V36: =IFERROR(+J36+K36+L36+M36+N36+O36+P36+R36+S36+T36+U36,"") -> 5476619 | W36: =IFERROR(ROUND(V36*$W$12,0),"") -> 438130 | Y36: =IFERROR(V36+W36,"") -> 5914749 | Z36: =IFERROR(Y36-(V36+W36),"") -> 0 | AA36: =IFERROR(V36+W36,"") -> 5914749 | AB36: =IFERROR(ROUND(AA36*$AB$12,0),"") -> 1123802 | AC36: =IFERROR(+AA36+AB36,"") -> 7038551 | AD36: 2.1.5.02.08
A37: 25 | B37: 1.1.25 | C37: Líder para el servcio de Carpinteria y afines. | D37: 1 | E37: 3062112 | F37: =E37*D37 -> 3062112 | G37: =IFERROR(ROUND(($F37/(42*30/6)*7)*$G$12*$G$10/$D$44,0),"") -> 413385 | H37: =IFERROR(ROUND(($F37/(42*30/6)*7)*$H$12*$H$10/$D$44,0),"") -> 387868 | I37: =IF(E37>(1750905*2),0,$I$12*D37) -> 249095 | J37: =IFERROR(SUM(F37:I37),"") -> 4112460 | K37: =IFERROR(ROUND((J37-I37)*$K$12,0),"") -> 160986 | L37: =IFERROR(ROUND((J37)*$L$12,0),"") -> 342691 | M37: =IFERROR(ROUND((J37)*$M$12,0),"") -> 342691 | N37: =IFERROR(ROUND((J37)*$N$12,0),"") -> 41125 | O37: =IFERROR(ROUND((J37-I37)*$O$12,0),"") -> 0 | P37: =IFERROR(ROUND((J37-I37)*$P$12,0),"") -> 463604 | Q37: 0.02436 | R37: =ROUND((J37-I37)*Q37,0) -> 94112 | S37: =IFERROR(ROUND((J37-I37)*$S$12,0),"") -> 0 | T37: =IFERROR(ROUND((J37-I37)*$T$12,0),"") -> 0 | U37: =ROUND((J37-I37)*$U$12,0) -> 154535 | V37: =IFERROR(+J37+K37+L37+M37+N37+O37+P37+R37+S37+T37+U37,"") -> 5712204 | W37: =IFERROR(ROUND(V37*$W$12,0),"") -> 456976 | Y37: =IFERROR(V37+W37,"") -> 6169180 | Z37: =IFERROR(Y37-(V37+W37),"") -> 0 | AA37: =IFERROR(V37+W37,"") -> 6169180 | AB37: =IFERROR(ROUND(AA37*$AB$12,0),"") -> 1172144 | AC37: =IFERROR(+AA37+AB37,"") -> 7341324 | AD37: 2.1.5.02.08
A38: 26 | B38: 1.1.26 | C38: Auxiliar para el servicio de Carpinteria y afines | D38: 1 | E38: 2219582 | F38: =E38*D38 -> 2219582 | G38: =IFERROR(ROUND(($F38/(42*30/6)*7)*$G$12*$G$10/$D$44,0),"") -> 299644 | H38: =IFERROR(ROUND(($F38/(42*30/6)*7)*$H$12*$H$10/$D$44,0),"") -> 281147 | I38: =IF(E38>(1750905*2),0,$I$12*D38) -> 249095 | J38: =IFERROR(SUM(F38:I38),"") -> 3049468 | K38: =IFERROR(ROUND((J38-I38)*$K$12,0),"") -> 116692 | L38: =IFERROR(ROUND((J38)*$L$12,0),"") -> 254112 | M38: =IFERROR(ROUND((J38)*$M$12,0),"") -> 254112 | N38: =IFERROR(ROUND((J38)*$N$12,0),"") -> 30495 | O38: =IFERROR(ROUND((J38-I38)*$O$12,0),"") -> 0 | P38: =IFERROR(ROUND((J38-I38)*$P$12,0),"") -> 336045 | Q38: 0.02436 | R38: =ROUND((J38-I38)*Q38,0) -> 68217 | S38: =IFERROR(ROUND((J38-I38)*$S$12,0),"") -> 0 | T38: =IFERROR(ROUND((J38-I38)*$T$12,0),"") -> 0 | U38: =ROUND((J38-I38)*$U$12,0) -> 112015 | V38: =IFERROR(+J38+K38+L38+M38+N38+O38+P38+R38+S38+T38+U38,"") -> 4221156 | W38: =IFERROR(ROUND(V38*$W$12,0),"") -> 337692 | Y38: =IFERROR(V38+W38,"") -> 4558848 | Z38: =IFERROR(Y38-(V38+W38),"") -> 0 | AA38: =IFERROR(V38+W38,"") -> 4558848 | AB38: =IFERROR(ROUND(AA38*$AB$12,0),"") -> 866181 | AC38: =IFERROR(+AA38+AB38,"") -> 5425029 | AD38: 2.1.5.02.08
B39: EVENTUALES
A40: 27 | B40: 1.1.27 | C40: Eventual - Taquillero | D40: 1 | E40: 2286853 | F40: =E40*D40 -> 2286853 | G40: =IFERROR(ROUND(($F40/(42*30/6)*7)*$G$12*$G$10/$D$44,0),"") -> 308725 | H40: =IFERROR(ROUND(($F40/(42*30/6)*7)*$H$12*$H$10/$D$44,0),"") -> 289668 | I40: =IF(E40>(1750905*2),0,$I$12*D40) -> 249095 | J40: =IFERROR(SUM(F40:I40),"") -> 3134341 | K40: =IFERROR(ROUND((J40-I40)*$K$12,0),"") -> 120228 | L40: =IFERROR(ROUND((J40)*$L$12,0),"") -> 261185 | M40: =IFERROR(ROUND((J40)*$M$12,0),"") -> 261185 | N40: =IFERROR(ROUND((J40)*$N$12,0),"") -> 31343 | O40: =IFERROR(ROUND((J40-I40)*$O$12,0),"") -> 0 | P40: =IFERROR(ROUND((J40-I40)*$P$12,0),"") -> 346230 | Q40: 0.00522 | R40: =ROUND((J40-I40)*Q40,0) -> 15061 | S40: =IFERROR(ROUND((J40-I40)*$S$12,0),"") -> 0 | T40: =IFERROR(ROUND((J40-I40)*$T$12,0),"") -> 0 | U40: =ROUND((J40-I40)*$U$12,0) -> 115410 | V40: =IFERROR(+J40+K40+L40+M40+N40+O40+P40+R40+S40+T40+U40,"") -> 4284983 | W40: =IFERROR(ROUND(V40*$W$12,0),"") -> 342799 | Y40: =IFERROR(V40+W40,"") -> 4627782 | Z40: =IFERROR(Y40-(V40+W40),"") -> 0 | AA40: =IFERROR(V40+W40,"") -> 4627782 | AB40: =IFERROR(ROUND(AA40*$AB$12,0),"") -> 879279 | AC40: =IFERROR(+AA40+AB40,"") -> 5507061 | AD40: 2.1.5.02.08
A41: 28 | B41: 1.1.28 | C41: Eventual - Auxiliar de Servicios Generales | D41: 6 | E41: 1917242 | F41: =E41*D41 -> 11503452 | G41: =IFERROR(ROUND(($F41/(42*30/6)*7)*$G$12*$G$10/$D$44,0),"") -> 1552966 | H41: =IFERROR(ROUND(($F41/(42*30/6)*7)*$H$12*$H$10/$D$44,0),"") -> 1457104 | I41: =IF(E41>(1750905*2),0,$I$12*D41) -> 1494570 | J41: =IFERROR(SUM(F41:I41),"") -> 16008092 | K41: =IFERROR(ROUND((J41-I41)*$K$12,0),"") -> 604778 | L41: =IFERROR(ROUND((J41)*$L$12,0),"") -> 1333954 | M41: =IFERROR(ROUND((J41)*$M$12,0),"") -> 1333954 | N41: =IFERROR(ROUND((J41)*$N$12,0),"") -> 160081 | O41: =IFERROR(ROUND((J41-I41)*$O$12,0),"") -> 0 | P41: =IFERROR(ROUND((J41-I41)*$P$12,0),"") -> 1741623 | Q41: 0.01044 | R41: =ROUND((J41-I41)*Q41,0) -> 151521 | S41: =IFERROR(ROUND((J41-I41)*$S$12,0),"") -> 0 | T41: =IFERROR(ROUND((J41-I41)*$T$12,0),"") -> 0 | U41: =ROUND((J41-I41)*$U$12,0) -> 580541 | V41: =IFERROR(+J41+K41+L41+M41+N41+O41+P41+R41+S41+T41+U41,"") -> 21914544 | W41: =IFERROR(ROUND(V41*$W$12,0),"") -> 1753164 | X41: =IFERROR(ROUND(V41*10%,0),"") -> 2191454 | Z41: =IFERROR(V41-X41+W41,"") -> 21476254 | AA41: =IFERROR(V41+W41,"") -> 23667708 | AB41: =IFERROR(ROUND(X41*$AB$12,0),"") -> 416376 | AC41: =IFERROR(+AA41+AB41,"") -> 24084084 | AD41: 2.1.5.02.08
B42: 1.1 | C42: SUBTOTAL -COSTO RECURSO HUMANO - SEDE PARQUE METROPOLITANO DE LAS AGUAS (VALOR NOMINA MES) | D42: =SUM(D13:D41) -> 101 | E42: =SUM(E13:E41) -> 81683695 | F42: =SUM(F13:F41) -> 251518251 | G42: =SUM(G13:G41) -> 33954963 | H42: =SUM(H13:H41) -> 31858978 | I42: =SUM(I13:I41) -> 23913120 | J42: =SUM(J13:J41) -> 341245312 | K42: =SUM(K13:K41) -> 13223231 | ... P42: =SUM(P13:P41) -> 38079864 | R42: =SUM(R13:R41) -> 11635957 | S42: =SUM(S13:S41) -> 0 | T42: =SUM(T13:T41) -> 0 | U42: =SUM(U13:U41) -> 12693289 | V42: =SUM(V13:V41) -> 477162052 | W42: =SUM(W13:W41) -> 38172963 | X42: =SUM(X13:X41) -> 18951080 | Y42: =SUM(Y13:Y41) -> 310663367 | ... AC42: =SUM(AC13:AC41) -> 577961759 | AD42: 2.1.5.02.08
B44: 1.1 | C44: TOTAL COSTOS RECURSO HUMANO - SEDE PARQUE METROPOLITANO DE LAS AGUAS (VALOR NOMINA TOTAL PARA EL PROCESO) | D44: 2 | E44: =$D$44*E$42 -> 163367390 | F44: =$D$44*F$42 -> 503036502 | G44: =$D$44*G$42 -> 67909926 | H44: =$D$44*H$42 -> 63717956 | I44: =$D$44*I$42 -> 47826240 | J44: =$D$44*J$42 -> 682490624 | K44: =$D$44*K$42 -> 26446462 | L44: =$D$44*L$42 -> 56871942 | ... P44: =$D$44*P$42 -> 76159728 | R44: =$D$44*R$42 -> 23271914 | S44: =$D$44*S$42 -> 0 | T44: =$D$44*T$42 -> 0 | U44: =$D$44*U$42 -> 25386578 | V44: =$D$44*V$42 -> 954324104 | W44: =$D$44*W$42 -> 76345926 | X44: =$D$44*X$42 -> 37902160 | Y44: =$D$44*Y$42 -> 621326734 | ... AC44: =$D$44*AC$42 -> 1155923518 | AD44: 2.1.5.02.08
B46: 1.2 | C46: COSTOS RECURSO HUMANO - SEDE ADMINISTRATIVA
B47: ITEM | C47: PERSONAL POR OFICIO | D47: CANTIDAD REQUERIDA DE PERSONAL | E47: COSTO UNITARIO REMUNERACIÓN MENSUAL (FIJA E INMODIFICABLE) * | F47: COSTO TOTAL REMUNERACIÓN MES | G47: RECARGO DOMINICAL MES | H47: RECARGO FESTIVO MES | I47: AUXILIO DE TRANSPORTE | J47: SALARIO TOTAL MES PROYECTADO (A) | K47: VACACIONES (B) | L47: PRIMA LEGAL (C ) | M47: CESANTÍAS (D ) | N47: INTERESES A LAS CESANTÍAS (E ) | O47: SALUD (F) | P47: PENSIÓN (G) | Q47: % Riesgos Profesionales (%FIJO E INMODIFICABLE) * | R47: RIESGOS PROFESIONALES (H) | S47: SENA (I) | T47: ICBF (J) | U47: CAJA DE COMPENSACIÓN FAMILIAR (K) | V47: TOTAL ACUMULADO SALARIO MES (L) = (SUMATORIA DESDE A HASTA K) | W47: AU (M) = (%AU * N) | X47: base para excentos | Y47: calculo base iva pleno | Z47: calculo base excenta | AA47: SUBTOTAL ANTES DE IVA (N) = M+N | AB47: IVA (O) * Ver Notas IVA N° 1, 2 | AC47: VALOR TOTAL MES INCLUIDO IVA ( P) =N + O | AD47: RUBRO PRESUPUESTAL
G48: 0 | H48: 0 | I48: 249095 | K48: 0.04167 | L48: 0.08333 | M48: 0.08333 | N48: 0.01 | O48: 0 | P48: 0.12 | S48: 0 | T48: 0 | U48: 0.04 | W48: 0.08 | AB48: 0.19
B49: 1.2.1 | C49: Coordinador General o Supervisor del Contrarto | D49: =1 -> 1 | E49: =E13 -> 5238163 | F49: =ROUND(E49*D49,0) -> 5238163 | G49: =IFERROR(ROUND(($F49/(42*30/6)*7)*$G$12*$G$48/$D$61,0),"") -> 0 | H49: =IFERROR(ROUND(($F49/(42*30/6)*7)*$H$12*$H$48/$D$61,0),"") -> 0 | I49: =IF(E49>(1750905*2),0,$I$48*D49) -> 0 | J49: =F49+G49+H49+I49 -> 5238163 | K49: =ROUND((J49-I49)*$K$48,0) -> 218274 | L49: =ROUND((J49)*$L$48,0) -> 436496 | M49: =ROUND((J49)*$M$48,0) -> 436496 | N49: =ROUND((J49)*$N$48,0) -> 52382 | O49: =ROUND((J49-I49)*$O$48,0) -> 0 | P49: =ROUND((J49-I49)*$P$48,0) -> 628580 | Q49: 0.00522 | R49: =ROUND((J49-I49)*Q49,0) -> 27343 | S49: =ROUND((J49-I49)*$S$48,0) -> 0 | T49: =ROUND((J49-I49)*$T$48,0) -> 0 | U49: =ROUND((J49-I49)*$U$48,0) -> 209527 | V49: =+J49+K49+L49+M49+N49+O49+P49+R49+S49+T49+U49 -> 7247261 | W49: =ROUND(V49*$W$48,0) -> 579781 | Y49: =IFERROR(V49+W49,"") -> 7827042 | AA49: =+V49+W49 -> 7827042 | AB49: =ROUND(AA49*$AB$48,0) -> 1487138 | AC49: =+AA49+AB49 -> 9314180 | AD49: 2.1.2.02.02.008
B50: 1.2.2 | C50: Tecnico o Tecnologo en Atencion Prehospitalaria | D50: 1 | E50: =E16 -> 3453397 | F50: =ROUND(E50*D50,0) -> 3453397 | G50: =IFERROR(ROUND(($F50/(42*30/6)*7)*$G$12*$G$48/$D$61,0),"") -> 0 | H50: =IFERROR(ROUND(($F50/(42*30/6)*7)*$H$12*$H$48/$D$61,0),"") -> 0 | I50: =IF(E50>(1750905*2),0,$I$48*D50) -> 249095 | J50: =F50+G50+H50+I50 -> 3702492 | K50: =ROUND((J50-I50)*$K$48,0) -> 143903 | L50: =ROUND((J50)*$L$48,0) -> 308529 | M50: =ROUND((J50)*$M$48,0) -> 308529 | N50: =ROUND((J50)*$N$48,0) -> 37025 | O50: =ROUND((J50-I50)*$O$48,0) -> 0 | P50: =ROUND((J50-I50)*$P$48,0) -> 414408 | Q50: 0.02436 | R50: =ROUND((J50-I50)*Q50,0) -> 84125 | S50: =ROUND((J50-I50)*$S$48,0) -> 0 | T50: =ROUND((J50-I50)*$T$48,0) -> 0 | U50: =ROUND((J50-I50)*$U$48,0) -> 138136 | V50: =+J50+K50+L50+M50+N50+O50+P50+R50+S50+T50+U50 -> 5137147 | W50: =ROUND(V50*$W$48,0) -> 410972 | Y50: =IFERROR(V50+W50,"") -> 5548119 | AA50: =+V50+W50 -> 5548119 | AB50: =ROUND(AA50*$AB$48,0) -> 1054143 | AC50: =+AA50+AB50 -> 6602262 | AD50: 2.1.2.02.02.008
B51: 1.2.3 | C51: Tecnólogos para adecuaciones y conservación civiles | D51: 1 | E51: =E16 -> 3453397 | F51: =ROUND(E51*D51,0) -> 3453397 | G51: =IFERROR(ROUND(($F51/(42*30/6)*7)*$G$12*$G$48/$D$61,0),"") -> 0 | H51: =IFERROR(ROUND(($F51/(42*30/6)*7)*$H$12*$H$48/$D$61,0),"") -> 0 | I51: =IF(E51>(1750905*2),0,$I$48*D51) -> 249095 | J51: =F51+G51+H51+I51 -> 3702492 | K51: =ROUND((J51-I51)*$K$48,0) -> 143903 | L51: =ROUND((J51)*$L$48,0) -> 308529 | M51: =ROUND((J51)*$M$48,0) -> 308529 | N51: =ROUND((J51)*$N$48,0) -> 37025 | O51: =ROUND((J51-I51)*$O$48,0) -> 0 | P51: =ROUND((J51-I51)*$P$48,0) -> 414408 | Q51: 0.0696 | R51: =ROUND((J51-I51)*Q51,0) -> 240356 | S51: =ROUND((J51-I51)*$S$48,0) -> 0 | T51: =ROUND((J51-I51)*$T$48,0) -> 0 | U51: =ROUND((J51-I51)*$U$48,0) -> 138136 | V51: =+J51+K51+L51+M51+N51+O51+P51+R51+S51+T51+U51 -> 5293378 | W51: =ROUND(V51*$W$48,0) -> 423470 | Y51: =IFERROR(V51+W51,"") -> 5716848 | AA51: =+V51+W51 -> 5716848 | AB51: =ROUND(AA51*$AB$48,0) -> 1086201 | AC51: =+AA51+AB51 -> 6803049 | AD51: 2.1.2.02.02.008
B52: 1.2.4 | C52: Tecnólogos para adecuaciones y conservación eléctricas | D52: 1 | E52: =E51 -> 3453397 | F52: =ROUND(E52*D52,0) -> 3453397 | G52: =IFERROR(ROUND(($F52/(42*30/6)*7)*$G$12*$G$48/$D$61,0),"") -> 0 | H52: =IFERROR(ROUND(($F52/(42*30/6)*7)*$H$12*$H$48/$D$61,0),"") -> 0 | I52: =IF(E52>(1750905*2),0,$I$48*D52) -> 249095 | J52: =F52+G52+H52+I52 -> 3702492 | K52: =ROUND((J52-I52)*$K$48,0) -> 143903 | L52: =ROUND((J52)*$L$48,0) -> 308529 | M52: =ROUND((J52)*$M$48,0) -> 308529 | N52: =ROUND((J52)*$N$48,0) -> 37025 | O52: =ROUND((J52-I52)*$O$48,0) -> 0 | P52: =ROUND((J52-I52)*$P$48,0) -> 414408 | Q52: 0.0696 | R52: =ROUND((J52-I52)*Q52,0) -> 240356 | S52: =ROUND((J52-I52)*$S$48,0) -> 0 | T52: =ROUND((J52-I52)*$T$48,0) -> 0 | U52: =ROUND((J52-I52)*$U$48,0) -> 138136 | V52: =+J52+K52+L52+M52+N52+O52+P52+R52+S52+T52+U52 -> 5293378 | W52: =ROUND(V52*$W$48,0) -> 423470 | Y52: =IFERROR(V52+W52,"") -> 5716848 | AA52: =+V52+W52 -> 5716848 | AB52: =ROUND(AA52*$AB$48,0) -> 1086201 | AC52: =+AA52+AB52 -> 6803049 | AD52: 2.1.2.02.02.008
B53: 1.2.5 | C53: Auxiliar Operativo o afines | D53: 2 | E53: =E26 -> 2219582 | F53: =ROUND(E53*D53,0) -> 4439164 | G53: =IFERROR(ROUND(($F53/(42*30/6)*7)*$G$12*$G$48/$D$61,0),"") -> 0 | H53: =IFERROR(ROUND(($F53/(42*30/6)*7)*$H$12*$H$48/$D$61,0),"") -> 0 | I53: =IF(E53>(1750905*2),0,$I$48*D53) -> 498190 | J53: =F53+G53+H53+I53 -> 4937354 | K53: =ROUND((J53-I53)*$K$48,0) -> 184980 | L53: =ROUND((J53)*$L$48,0) -> 411430 | M53: =ROUND((J53)*$M$48,0) -> 411430 | N53: =ROUND((J53)*$N$48,0) -> 49374 | O53: =ROUND((J53-I53)*$O$48,0) -> 0 | P53: =ROUND((J53-I53)*$P$48,0) -> 532700 | Q53: 0.0696 | R53: =ROUND((J53-I53)*Q53,0) -> 308966 | S53: =ROUND((J53-I53)*$S$48,0) -> 0 | T53: =ROUND((J53-I53)*$T$48,0) -> 0 | U53: =ROUND((J53-I53)*$U$48,0) -> 177567 | V53: =+J53+K53+L53+M53+N53+O53+P53+R53+S53+T53+U53 -> 7013801 | W53: =ROUND(V53*$W$48,0) -> 561104 | Y53: =IFERROR(V53+W53,"") -> 7574905 | AA53: =+V53+W53 -> 7574905 | AB53: =ROUND(AA53*$AB$48,0) -> 1439232 | AC53: =+AA53+AB53 -> 9014137 | AD53: 2.1.2.02.02.008
B54: 1.2.6 | C54: Mensajero | D54: 1 | E54: =E25 -> 2219582 | F54: =ROUND(E54*D54,0) -> 2219582 | G54: =IFERROR(ROUND(($F54/(42*30/6)*7)*$G$12*$G$48/$D$61,0),"") -> 0 | H54: =IFERROR(ROUND(($F54/(42*30/6)*7)*$H$12*$H$48/$D$61,0),"") -> 0 | I54: =IF(E54>(1750905*2),0,$I$48*D54) -> 249095 | J54: =F54+G54+H54+I54 -> 2468677 | K54: =ROUND((J54-I54)*$K$48,0) -> 92490 | L54: =ROUND((J54)*$L$48,0) -> 205715 | M54: =ROUND((J54)*$M$48,0) -> 205715 | N54: =ROUND((J54)*$N$48,0) -> 24687 | O54: =ROUND((J54-I54)*$O$48,0) -> 0 | P54: =ROUND((J54-I54)*$P$48,0) -> 266350 | Q54: 0.0696 | R54: =ROUND((J54-I54)*Q54,0) -> 154483 | S54: =ROUND((J54-I54)*$S$48,0) -> 0 | T54: =ROUND((J54-I54)*$T$48,0) -> 0 | U54: =ROUND((J54-I54)*$U$48,0) -> 88783 | V54: =+J54+K54+L54+M54+N54+O54+P54+R54+S54+T54+U54 -> 3506900 | W54: =ROUND(V54*$W$48,0) -> 280552 | Y54: =IFERROR(V54+W54,"") -> 3787452 | AA54: =+V54+W54 -> 3787452 | AB54: =ROUND(AA54*$AB$48,0) -> 719616 | AC54: =+AA54+AB54 -> 4507068 | AD54: 2.1.2.02.02.008
B55: 1.2.7 | C55: Auxiliar Servicios Generales | D55: 19 | E55: =E32 -> 1917242 | F55: =ROUND(E55*D55,0) -> 36427598 | G55: =IFERROR(ROUND(($F55/(42*30/6)*7)*$G$12*$G$48/$D$61,0),"") -> 0 | H55: =IFERROR(ROUND(($F55/(42*30/6)*7)*$H$12*$H$48/$D$61,0),"") -> 0 | I55: =IF(E55>(1750905*2),0,$I$48*D55) -> 4732805 | J55: =F55+G55+H55+I55 -> 41160403 | K55: =ROUND((J55-I55)*$K$48,0) -> 1517938 | L55: =ROUND((J55)*$L$48,0) -> 3429896 | M55: =ROUND((J55)*$M$48,0) -> 3429896 | N55: =ROUND((J55)*$N$48,0) -> 411604 | O55: =ROUND((J55-I55)*$O$48,0) -> 0 | P55: =ROUND((J55-I55)*$P$48,0) -> 4371312 | Q55: 0.01044 | R55: =ROUND((J55-I55)*Q55,0) -> 380304 | S55: =ROUND((J55-I55)*$S$48,0) -> 0 | T55: =ROUND((J55-I55)*$T$48,0) -> 0 | U55: =ROUND((J55-I55)*$U$48,0) -> 1457104 | V55: =+J55+K55+L55+M55+N55+O55+P55+R55+S55+T55+U55 -> 56158457 | W55: =ROUND(V55*$W$48,0) -> 4492677 | X55: =IFERROR(ROUND(V55*10%,0),"") -> 5615846 | Z55: =IFERROR(V55-X55+W55,"") -> 55035288 | AA55: =+V55+W55 -> 60651134 | AB55: =ROUND(X55*$AB$48,0) -> 1067011 | AC55: =+AA55+AB55 -> 61718145 | AD55: 2.1.2.02.02.008
B56: 1.2.8 | C56: Auxilar Mantenimiento Jardines (Ornato) | D56: 1 | E56: =E33 -> 2219582 | F56: =ROUND(E56*D56,0) -> 2219582 | G56: =IFERROR(ROUND(($F56/(42*30/6)*7)*$G$12*$G$48/$D$61,0),"") -> 0 | H56: =IFERROR(ROUND(($F56/(42*30/6)*7)*$H$12*$H$48/$D$61,0),"") -> 0 | I56: =IF(E56>(1750905*2),0,$I$48*D56) -> 249095 | J56: =F56+G56+H56+I56 -> 2468677 | K56: =ROUND((J56-I56)*$K$48,0) -> 92490 | L56: =ROUND((J56)*$L$48,0) -> 205715 | M56: =ROUND((J56)*$M$48,0) -> 205715 | N56: =ROUND((J56)*$N$48,0) -> 24687 | O56: =ROUND((J56-I56)*$O$48,0) -> 0 | P56: =ROUND((J56-I56)*$P$48,0) -> 266350 | Q56: 0.02436 | R56: =ROUND((J56-I56)*Q56,0) -> 54069 | S56: =ROUND((J56-I56)*$S$48,0) -> 0 | T56: =ROUND((J56-I56)*$T$48,0) -> 0 | U56: =ROUND((J56-I56)*$U$48,0) -> 88783 | V56: =+J56+K56+L56+M56+N56+O56+P56+R56+S56+T56+U56 -> 3406486 | W56: =ROUND(V56*$W$48,0) -> 272519 | X56: =IFERROR(ROUND(V56*10%,0),"") -> 340649 | Z56: =IFERROR(V56-X56+W56,"") -> 3338356 | AA56: =+V56+W56 -> 3679005 | AB56: =ROUND(X56*$AB$48,0) -> 64723 | AC56: =+AA56+AB56 -> 3743728 | AD56: 2.1.2.02.02.008
B57: EVENTUALES
B58: 1.2.9 | C58: Eventual - Auxiliar de Servicios Generales | D58: 1 | E58: 1917242 | F58: =E58*D58 -> 1917242 | G58: =IFERROR(ROUND(($F58/(42*30/6)*7)*$G$12*$G$48/$D$61,0),"") -> 0 | H58: =IFERROR(ROUND(($F58/(42*30/6)*7)*$H$12*$H$48/$D$61,0),"") -> 0 | I58: =IF(E58>(1750905*2),0,$I$48*D58) -> 249095 | J58: =IFERROR(SUM(F58:I58),"") -> 2166337 | K58: =IFERROR(ROUND((J58-I58)*$K$48,0),"") -> 79891 | L58: =IFERROR(ROUND((J58)*$L$48,0),"") -> 180521 | M58: =IFERROR(ROUND((J58)*$M$48,0),"") -> 180521 | N58: =IFERROR(ROUND((J58)*$N$48,0),"") -> 21663 | O58: =IFERROR(ROUND((J58-I58)*$O$48,0),"") -> 0 | P58: =IFERROR(ROUND((J58-I58)*$P$48,0),"") -> 230069 | Q58: 0.01044 | R58: =ROUND((J58-I58)*Q58,0) -> 20016 | S58: =IFERROR(ROUND((J58-I58)*$S$48,0),"") -> 0 | T58: =IFERROR(ROUND((J58-I58)*$T$48,0),"") -> 0 | U58: =ROUND((J58-I58)*$U$48,0) -> 76690 | V58: =IFERROR(+J58+K58+L58+M58+N58+O58+P58+R58+S58+T58+U58,"") -> 2955708 | W58: =IFERROR(ROUND(V58*$W$48,0),"") -> 236457 | X58: =IFERROR(ROUND(V58*10%,0),"") -> 295571 | Z58: =IFERROR(V58-X58+W58,"") -> 2896594 | AA58: =IFERROR(V58+W58,"") -> 3192165 | AB58: =IFERROR(ROUND(X58*$AB$48,0),"") -> 56158 | AC58: =IFERROR(+AA58+AB58,"") -> 3248323 | AD58: 2.1.5.02.08
B59: 1.2.10 | C59: Eventual - Auxiliar operativo o afines | D59: 2 | E59: 2219582 | F59: =E59*D59 -> 4439164 | G59: =IFERROR(ROUND(($F59/(42*30/6)*7)*$G$12*$G$48/$D$61,0),"") -> 0 | H59: =IFERROR(ROUND(($F59/(42*30/6)*7)*$H$12*$H$48/$D$61,0),"") -> 0 | I59: =IF(E59>(1750905*2),0,$I$48*D59) -> 498190 | J59: =IFERROR(SUM(F59:I59),"") -> 4937354 | K59: =IFERROR(ROUND((J59-I59)*$K$48,0),"") -> 184980 | L59: =IFERROR(ROUND((J59)*$L$48,0),"") -> 411430 | M59: =IFERROR(ROUND((J59)*$M$48,0),"") -> 411430 | N59: =IFERROR(ROUND((J59)*$N$48,0),"") -> 49374 | O59: =IFERROR(ROUND((J59-I59)*$O$48,0),"") -> 0 | P59: =IFERROR(ROUND((J59-I59)*$P$48,0),"") -> 532700 | Q59: 0.01044 | R59: =ROUND((J59-I59)*Q59,0) -> 46345 | S59: =IFERROR(ROUND((J59-I59)*$S$48,0),"") -> 0 | T59: =IFERROR(ROUND((J59-I59)*$T$48,0),"") -> 0 | U59: =ROUND((J59-I59)*$U$48,0) -> 177567 | V59: =IFERROR(+J59+K59+L59+M59+N59+O59+P59+R59+S59+T59+U59,"") -> 6751180 | W59: =IFERROR(ROUND(V59*$W$48,0),"") -> 540094 | Y59: =IFERROR(V59+W59,"") -> 7291274 | AA59: =IFERROR(V59+W59,"") -> 7291274 | AB59: =IFERROR(ROUND((V59*10%)*$AB$48,0),"") -> 128272 | AC59: =IFERROR(+AA59+AB59,"") -> 7419546 | AD59: 2.1.5.02.08
B60: 1.2 | C60: SUBTOTAL -COSTO RECURSO HUMANO - SEDE ADMINISTRATIVA (VALOR NOMINA MES) | D60: =SUM(D49:D59) -> 30 | E60: =SUM(E49:E59) -> 28311166 | F60: =SUM(F49:F59) -> 67260686 | G60: =SUM(G49:G59) -> 0 | H60: =SUM(H49:H59) -> 0 | I60: =SUM(I49:I59) -> 7223755 | J60: =SUM(J49:J59) -> 74484441 | K60: =SUM(K49:K59) -> 2802752 | ... P60: =SUM(P49:P59) -> 8071285 | R60: =SUM(R49:R59) -> 1556363 | S60: =SUM(S49:S59) -> 0 | T60: =SUM(T49:T59) -> 0 | U60: =SUM(U49:U59) -> 2690429 | V60: =SUM(V49:V59) -> 102763696 | W60: =SUM(W49:W59) -> 8221096 | X60: =SUM(X49:X59) -> 6252066 | Y60: =SUM(Y49:Y59) -> 43462488 | ... AC60: =SUM(AC49:AC59) -> 119173487 | AD60: 2.1.2.02.02.008
B61: 1.2 | C61: TOTAL COSTOS RECURSO HUMANO - SEDE PADMINISTRATIVA (VALOR NOMINA TOTAL PARA EL PROCESO) | D61: =D44 -> 2 | E61: =+E60*$D$61 -> 56622332 | F61: =ROUND(+F60*$D$61,0) -> 134521372 | G61: =ROUND(+G60*$D$61,0) -> 0 | H61: =ROUND(+H60*$D$61,0) -> 0 | I61: =ROUND(+I60*$D$61,0) -> 14447510 | J61: =ROUND(+J60*$D$61,0) -> 148968882 | K61: =ROUND(+K60*$D$61,0) -> 5605504 | L61: =ROUND(+L60*$D$61,0) -> 12413580 | M61: =ROUND(+M60*$D$61,0) -> 12413580 | ... P61: =ROUND(+P60*$D$61,0) -> 16142570 | R61: =ROUND(+R60*$D$61,0) -> 3112726 | S61: =ROUND(+S60*$D$61,0) -> 0 | T61: =ROUND(+T60*$D$61,0) -> 0 | U61: =ROUND(+U60*$D$61,0) -> 5380858 | V61: =ROUND(+V60*$D$61,0) -> 205527392 | W61: =ROUND(+W60*$D$61,0) -> 16442192 | X61: =ROUND(+X60*$D$61,0) -> 12504132 | Y61: =ROUND(+Y60*$D$61,0) -> 86924976 | ... AC61: =ROUND(+AC60*$D$61,0) -> 238346974 | AD61: 2.1.2.02.02.008
B63: 1 | C63: TOTAL COSTOS COMPONENTE 1 - RECURSO HUMANO PARA EL PROCESO- AMBAS SEDES SEDE PARQUE METROPOLITANO DE LAS AGUAS MAS SEDE ADMINISTRATIVA (VALOR NOMINA TOTAL PARA EL PROCESO) | D63: =+D60+D42 -> 131 | E63: =+E61+E44 -> 219989722 | F63: =+F61+F44 -> 637557874 | G63: =+G61+G44 -> 67909926 | H63: =+H61+H44 -> 63717956 | I63: =+I61+I44 -> 62273750 | J63: =+J61+J44 -> 831459506 | K63: =+K61+K44 -> 32051966 | L63: =+L61+L44 -> 69285522 | ... P63: =+P61+P44 -> 92302298 | R63: =+R61+R44 -> 26384640 | S63: =+S61+S44 -> 0 | T63: =+T61+T44 -> 0 | U63: =+U61+U44 -> 30767436 | V63: =+V61+V44 -> 1159851496 | W63: =+W61+W44 -> 92788118 | X63: =+X61+X44 -> 50406292 | Y63: =+Y61+Y44 -> 708251710 | ... AC63: =+AC61+AC44 -> 1394270492 | AD63: 2.1.2.02.02.008
N65: -
B66: 2 | C66: COMPONENTE 2 - SUMINISTRO DE INSUMOS, DOTACION, SERVICIOS COMPLEMENTARIOS Y OTROS COSTOS DE OPERACIÓN PARA LA PRESTACIÓN DE SERVICIOS GENERALES INTEGRALES PARA LA SEDE DEL PARQUE METROPOLITANO DE LAS AGUAS y LA SEDE ADMINISTRATIVA (Reembolsables : Pagados contra factura o soporte idoneo ejecutado en el mes del servicio o gasto, a fin de demostrar que estos realmente se causaron y se ejecutaron, en caso que exista variaciones de los valores revisados con respecto del valor propuesto en un menor valor se efectuaran los ajustes respectivos para establecer el efectivo valor a pagar. En todo caso, lo ejecutado no podrá superar el valor de la propuesta económica)
B67: 2.1 | C67: SUMINISTRO DE INSUMOS, DOTACION, SERVICIOS COMPLEMENTARIOS Y OTROS COSTOS DE OPERACIÓN PARA LA PRESTACIÓN DE SERVICIOS GENERALES INTEGRALES - SEDE PARQUE METROPOLITANO DE LAS AGUAS
B68: ITEM | C68: DESCRIPCIÓN | I68: N° VECES DURANTE EL CONTRATO | J68: COSTO UNITARIO | K68: COSTO TOTAL | L68: COSTO TOTAL | M68: AU (T) = (%AU * S) | N68: SUBTOTAL ANTES DE IVA | O68: V1= IVA APLICABLE A BIEN O SERVICIO (*) Ver Notas IVA N° 3 y 4 | P68: base para excentos | Q68: calculo base iva pleno | R68: calculo base excenta | S68: V2= IVA APLICABLE A A.U. (*) Ver Notas IVA N° 3 Y 4 | T68: SUBTOTAL IVA (V = V1 + V2) | U68: VALOR TOTAL INCLUIDO IVA (W) = U + V | V68: RUBRO PRESUPUESTAL
I69: (Q) | J69: (R) | K69: (S) = Q * R | L69: = (S) | M69: =8% -> 0.08 | N69: (U) = S + T | O69: 0.19 | S69: 0.19 | T69: (V) = V1+V2 | U69: (W) =U + V
B70: 2.1.1 | C70: SUMINISTRO DE INSUMOS Y DOTACION - SEDE PARQUE METROPOLITANO DE LAS AGUAS
A71: 3 | B71: 2.1.1.1 | C71: Dotación del Personal (Uniformes) | I71: 1 | K71: =ROUND(I71*J71,0) -> 0 | L71: =+K71 -> 0 | M71: =ROUND(L71*$M$69,0) -> 0 | N71: =+L71+M71 -> 0 | O71: =ROUND(L71*$O$69,0) -> 0 | Q71: =IFERROR(L71+M71,"") -> 0 | S71: =ROUND(M71*$S$69,0) -> 0 | T71: =+O71+S71 -> 0 | U71: =+N71+T71 -> 0 | V71: 2.1.5.01.02
A72: 5 | B72: 2.1.1.2 | C72: Insumos de Cafetería (Mensual) | I72: 2 | K72: =ROUND(I72*J72,0) -> 0 | L72: =+K72 -> 0 | M72: =ROUND(L72*$M$69,0) -> 0 | N72: =+L72+M72 -> 0 | O72: =ROUND(L72*10%*$O$69,0) -> 0 | P72: =ROUND(N72*10%,0) -> 0 | R72: =IFERROR(N72-P72,"") -> 0 | S72: =ROUND(M72*10%*$S$69,0) -> 0 | T72: =+O72+S72 -> 0 | U72: =+N72+T72 -> 0 | V72: 2.1.5.01.02
A73: 7 | B73: 2.1.1.3 | C73: Insumos de Aseo (Mensual) | I73: 2 | K73: =ROUND(I73*J73,0) -> 0 | L73: =+K73 -> 0 | M73: =ROUND(L73*$M$69,0) -> 0 | N73: =+L73+M73 -> 0 | O73: =ROUND(L73*10%*$O$69,0) -> 0 | P73: =ROUND(N73*10%,0) -> 0 | R73: =IFERROR(N73-P73,"") -> 0 | S73: =ROUND(M73*10%*$S$69,0) -> 0 | T73: =+O73+S73 -> 0 | U73: =+N73+T73 -> 0 | V73: 2.1.5.01.03
A74: 7 | B74: 2.1.1.4 | C74: Insumos de Aseo (Entrega unica) | I74: 1 | K74: =ROUND(I74*J74,0) -> 0 | L74: =+K74 -> 0 | M74: =ROUND(L74*$M$69,0) -> 0 | N74: =+L74+M74 -> 0 | O74: =ROUND(L74*10%*$O$69,0) -> 0 | P74: =ROUND(N74*10%,0) -> 0 | R74: =IFERROR(N74-P74,"") -> 0 | S74: =ROUND(M74*10%*$S$69,0) -> 0 | T74: =+O74+S74 -> 0 | U74: =+N74+T74 -> 0 | V74: 2.1.5.01.03
A75: 7 | B75: 2.1.1.6 | C75: Insumos de Jardinería (Entrega unica) | I75: 1 | K75: =ROUND(I75*J75,0) -> 0 | L75: =+K75 -> 0 | M75: =ROUND(L75*$M$69,0) -> 0 | N75: =+L75+M75 -> 0 | O75: =ROUND(L75*10%*$O$69,0) -> 0 | P75: =ROUND(N75*10%,0) -> 0 | R75: =IFERROR(N75-P75,"") -> 0 | S75: =ROUND(M75*10%*$S$69,0) -> 0 | T75: =+O75+S75 -> 0 | U75: =+N75+T75 -> 0 | V75: 2.1.5.01.03
A76: 7 | B76: 2.1.1.7 | C76: Insumos de Salud Ocupacional (Mensual) | I76: 2 | K76: =ROUND(I76*J76,0) -> 0 | L76: =+K76 -> 0 | M76: =ROUND(L76*$M$69,0) -> 0 | N76: =+L76+M76 -> 0 | O76: =ROUND(L76*$O$69,0) -> 0 | Q76: =IFERROR(L76+M76,"") -> 0 | S76: =ROUND(M76*$S$69,0) -> 0 | T76: =+O76+S76 -> 0 | U76: =+N76+T76 -> 0 | V76: 2.1.5.01.03
A77: 7 | B77: 2.1.1.8 | C77: Insumos de EEP (Entrega única) | I77: 1 | K77: =ROUND(I77*J77,0) -> 0 | L77: =+K77 -> 0 | M77: =ROUND(L77*$M$69,0) -> 0 | N77: =+L77+M77 -> 0 | O77: =ROUND(L77*$O$69,0) -> 0 | Q77: =IFERROR(L77+M77,"") -> 0 | S77: =ROUND(M77*$S$69,0) -> 0 | T77: =+O77+S77 -> 0 | U77: =+N77+T77 -> 0 | V77: 2.1.5.01.03
A78: 7 | B78: 2.1.1.9 | C78: Insumos de Enfermería (Mensual) | I78: 2 | K78: =ROUND(I78*J78,0) -> 0 | L78: =+K78 -> 0 | M78: =ROUND(L78*$M$69,0) -> 0 | N78: =+L78+M78 -> 0 | O78: =ROUND(L78*$O$69,0) -> 0 | Q78: =IFERROR(L78+M78,"") -> 0 | S78: =ROUND(M78*$S$69,0) -> 0 | T78: =+O78+S78 -> 0 | U78: =+N78+T78 -> 0 | V78: 2.1.5.01.03
A79: 7 | B79: 2.1.1.10 | C79: Insumos de Enfermería (Entrega única) | I79: 1 | K79: =ROUND(I79*J79,0) -> 0 | L79: =+K79 -> 0 | M79: =ROUND(L79*$M$69,0) -> 0 | N79: =+L79+M79 -> 0 | O79: =ROUND(L79*$O$69,0) -> 0 | Q79: =IFERROR(L79+M79,"") -> 0 | S79: =ROUND(M79*$S$69,0) -> 0 | T79: =+O79+S79 -> 0 | U79: =+N79+T79 -> 0 | V79: 2.1.5.01.03
B80: 2.1.1 | C80: SUBTOTAL - COSTOS SUMINISTRO DE INSUMOS Y DOTACION - SEDE PARQUE METROPOLITANO DE LAS AGUAS | K80: =SUM(K71:K79) -> 0 | L80: =SUM(L71:L79) -> 0 | M80: =SUM(M71:M78) -> 0 | N80: =SUM(N71:N79) -> 0 | O80: =SUM(O71:O78) -> 0 | P80: =SUM(P71:P78) -> 0 | Q80: =SUM(Q71:Q78) -> 0 | R80: =SUM(R71:R78) -> 0 | S80: =SUM(S71:S78) -> 0 | T80: =SUM(T71:T79) -> 0 | U80: =SUM(U71:U79) -> 0 | V80: 2.1.5.01.02 y 2.1.5.01.03
B81: 2.1.2 | C81: SERVICIOS COMPLEMENTARIOS Y OTROS COSTOS DE OPERACIÓN - SEDE PARQUE METROPOLITANO DE LAS AGUAS
A82: 9 | B82: 2.1.2.1 | C82: =CONCATENATE("Conservación de Zonas Verdes (",IF(I82=1,"1 Vez ",I82& " veces " ),"durante el plazo del Contrato en la vigencia 2026, previa coordinación con la Supervisión)") -> Conservación de Zonas Verdes (1 Vez durante el plazo del Contrato en la vigencia 2026, previa coordinación con la Supervisión) | I82: 1 | K82: =ROUND(I82*J82,0) -> 0 | L82: =+K82 -> 0 | M82: =ROUND(L82*$M$69,0) -> 0 | N82: =+L82+M82 -> 0 | O82: =ROUND(L82*10%*$O$69,0) -> 0 | P82: =ROUND(N82*10%,0) -> 0 | R82: =IFERROR(N82-P82,"") -> 0 | S82: =ROUND(M82*10%*$S$69,0) -> 0 | T82: =+O82+S82 -> 0 | U82: =+N82+T82 -> 0 | V82: 2.1.5.02.08
A83: 9 | B83: 2.1.2.2 | C83: =CONCATENATE("Servicios de Recolección de Residuos Peligrosos (",IF(I83=1,"1 Vez ",I83& " veces " ),"durante el plazo del Contrato en la vigencia 2026, previa coordinación con la Supervisión)") -> Servicios de Recolección de Residuos Peligrosos (2 veces durante el plazo del Contrato en la vigencia 2026, previa coordinación con la Supervisión) | I83: 2 | K83: =ROUND(I83*J83,0) -> 0 | L83: =+K83 -> 0 | M83: =ROUND(L83*$M$69,0) -> 0 | N83: =+L83+M83 -> 0 | O83: =ROUND(L83*10%*$O$69,0) -> 0 | P83: =ROUND(N83*10%,0) -> 0 | R83: =IFERROR(N83-P83,"") -> 0 | S83: =ROUND(M83*10%*$S$69,0) -> 0 | T83: =+O83+S83 -> 0 | U83: =+N83+T83 -> 0 | V83: 2.1.5.02.08
A84: 9 | B84: 2.1.2.3 | C84: Servicio de Fumigación y Control de Plagas | I84: 2 | K84: =ROUND(I84*J84,0) -> 0 | L84: =+K84 -> 0 | M84: =ROUND(L84*$M$69,0) -> 0 | N84: =+L84+M84 -> 0 | O84: =ROUND(L84*$O$69,0) -> 0 | Q84: =IFERROR(L84+M84,"") -> 0 | S84: =ROUND(M84*$S$69,0) -> 0 | T84: =+O84+S84 -> 0 | U84: =+N84+T84 -> 0 | V84: 2.1.5.02.08
A85: 9 | B85: 2.1.2.4 | C85: Servicio de Chipiado (Global) | I85: GLOBAL | K85: =J85 -> 0 | L85: =+K85 -> 0 | M85: =ROUND(L85*$M$69,0) -> 0 | N85: =+L85+M85 -> 0 | O85: =ROUND(L85*$O$69,0) -> 0 | Q85: =IFERROR(L85+M85,"") -> 0 | S85: =ROUND(M85*$S$69,0) -> 0 | T85: =+O85+S85 -> 0 | U85: 0 | V85: 2.1.5.02.08
A86: 9 | B86: 2.1.2.5 | C86: Servicio de Mantenimiento a Equipos Menores (Global) | I86: GLOBAL | K86: =J86 -> 0 | L86: =+K86 -> 0 | M86: =ROUND(L86*$M$69,0) -> 0 | N86: =+L86+M86 -> 0 | O86: =ROUND(L86*$O$69,0) -> 0 | Q86: =IFERROR(L86+M86,"") -> 0 | S86: =ROUND(M86*$S$69,0) -> 0 | T86: =+O86+S86 -> 0 | U86: =+N86+T86 -> 0 | V86: 2.1.5.02.08
A87: 9 | B87: 2.1.2.6 | C87: Bolsa maquinaria (Global) (30% del costo total de servicios complementarios) | I87: GLOBAL | J87: 8435254 | K87: =J87 -> 8435254 | L87: =+K87 -> 8435254 | M87: =ROUND(L87*$M$69,0) -> 674820 | N87: =+L87+M87 -> 9110074 | O87: =ROUND(L87*$O$69,0) -> 1602698 | Q87: =IFERROR(L87+M87,"") -> 9110074 | S87: =ROUND(M87*$S$69,0) -> 128216 | T87: =+O87+S87 -> 1730914 | U87: =+N87+T87 -> 10840988 | V87: 2.1.5.02.08
A88: 9 | B88: 2.1.2.7 | C88: Otros Reembolsables - Valor Fijo e Inmodificable y Reembolsable | I88: 2 | J88: 8505151 | K88: =ROUND(I88*J88,0) -> 17010302 | L88: =+K88 -> 17010302 | M88: =ROUND(L88*$M$69,0) -> 1360824 | N88: =+L88+M88 -> 18371126 | O88: =ROUND(L88*$O$69,0) -> 3231957 | Q88: =IFERROR(L88+M88,"") -> 18371126 | S88: =ROUND(M88*$S$69,0) -> 258557 | T88: =+O88+S88 -> 3490514 | U88: =+N88+T88 -> 21861640 | V88: 2.1.5.02.08
B89: 2.1.2 | C89: SUBTOTAL - COSTOS POR SERVICIOS COMPLEMENTARIOS Y OTROS COSTOS DE OPERACIÓN - SEDE PARQUE METROPOLITANO DE LAS AGUAS | K89: =SUM(K82:K88) -> 25445556 | L89: =SUM(L82:L88) -> 25445556 | M89: =SUM(M82:M88) -> 2035644 | N89: =SUM(N82:N88) -> 27481200 | O89: =SUM(O82:O88) -> 4834655 | P89: =SUM(P82:P88) -> 0 | Q89: =SUM(Q82:Q88) -> 27481200 | R89: =SUM(R82:R88) -> 0 | ... U89: =SUM(U82:U88) -> 32702628 | V89: 2.1.5.02.08
B90: 2.1 | C90: TOTAL COSTOS POR SUMINISTRO DE INSUMOS, DOTACION, SERVICIOS COMPLEMENTARIOS Y OTROS COSTOS DE OPERACIÓN PARA LA PRESTACIÓN DE SERVICIOS GENERALES INTEGRALES - SEDE PARQUE METROPOLITANO DE LAS AGUAS | K90: =+K80+K89 -> 25445556 | L90: =+L80+L89 -> 25445556 | M90: =+M80+M89 -> 2035644 | N90: =+N80+N89 -> 27481200 | Q90: =IFERROR(N90+O90,"") -> 27481200 | T90: =+T80+T89 -> 5221428 | U90: =+U80+U89 -> 32702628
B92: 2.2 | C92: SUMINISTRO DE INSUMOS, DOTACION, SERVICIOS COMPLEMENTARIOS Y OTROS COSTOS DE OPERACIÓN PARA LA PRESTACIÓN DE SERVICIOS GENERALES INTEGRALES - SEDE ADMINISTRATIVA
B93: ITEM | C93: DESCRIPCIÓN | I93: N° VECES DURANTE EL CONTRATO | J93: COSTO UNITARIO | K93: COSTO TOTAL | L93: COSTO TOTAL | M93: AU (T) = (%AU * S) | N93: SUBTOTAL ANTES DE IVA | O93: V1= IVA APLICABLE A BIEN O SERVICIO (*) Ver Notas IVA N° 3 y 4 | P93: base para excentos | Q93: calculo base iva pleno | R93: calculo base excenta | S93: V2= IVA APLICABLE A A.U. (*) Ver Notas IVA N° 3 Y 4 | T93: SUBTOTAL IVA (V = V1 + V2) | U93: VALOR TOTAL INCLUIDO IVA (W) = U + V | V93: RUBRO PRESUPUESTAL
I94: (Q) | J94: (R) | K94: (S) = Q * R | L94: = (S) | M94: =M69 -> 0.08 | N94: (U) = S + T | O94: 0.19 | S94: 0.19 | T94: (V) = V1+V2 | U94: (W) =U + V
B95: 2.2.1 | C95: SUMINISTRO DE INSUMOS Y DOTACION - SEDE ADMINISTRATIVA
A96: 4 | B96: 2.2.1.1 | C96: Dotación del Personal (Uniformes) | I96: 1 | K96: =ROUND(I96*J96,0) -> 0 | L96: =+K96 -> 0 | M96: =ROUND(L96*$M$94,0) -> 0 | N96: =+L96+M96 -> 0 | O96: =ROUND(L96*$O$94,0) -> 0 | Q96: =IFERROR(L96+M96,"") -> 0 | S96: =ROUND(M96*$S$94,0) -> 0 | T96: =+O96+S96 -> 0 | U96: =+N96+T96 -> 0 | V96: 2.1.2.02.02.002
A97: 6 | B97: 2.2.1.2 | C97: Insumos de Cafetería (Mensual) | I97: 2 | K97: =ROUND(I97*J97,0) -> 0 | L97: =+K97 -> 0 | M97: =ROUND(L97*$M$94,0) -> 0 | N97: =+L97+M97 -> 0 | O97: =ROUND(L97*10%*$O$94,0) -> 0 | P97: =ROUND(N97*10%,0) -> 0 | R97: =IFERROR(N97-P97,"") -> 0 | S97: =ROUND(M97*10%*$S$94,0) -> 0 | T97: =+O97+S97 -> 0 | U97: =+N97+T97 -> 0 | V97: 2.1.2.02.02.002
A98: 8 | B98: 2.2.1.3 | C98: Insumos de Aseo | I98: 2 | K98: =ROUND(I98*J98,0) -> 0 | L98: =+K98 -> 0 | M98: =ROUND(L98*$M$94,0) -> 0 | N98: =+L98+M98 -> 0 | O98: =ROUND(L98*10%*$O$94,0) -> 0 | P98: =ROUND(N98*10%,0) -> 0 | Q98: =IFERROR(L98+M98,"") -> 0 | R98: =IFERROR(N98-P98,"") -> 0 | S98: =ROUND(M98*10%*$S$94,0) -> 0 | T98: =+O98+S98 -> 0 | U98: =+N98+T98 -> 0 | V98: 2.1.2.02.02.003
B99: 2.2.1 | C99: SUBTOTAL - COSTOS SUMINISTRO DE INSUMOS Y DOTACION - SEDE ADMINISTRATIVA | K99: =SUM(K96:K98) -> 0 | L99: =SUM(L96:L98) -> 0 | M99: =SUM(M96:M97) -> 0 | N99: =SUM(N96:N98) -> 0 | O99: =SUM(O96:O97) -> 0 | P99: =SUM(P96:P97) -> 0 | Q99: =SUM(Q96:Q97) -> 0 | R99: =SUM(R96:R97) -> 0 | S99: =SUM(S96:S97) -> 0 | T99: =SUM(T96:T98) -> 0 | U99: =SUM(U96:U98) -> 0 | V99: 2.1.2.02.02.002 y 2.1.2.02.02.003
B100: 2.2.2 | C100: SERVICIOS COMPLEMENTARIOS Y OTROS COSTOS DE OPERACIÓN - SEDE ADMINISTRATIVA
A101: 10 | B101: 2.2.2.1 | C101: Fumigación edificio (Rastreros, Voladores, Roedores) ((previo acuerdo con la supervision) | I101: 2 | K101: =ROUND(I101*J101,0) -> 0 | L101: =+K101 -> 0 | M101: =ROUND(L101*$M$94,0) -> 0 | N101: =+L101+M101 -> 0 | O101: =ROUND(L101*$O$94,0) -> 0 | Q101: =IFERROR(L101+M101,"") -> 0 | S101: =ROUND(M101*$S$94,0) -> 0 | T101: =+O101+S101 -> 0 | U101: =+N101+T101 -> 0 | V101: 2.1.2.02.02.008
A102: 10 | B102: 2.2.2.2 | C102: Limpieza y desinfeccion a tanque de agua potable en FV de 9.000 litros (previo acuerdo con la supervision) | I102: 2 | K102: =ROUND(I102*J102,0) -> 0 | L102: =+K102 -> 0 | M102: =ROUND(L102*$M$94,0) -> 0 | N102: =+L102+M102 -> 0 | O102: =ROUND(L102*10%*$O$94,0) -> 0 | P102: =ROUND(N102*10%,0) -> 0 | R102: =IFERROR(N102-P102,"") -> 0 | S102: =ROUND(M102*10%*$S$94,0) -> 0 | T102: =+O102+S102 -> 0 | U102: =+N102+T102 -> 0 | V102: 2.1.2.02.02.008
A103: 10 | B103: 2.2.2.3 | C103: Limpieza y desinfeccion a Fuentes – interna (1) y externa (previo acuerdo con la supervision) | I103: 2 | K103: =ROUND(I103*J103,0) -> 0 | L103: =+K103 -> 0 | M103: =ROUND(L103*$M$94,0) -> 0 | N103: =+L103+M103 -> 0 | O103: =ROUND(L103*10%*$O$94,0) -> 0 | P103: =ROUND(N103*10%,0) -> 0 | R103: =IFERROR(N103-P103,"") -> 0 | S103: =ROUND(M103*10%*$S$94,0) -> 0 | T103: =+O103+S103 -> 0 | U103: =+N103+T103 -> 0 | V103: 2.1.2.02.02.008
A104: 10 | B104: 2.2.2.4 | C104: Limpieza y reparacion a puertas vidrieras (cuando sea necesario) | I104: GLOBAL | K104: =+J104 -> 0 | L104: =+K104 -> 0 | M104: =ROUND(L104*$M$94,0) -> 0 | N104: =+L104+M104 -> 0 | O104: =ROUND(L104*10%*$O$94,0) -> 0 | P104: =ROUND(N104*10%,0) -> 0 | R104: =IFERROR(N104-P104,"") -> 0 | S104: =ROUND(M104*10%*$S$94,0) -> 0 | T104: =+O104+S104 -> 0 | U104: =+N104+T104 -> 0 | V104: 2.1.2.02.02.008
A105: 10 | B105: 2.2.2.5 | C105: Control y reparacion de Humedades (cuando sea necesario) | I105: GLOBAL | K105: =+J105 -> 0 | L105: =+K105 -> 0 | M105: =ROUND(L105*$M$94,0) -> 0 | N105: =+L105+M105 -> 0 | O105: =ROUND(L105*10%*$O$94,0) -> 0 | P105: =ROUND(N105*10%,0) -> 0 | R105: =IFERROR(N105-P105,"") -> 0 | S105: =ROUND(M105*10%*$S$94,0) -> 0 | T105: =+O105+S105 -> 0 | U105: =+N105+T105 -> 0 | V105: 2.1.2.02.02.008
A106: 10 | B106: 2.2.2.6 | C106: Limpieza, desinfeccion y tratamiento de Aguas a tanques de refrigeración del Aire acondicionado ubicados en la Torre 2. (previo acuerdo con la supervision) | I106: 2 | K106: =ROUND(I106*J106,0) -> 0 | L106: =+K106 -> 0 | M106: =ROUND(L106*$M$94,0) -> 0 | N106: =+L106+M106 -> 0 | O106: =ROUND(L106*10%*$O$94,0) -> 0 | P106: =ROUND(N106*10%,0) -> 0 | R106: =IFERROR(N106-P106,"") -> 0 | S106: =ROUND(M106*10%*$S$94,0) -> 0 | T106: =+O106+S106 -> 0 | U106: =+N106+T106 -> 0 | V106: 2.1.2.02.02.008
A107: 10 | B107: 2.2.2.7 | C107: Lavado industrial y reparacion de los muebles, silletería y tapetes de auditorios, cancelería (previo acuerdo con la supervision) | I107: 2 | K107: =ROUND(I107*J107,0) -> 0 | L107: =+K107 -> 0 | M107: =ROUND(L107*$M$94,0) -> 0 | N107: =+L107+M107 -> 0 | O107: =ROUND(L107*$O$94,0) -> 0 | Q107: =IFERROR(L107+M107,"") -> 0 | S107: =ROUND(M107*$S$94,0) -> 0 | T107: =+O107+S107 -> 0 | U107: =+N107+T107 -> 0 | V107: 2.1.2.02.02.008
A108: 10 | B108: 2.2.2.8 | C108: Limpieza y adecuación del archivo rodante (previo acuerdo con la supervision) | I108: 2 | K108: =ROUND(I108*J108,0) -> 0 | L108: =+K108 -> 0 | M108: =ROUND(L108*$M$94,0) -> 0 | N108: =+L108+M108 -> 0 | O108: =ROUND(L108*$O$94,0) -> 0 | Q108: =IFERROR(L108+M108,"") -> 0 | S108: =ROUND(M108*$S$94,0) -> 0 | T108: =+O108+S108 -> 0 | U108: =+N108+T108 -> 0 | V108: 2.1.2.02.02.008
...

Sheet POE DETALLADO 2027
B1: FORMULARIO N° 6 SELECCIÓN ABREVIADA MEDIANTE SUBASTA INVERSA ELECTRÓNICA – SIE de 2025 "RELACIÓN DE PRECIOS UNITARIOS OFERTA GANADORA" “SERVICIOS GENERALES INTEGRALES PARA LA ADECUADA CONSERVACIÓN Y ATENCIÓN DE LOS SERVIDORES, USUARIOS Y DEMÁS VISITANTES DEL AMVA Y SUS DEMÁS SEDES”. OFERTA ECONÓMICA DETALLADS (44 HORAS SEMANA) - INCLUYE % AU OFICIAL (POE) e IVA OFERTA ECONÓMICA - PROPONENTE ADJUDICATARIO
B2: SELECCIÓN ABREVIADA MEDIANTE SUBASTA INVERSA ELECTRÓNICA – SIExxx de 2026
B3: RELACIÓN DE PRECIOS UNITARIOS OFERTA GANADORA | AG3: Incremento 2027 | AH3: 0.08
B4: “SERVICIOS GENERALES INTEGRALES PARA LA ADECUADA CONSERVACIÓN Y ATENCIÓN DE LOS SERVIDORES, USUARIOS Y DEMÁS VISITANTES DEL AMVA Y SUS DEMÁS SEDES”.
AG5: Plazo: | AH5: 6
B6: OFERTA ECONÓMICA DETALLADS (42 HORAS SEMANA) - INCLUYE % AU OFICIAL (POE) e IVA
B7: OFERTA ECONÓMICA - PROPONENTE ADJUDICATARIO
B9: 1 | C9: COMPONENTE 1 - COSTOS - RECURSO HUMANO
B10: 1.1 | C10: COSTOS RECURSO HUMANO - SEDE PARQUE METROPOLITANO DE LAS AGUAS | G10: =(5+4+4+4+5+4) -> 26 | H10: =(2+0+3+0+3+1) -> 9 | W10: Oferta Proponente
B11: ITEM | C11: PERSONAL POR OFICIO | D11: CANTIDAD CONTRATADO DE PERSONAL | E11: TOTAL COSTO UNITARIO REMUNERACIÓN MENSUAL (FIJA E INMODIFICABLE) * | F11: COSTO TOTAL REMUNERACIÓN MES | G11: RECARGO DOMINICAL MES | H11: RECARGO FESTIVO MES | I11: AUXILIO DE TRANSPORTE | J11: SALARIO TOTAL MES PROYECTADO (A) | K11: VACACIONES (B) | L11: PRIMA LEGAL (C ) | M11: CESANTÍAS (D ) | N11: INTERESES A LAS CESANTÍAS (E ) | O11: SALUD (F) | P11: PENSIÓN (G) | Q11: % Riesgos Profesionales (%FIJO E INMODIFICABLE) * | R11: RIESGOS PROFESIONALES (H) | S11: SENA (I) | T11: ICBF (J) | U11: CAJA DE COMPENSACIÓN FAMILIAR (K) | V11: TOTAL ACUMULADO SALARIO MES (L) = (SUMATORIA DESDE A HASTA K) | W11: AU (M) = (%AU * N) | X11: base para excentos | Y11: calculo base iva pleno | Z11: calculo base excenta | AA11: SUBTOTAL ANTES DE IVA (N) = M+N | AB11: IVA (O) * Ver Notas IVA N° 1, 2 | AC11: VALOR TOTAL MES INCLUIDO IVA ( P) =N + O | AD11: RUBRO PRESUPUESTAL
G12: 0.9 | H12: 1.9 | I12: =ROUND((249095+(249095*Incremento_2027)),0) -> 269023 | K12: 0.04167 | L12: 0.08333 | M12: 0.08333 | N12: 0.01 | O12: 0 | P12: 0.12 | S12: 0 | T12: 0 | U12: 0.04 | W12: 0.08 | AB12: 0.19
A13: 1 | B13: 1.1.1 | C13: Coordinador General | D13: 1 | E13: =ROUND(((5238163*Incremento_2027)+5238163),0) -> 5657216 | F13: =E13*D13 -> 5657216 | G13: =IFERROR(ROUND(($F13/(42*30/6)*7)*$G$12*$G$10/$D$44,0),"") -> 735438 | H13: =IFERROR(ROUND(($F13/(42*30/6)*7)*$H$12*$H$10/$D$44,0),"") -> 537436 | I13: =IF(E13>(1750905*2),0,$I$12*D13) -> 0 | J13: =IFERROR(SUM(F13:I13),"") -> 6930090 | K13: =IFERROR(ROUND((J13-I13)*$K$12,0),"") -> 288777 | L13: =IFERROR(ROUND((J13)*$L$12,0),"") -> 577484 | M13: =IFERROR(ROUND((J13)*$M$12,0),"") -> 577484 | N13: =IFERROR(ROUND((J13)*$N$12,0),"") -> 69301 | O13: =IFERROR(ROUND((J13-I13)*$O$12,0),"") -> 0 | P13: =IFERROR(ROUND((J13-I13)*$P$12,0),"") -> 831611 | Q13: 0.00522 | R13: =ROUND((J13-I13)*Q13,0) -> 36175 | S13: =IFERROR(ROUND((J13-I13)*$S$12,0),"") -> 0 | T13: =IFERROR(ROUND((J13-I13)*$T$12,0),"") -> 0 | U13: =ROUND((J13-I13)*$U$12,0) -> 277204 | V13: =IFERROR(+J13+K13+L13+M13+N13+O13+P13+R13+S13+T13+U13,"") -> 9588126 | W13: =IFERROR(ROUND(V13*$W$12,0),"") -> 767050 | Y13: =IFERROR(V13+W13,"") -> 10355176 | Z13: =IFERROR(Y13-(V13+W13),"") -> 0 | AA13: =IFERROR(V13+W13,"") -> 10355176 | AB13: =IFERROR(ROUND(AA13*$AB$12,0),"") -> 1967483 | AC13: =IFERROR(+AA13+AB13,"") -> 12322659 | AD13: 2.1.5.02.08
A14: 2 | B14: 1.1.2 | C14: Asistente | D14: 1 | E14: =ROUND((4200122*(1+Incremento_2027)),0) -> 4536132 | F14: =E14*D14 -> 4536132 | G14: =IFERROR(ROUND(($F14/(42*30/6)*7)*$G$12*$G$10/$D$44,0),"") -> 589697 | H14: =IFERROR(ROUND(($F14/(42*30/6)*7)*$H$12*$H$10/$D$44,0),"") -> 430933 | I14: =IF(E14>(1750905*2),0,$I$12*D14) -> 0 | J14: =IFERROR(SUM(F14:I14),"") -> 5556762 | K14: =IFERROR(ROUND((J14-I14)*$K$12,0),"") -> 231550 | L14: =IFERROR(ROUND((J14)*$L$12,0),"") -> 463045 | M14: =IFERROR(ROUND((J14)*$M$12,0),"") -> 463045 | N14: =IFERROR(ROUND((J14)*$N$12,0),"") -> 55568 | O14: =IFERROR(ROUND((J14-I14)*$O$12,0),"") -> 0 | P14: =IFERROR(ROUND((J14-I14)*$P$12,0),"") -> 666811 | Q14: 0.00522 | R14: =ROUND((J14-I14)*Q14,0) -> 29006 | S14: =IFERROR(ROUND((J14-I14)*$S$12,0),"") -> 0 | T14: =IFERROR(ROUND((J14-I14)*$T$12,0),"") -> 0 | U14: =ROUND((J14-I14)*$U$12,0) -> 222270 | V14: =IFERROR(+J14+K14+L14+M14+N14+O14+P14+R14+S14+T14+U14,"") -> 7688057 | W14: =IFERROR(ROUND(V14*$W$12,0),"") -> 615045 | Y14: =IFERROR(V14+W14,"") -> 8303102 | Z14: =IFERROR(Y14-(V14+W14),"") -> 0 | AA14: =IFERROR(V14+W14,"") -> 8303102 | AB14: =IFERROR(ROUND(AA14*$AB$12,0),"") -> 1577589 | AC14: =IFERROR(+AA14+AB14,"") -> 9880691 | AD14: 2.1.5.02.08
A15: 3 | B15: 1.1.3 | C15: Coordinador de mantenimiento locativo | D15: 1 | E15: =ROUND((4200122*(1+Incremento_2027)),0) -> 4536132 | F15: =E15*D15 -> 4536132 | G15: =IFERROR(ROUND(($F15/(42*30/6)*7)*$G$12*$G$10/$D$44,0),"") -> 589697 | H15: =IFERROR(ROUND(($F15/(42*30/6)*7)*$H$12*$H$10/$D$44,0),"") -> 430933 | I15: =IF(E15>(1750905*2),0,$I$12*D15) -> 0 | J15: =IFERROR(SUM(F15:I15),"") -> 5556762 | K15: =IFERROR(ROUND((J15-I15)*$K$12,0),"") -> 231550 | L15: =IFERROR(ROUND((J15)*$L$12,0),"") -> 463045 | M15: =IFERROR(ROUND((J15)*$M$12,0),"") -> 463045 | N15: =IFERROR(ROUND((J15)*$N$12,0),"") -> 55568 | O15: =IFERROR(ROUND((J15-I15)*$O$12,0),"") -> 0 | P15: =IFERROR(ROUND((J15-I15)*$P$12,0),"") -> 666811 | Q15: 0.00522 | R15: =ROUND((J15-I15)*Q15,0) -> 29006 | S15: =IFERROR(ROUND((J15-I15)*$S$12,0),"") -> 0 | T15: =IFERROR(ROUND((J15-I15)*$T$12,0),"") -> 0 | U15: =ROUND((J15-I15)*$U$12,0) -> 222270 | V15: =IFERROR(+J15+K15+L15+M15+N15+O15+P15+R15+S15+T15+U15,"") -> 7688057 | W15: =IFERROR(ROUND(V15*$W$12,0),"") -> 615045 | Y15: =IFERROR(V15+W15,"") -> 8303102 | Z15: =IFERROR(Y15-(V15+W15),"") -> 0 | AA15: =IFERROR(V15+W15,"") -> 8303102 | AB15: =IFERROR(ROUND(AA15*$AB$12,0),"") -> 1577589 | AC15: =IFERROR(+AA15+AB15,"") -> 9880691 | AD15: 2.1.5.02.08
A16: 4 | B16: 1.1.4 | C16: Tecnico o Tecnologo en Atencion Prehospitalaria | D16: 2 | E16: =ROUND((3453397*(1+Incremento_2027)),0) -> 3729669 | F16: =E16*D16 -> 7459338 | G16: =IFERROR(ROUND(($F16/(42*30/6)*7)*$G$12*$G$10/$D$44,0),"") -> 969714 | H16: =IFERROR(ROUND(($F16/(42*30/6)*7)*$H$12*$H$10/$D$44,0),"") -> 708637 | I16: =IF(E16>(1750905*2),0,$I$12*D16) -> 0 | J16: =IFERROR(SUM(F16:I16),"") -> 9137689 | K16: =IFERROR(ROUND((J16-I16)*$K$12,0),"") -> 380768 | L16: =IFERROR(ROUND((J16)*$L$12,0),"") -> 761444 | M16: =IFERROR(ROUND((J16)*$M$12,0),"") -> 761444 | N16: =IFERROR(ROUND((J16)*$N$12,0),"") -> 91377 | O16: =IFERROR(ROUND((J16-I16)*$O$12,0),"") -> 0 | P16: =IFERROR(ROUND((J16-I16)*$P$12,0),"") -> 1096523 | Q16: 0.02436 | R16: =ROUND((J16-I16)*Q16,0) -> 222594 | S16: =IFERROR(ROUND((J16-I16)*$S$12,0),"") -> 0 | T16: =IFERROR(ROUND((J16-I16)*$T$12,0),"") -> 0 | U16: =ROUND((J16-I16)*$U$12,0) -> 365508 | V16: =IFERROR(+J16+K16+L16+M16+N16+O16+P16+R16+S16+T16+U16,"") -> 12817347 | W16: =IFERROR(ROUND(V16*$W$12,0),"") -> 1025388 | Y16: =IFERROR(V16+W16,"") -> 13842735 | Z16: =IFERROR(Y16-(V16+W16),"") -> 0 | AA16: =IFERROR(V16+W16,"") -> 13842735 | AB16: =IFERROR(ROUND(AA16*$AB$12,0),"") -> 2630120 | AC16: =IFERROR(+AA16+AB16,"") -> 16472855 | AD16: 2.1.5.02.08
A17: 5 | B17: 1.1.5 | C17: Coordinador de Almacen | D17: 1 | E17: =ROUND((4200122*(1+Incremento_2027)),0) -> 4536132 | F17: =E17*D17 -> 4536132 | G17: =IFERROR(ROUND(($F17/(42*30/6)*7)*$G$12*$G$10/$D$44,0),"") -> 589697 | H17: =IFERROR(ROUND(($F17/(42*30/6)*7)*$H$12*$H$10/$D$44,0),"") -> 430933 | I17: =IF(E17>(1750905*2),0,$I$12*D17) -> 0 | J17: =IFERROR(SUM(F17:I17),"") -> 5556762 | K17: =IFERROR(ROUND((J17-I17)*$K$12,0),"") -> 231550 | L17: =IFERROR(ROUND((J17)*$L$12,0),"") -> 463045 | M17: =IFERROR(ROUND((J17)*$M$12,0),"") -> 463045 | N17: =IFERROR(ROUND((J17)*$N$12,0),"") -> 55568 | O17: =IFERROR(ROUND((J17-I17)*$O$12,0),"") -> 0 | P17: =IFERROR(ROUND((J17-I17)*$P$12,0),"") -> 666811 | Q17: 0.00522 | R17: =ROUND((J17-I17)*Q17,0) -> 29006 | S17: =IFERROR(ROUND((J17-I17)*$S$12,0),"") -> 0 | T17: =IFERROR(ROUND((J17-I17)*$T$12,0),"") -> 0 | U17: =ROUND((J17-I17)*$U$12,0) -> 222270 | V17: =IFERROR(+J17+K17+L17+M17+N17+O17+P17+R17+S17+T17+U17,"") -> 7688057 | W17: =IFERROR(ROUND(V17*$W$12,0),"") -> 615045 | Y17: =IFERROR(V17+W17,"") -> 8303102 | Z17: =IFERROR(Y17-(V17+W17),"") -> 0 | AA17: =IFERROR(V17+W17,"") -> 8303102 | AB17: =IFERROR(ROUND(AA17*$AB$12,0),"") -> 1577589 | AC17: =IFERROR(+AA17+AB17,"") -> 9880691 | AD17: 2.1.5.02.08
A18: 6 | B18: 1.1.6 | C18: Auxiliar de Almacen | D18: 1 | E18: =ROUND((2286853*(1+Incremento_2027)),0) -> 2469801 | F18: =E18*D18 -> 2469801 | G18: =IFERROR(ROUND(($F18/(42*30/6)*7)*$G$12*$G$10/$D$44,0),"") -> 321074 | H18: =IFERROR(ROUND(($F18/(42*30/6)*7)*$H$12*$H$10/$D$44,0),"") -> 234631 | I18: =IF(E18>(1750905*2),0,$I$12*D18) -> 269023 | J18: =IFERROR(SUM(F18:I18),"") -> 3294529 | K18: =IFERROR(ROUND((J18-I18)*$K$12,0),"") -> 126073 | L18: =IFERROR(ROUND((J18)*$L$12,0),"") -> 274533 | M18: =IFERROR(ROUND((J18)*$M$12,0),"") -> 274533 | N18: =IFERROR(ROUND((J18)*$N$12,0),"") -> 32945 | O18: =IFERROR(ROUND((J18-I18)*$O$12,0),"") -> 0 | P18: =IFERROR(ROUND((J18-I18)*$P$12,0),"") -> 363061 | Q18: 0.00522 | R18: =ROUND((J18-I18)*Q18,0) -> 15793 | S18: =IFERROR(ROUND((J18-I18)*$S$12,0),"") -> 0 | T18: =IFERROR(ROUND((J18-I18)*$T$12,0),"") -> 0 | U18: =ROUND((J18-I18)*$U$12,0) -> 121020 | V18: =IFERROR(+J18+K18+L18+M18+N18+O18+P18+R18+S18+T18+U18,"") -> 4502487 | W18: =IFERROR(ROUND(V18*$W$12,0),"") -> 360199 | Y18: =IFERROR(V18+W18,"") -> 4862686 | Z18: =IFERROR(Y18-(V18+W18),"") -> 0 | AA18: =IFERROR(V18+W18,"") -> 4862686 | AB18: =IFERROR(ROUND(AA18*$AB$12,0),"") -> 923910 | AC18: =IFERROR(+AA18+AB18,"") -> 5786596 | AD18: 2.1.5.02.08
A19: 7 | B19: 1.1.7 | C19: Tecnologo en Salud Ocupacional | D19: 1 | E19: =ROUND((3453397*(1+Incremento_2027)),0) -> 3729669 | F19: =E19*D19 -> 3729669 | G19: =IFERROR(ROUND(($F19/(42*30/6)*7)*$G$12*$G$10/$D$44,0),"") -> 484857 | H19: =IFERROR(ROUND(($F19/(42*30/6)*7)*$H$12*$H$10/$D$44,0),"") -> 354319 | I19: =IF(E19>(1750905*2),0,$I$12*D19) -> 0 | J19: =IFERROR(SUM(F19:I19),"") -> 4568845 | K19: =IFERROR(ROUND((J19-I19)*$K$12,0),"") -> 190384 | L19: =IFERROR(ROUND((J19)*$L$12,0),"") -> 380722 | M19: =IFERROR(ROUND((J19)*$M$12,0),"") -> 380722 | N19: =IFERROR(ROUND((J19)*$N$12,0),"") -> 45688 | O19: =IFERROR(ROUND((J19-I19)*$O$12,0),"") -> 0 | P19: =IFERROR(ROUND((J19-I19)*$P$12,0),"") -> 548261 | Q19: 0.02436 | R19: =ROUND((J19-I19)*Q19,0) -> 111297 | S19: =IFERROR(ROUND((J19-I19)*$S$12,0),"") -> 0 | T19: =IFERROR(ROUND((J19-I19)*$T$12,0),"") -> 0 | U19: =ROUND((J19-I19)*$U$12,0) -> 182754 | V19: =IFERROR(+J19+K19+L19+M19+N19+O19+P19+R19+S19+T19+U19,"") -> 6408673 | W19: =IFERROR(ROUND(V19*$W$12,0),"") -> 512694 | Y19: =IFERROR(V19+W19,"") -> 6921367 | Z19: =IFERROR(Y19-(V19+W19),"") -> 0 | AA19: =IFERROR(V19+W19,"") -> 6921367 | AB19: =IFERROR(ROUND(AA19*$AB$12,0),"") -> 1315060 | AC19: =IFERROR(+AA19+AB19,"") -> 8236427 | AD19: 2.1.5.02.08
A20: 8 | B20: 1.1.8 | C20: Coordinador ambiental | D20: 1 | E20: =4200122*(1+Incremento_2027) -> 4536131.8 | F20: =E20*D20 -> 4536131.8 | G20: =IFERROR(ROUND(($F20/(42*30/6)*7)*$G$12*$G$10/$D$44,0),"") -> 589697 | H20: =IFERROR(ROUND(($F20/(42*30/6)*7)*$H$12*$H$10/$D$44,0),"") -> 430933 | I20: =IF(E20>(1750905*2),0,$I$12*D20) -> 0 | J20: =IFERROR(SUM(F20:I20),"") -> 5556761.8 | K20: =IFERROR(ROUND((J20-I20)*$K$12,0),"") -> 231550 | L20: =IFERROR(ROUND((J20)*$L$12,0),"") -> 463045 | M20: =IFERROR(ROUND((J20)*$M$12,0),"") -> 463045 | N20: =IFERROR(ROUND((J20)*$N$12,0),"") -> 55568 | O20: =IFERROR(ROUND((J20-I20)*$O$12,0),"") -> 0 | P20: =IFERROR(ROUND((J20-I20)*$P$12,0),"") -> 666811 | Q20: 0.02436 | R20: =ROUND((J20-I20)*Q20,0) -> 135363 | S20: =IFERROR(ROUND((J20-I20)*$S$12,0),"") -> 0 | T20: =IFERROR(ROUND((J20-I20)*$T$12,0),"") -> 0 | U20: =ROUND((J20-I20)*$U$12,0) -> 222270 | V20: =IFERROR(+J20+K20+L20+M20+N20+O20+P20+R20+S20+T20+U20,"") -> 7794413.8 | W20: =IFERROR(ROUND(V20*$W$12,0),"") -> 623553 | Y20: =IFERROR(V20+W20,"") -> 8417966.8 | Z20: =IFERROR(Y20-(V20+W20),"") -> 0 | AA20: =IFERROR(V20+W20,"") -> 8417966.8 | AB20: =IFERROR(ROUND(AA20*$AB$12,0),"") -> 1599414 | AC20: =IFERROR(+AA20+AB20,"") -> 10017381 | AD20: 2.1.5.02.08
A21: 9 | B21: 1.1.9 | C21: Taquillero | D21: 4 | E21: =ROUND((2286853*(1+Incremento_2027)),0) -> 2469801 | F21: =E21*D21 -> 9879204 | G21: =IFERROR(ROUND(($F21/(42*30/6)*7)*$G$12*$G$10/$D$44,0),"") -> 1284297 | H21: =IFERROR(ROUND(($F21/(42*30/6)*7)*$H$12*$H$10/$D$44,0),"") -> 938524 | I21: =IF(E21>(1750905*2),0,$I$12*D21) -> 1076092 | J21: =IFERROR(SUM(F21:I21),"") -> 13178117 | K21: =IFERROR(ROUND((J21-I21)*$K$12,0),"") -> 504291 | L21: =IFERROR(ROUND((J21)*$L$12,0),"") -> 1098132 | M21: =IFERROR(ROUND((J21)*$M$12,0),"") -> 1098132 | N21: =IFERROR(ROUND((J21)*$N$12,0),"") -> 131781 | O21: =IFERROR(ROUND((J21-I21)*$O$12,0),"") -> 0 | P21: =IFERROR(ROUND((J21-I21)*$P$12,0),"") -> 1452243 | Q21: 0.00522 | R21: =ROUND((J21-I21)*Q21,0) -> 63173 | S21: =IFERROR(ROUND((J21-I21)*$S$12,0),"") -> 0 | T21: =IFERROR(ROUND((J21-I21)*$T$12,0),"") -> 0 | U21: =ROUND((J21-I21)*$U$12,0) -> 484081 | V21: =IFERROR(+J21+K21+L21+M21+N21+O21+P21+R21+S21+T21+U21,"") -> 18009950 | W21: =IFERROR(ROUND(V21*$W$12,0),"") -> 1440796 | Y21: =IFERROR(V21+W21,"") -> 19450746 | Z21: =IFERROR(Y21-(V21+W21),"") -> 0 | AA21: =IFERROR(V21+W21,"") -> 19450746 | AB21: =IFERROR(ROUND(AA21*$AB$12,0),"") -> 3695642 | AC21: =IFERROR(+AA21+AB21,"") -> 23146388 | AD21: 2.1.5.02.08
A22: 10 | B22: 1.1.10 | C22: Auxiliar operativo y de información | D22: 1 | E22: =ROUND((2286853*(1+Incremento_2027)),0) -> 2469801 | F22: =E22*D22 -> 2469801 | G22: =IFERROR(ROUND(($F22/(42*30/6)*7)*$G$12*$G$10/$D$44,0),"") -> 321074 | H22: =IFERROR(ROUND(($F22/(42*30/6)*7)*$H$12*$H$10/$D$44,0),"") -> 234631 | I22: =IF(E22>(1750905*2),0,$I$12*D22) -> 269023 | J22: =IFERROR(SUM(F22:I22),"") -> 3294529 | K22: =IFERROR(ROUND((J22-I22)*$K$12,0),"") -> 126073 | L22: =IFERROR(ROUND((J22)*$L$12,0),"") -> 274533 | M22: =IFERROR(ROUND((J22)*$M$12,0),"") -> 274533 | N22: =IFERROR(ROUND((J22)*$N$12,0),"") -> 32945 | O22: =IFERROR(ROUND((J22-I22)*$O$12,0),"") -> 0 | P22: =IFERROR(ROUND((J22-I22)*$P$12,0),"") -> 363061 | Q22: 0.00522 | R22: =ROUND((J22-I22)*Q22,0) -> 15793 | S22: =IFERROR(ROUND((J22-I22)*$S$12,0),"") -> 0 | T22: =IFERROR(ROUND((J22-I22)*$T$12,0),"") -> 0 | U22: =ROUND((J22-I22)*$U$12,0) -> 121020 | V22: =IFERROR(+J22+K22+L22+M22+N22+O22+P22+R22+S22+T22+U22,"") -> 4502487 | W22: =IFERROR(ROUND(V22*$W$12,0),"") -> 360199 | Y22: =IFERROR(V22+W22,"") -> 4862686 | Z22: =IFERROR(Y22-(V22+W22),"") -> 0 | AA22: =IFERROR(V22+W22,"") -> 4862686 | AB22: =IFERROR(ROUND(AA22*$AB$12,0),"") -> 923910 | AC22: =IFERROR(+AA22+AB22,"") -> 5786596 | AD22: 2.1.5.02.08
A23: 11 | B23: 1.1.11 | C23: Auxiliar de Guarda Ropa | D23: 2 | E23: =ROUND((2219582*(1+Incremento_2027)),0) -> 2397149 | F23: =E23*D23 -> 4794298 | G23: =IFERROR(ROUND(($F23/(42*30/6)*7)*$G$12*$G$10/$D$44,0),"") -> 623259 | H23: =IFERROR(ROUND(($F23/(42*30/6)*7)*$H$12*$H$10/$D$44,0),"") -> 455458 | I23: =IF(E23>(1750905*2),0,$I$12*D23) -> 538046 | J23: =IFERROR(SUM(F23:I23),"") -> 6411061 | K23: =IFERROR(ROUND((J23-I23)*$K$12,0),"") -> 244729 | L23: =IFERROR(ROUND((J23)*$L$12,0),"") -> 534234 | M23: =IFERROR(ROUND((J23)*$M$12,0),"") -> 534234 | N23: =IFERROR(ROUND((J23)*$N$12,0),"") -> 64111 | O23: =IFERROR(ROUND((J23-I23)*$O$12,0),"") -> 0 | P23: =IFERROR(ROUND((J23-I23)*$P$12,0),"") -> 704762 | Q23: 0.00522 | R23: =ROUND((J23-I23)*Q23,0) -> 30657 | S23: =IFERROR(ROUND((J23-I23)*$S$12,0),"") -> 0 | T23: =IFERROR(ROUND((J23-I23)*$T$12,0),"") -> 0 | U23: =ROUND((J23-I23)*$U$12,0) -> 234921 | V23: =IFERROR(+J23+K23+L23+M23+N23+O23+P23+R23+S23+T23+U23,"") -> 8758709 | W23: =IFERROR(ROUND(V23*$W$12,0),"") -> 700697 | Y23: =IFERROR(V23+W23,"") -> 9459406 | Z23: =IFERROR(Y23-(V23+W23),"") -> 0 | AA23: =IFERROR(V23+W23,"") -> 9459406 | AB23: =IFERROR(ROUND(AA23*$AB$12,0),"") -> 1797287 | AC23: =IFERROR(+AA23+AB23,"") -> 11256693 | AD23: 2.1.5.02.08
A24: 12 | B24: 1.1.12 | C24: Tecnicos para adecuaciones y conservación en general | D24: 6 | E24: =ROUND((3062112*(1+Incremento_2027)),0) -> 3307081 | F24: =E24*D24 -> 19842486 | G24: =IFERROR(ROUND(($F24/(42*30/6)*7)*$G$12*$G$10/$D$44,0),"") -> 2579523 | H24: =IFERROR(ROUND(($F24/(42*30/6)*7)*$H$12*$H$10/$D$44,0),"") -> 1885036 | I24: =IF(E24>(1750905*2),0,$I$12*D24) -> 1614138 | J24: =IFERROR(SUM(F24:I24),"") -> 25921183 | K24: =IFERROR(ROUND((J24-I24)*$K$12,0),"") -> 1012875 | L24: =IFERROR(ROUND((J24)*$L$12,0),"") -> 2160012 | M24: =IFERROR(ROUND((J24)*$M$12,0),"") -> 2160012 | N24: =IFERROR(ROUND((J24)*$N$12,0),"") -> 259212 | O24: =IFERROR(ROUND((J24-I24)*$O$12,0),"") -> 0 | P24: =IFERROR(ROUND((J24-I24)*$P$12,0),"") -> 2916845 | Q24: 0.0696 | R24: =ROUND((J24-I24)*Q24,0) -> 1691770 | S24: =IFERROR(ROUND((J24-I24)*$S$12,0),"") -> 0 | T24: =IFERROR(ROUND((J24-I24)*$T$12,0),"") -> 0 | U24: =ROUND((J24-I24)*$U$12,0) -> 972282 | V24: =IFERROR(+J24+K24+L24+M24+N24+O24+P24+R24+S24+T24+U24,"") -> 37094191 | W24: =IFERROR(ROUND(V24*$W$12,0),"") -> 2967535 | Y24: =IFERROR(V24+W24,"") -> 40061726 | Z24: =IFERROR(Y24-(V24+W24),"") -> 0 | AA24: =IFERROR(V24+W24,"") -> 40061726 | AB24: =IFERROR(ROUND(AA24*$AB$12,0),"") -> 7611728 | AC24: =IFERROR(+AA24+AB24,"") -> 47673454 | AD24: 2.1.5.02.08
A25: 13 | B25: 1.1.13 | C25: Mensajero | D25: 1 | E25: =ROUND((2219582*(1+Incremento_2027)),0) -> 2397149 | F25: =E25*D25 -> 2397149 | G25: =IFERROR(ROUND(($F25/(42*30/6)*7)*$G$12*$G$10/$D$44,0),"") -> 311629 | H25: =IFERROR(ROUND(($F25/(42*30/6)*7)*$H$12*$H$10/$D$44,0),"") -> 227729 | I25: =IF(E25>(1750905*2),0,$I$12*D25) -> 269023 | J25: =IFERROR(SUM(F25:I25),"") -> 3205530 | K25: =IFERROR(ROUND((J25-I25)*$K$12,0),"") -> 122364 | L25: =IFERROR(ROUND((J25)*$L$12,0),"") -> 267117 | M25: =IFERROR(ROUND((J25)*$M$12,0),"") -> 267117 | N25: =IFERROR(ROUND((J25)*$N$12,0),"") -> 32055 | O25: =IFERROR(ROUND((J25-I25)*$O$12,0),"") -> 0 | P25: =IFERROR(ROUND((J25-I25)*$P$12,0),"") -> 352381 | Q25: 0.0696 | R25: =ROUND((J25-I25)*Q25,0) -> 204381 | S25: =IFERROR(ROUND((J25-I25)*$S$12,0),"") -> 0 | T25: =IFERROR(ROUND((J25-I25)*$T$12,0),"") -> 0 | U25: =ROUND((J25-I25)*$U$12,0) -> 117460 | V25: =IFERROR(+J25+K25+L25+M25+N25+O25+P25+R25+S25+T25+U25,"") -> 4568405 | W25: =IFERROR(ROUND(V25*$W$12,0),"") -> 365472 | Y25: =IFERROR(V25+W25,"") -> 4933877 | Z25: =IFERROR(Y25-(V25+W25),"") -> 0 | AA25: =IFERROR(V25+W25,"") -> 4933877 | AB25: =IFERROR(ROUND(AA25*$AB$12,0),"") -> 937437 | AC25: =IFERROR(+AA25+AB25,"") -> 5871314 | AD25: 2.1.5.02.08
A26: 14 | B26: 1.1.14 | C26: Auxiliar Operativo o afines | D26: 4 | E26: =ROUND((2219582*(1+Incremento_2027)),0) -> 2397149 | F26: =E26*D26 -> 9588596 | G26: =IFERROR(ROUND(($F26/(42*30/6)*7)*$G$12*$G$10/$D$44,0),"") -> 1246517 | H26: =IFERROR(ROUND(($F26/(42*30/6)*7)*$H$12*$H$10/$D$44,0),"") -> 910917 | I26: =IF(E26>(1750905*2),0,$I$12*D26) -> 1076092 | J26: =IFERROR(SUM(F26:I26),"") -> 12822122 | K26: =IFERROR(ROUND((J26-I26)*$K$12,0),"") -> 489457 | L26: =IFERROR(ROUND((J26)*$L$12,0),"") -> 1068467 | M26: =IFERROR(ROUND((J26)*$M$12,0),"") -> 1068467 | N26: =IFERROR(ROUND((J26)*$N$12,0),"") -> 128221 | O26: =IFERROR(ROUND((J26-I26)*$O$12,0),"") -> 0 | P26: =IFERROR(ROUND((J26-I26)*$P$12,0),"") -> 1409524 | Q26: 0.0696 | R26: =ROUND((J26-I26)*Q26,0) -> 817524 | S26: =IFERROR(ROUND((J26-I26)*$S$12,0),"") -> 0 | T26: =IFERROR(ROUND((J26-I26)*$T$12,0),"") -> 0 | U26: =ROUND((J26-I26)*$U$12,0) -> 469841 | V26: =IFERROR(+J26+K26+L26+M26+N26+O26+P26+R26+S26+T26+U26,"") -> 18273623 | W26: =IFERROR(ROUND(V26*$W$12,0),"") -> 1461890 | Y26: =IFERROR(V26+W26,"") -> 19735513 | Z26: =IFERROR(Y26-(V26+W26),"") -> 0 | AA26: =IFERROR(V26+W26,"") -> 19735513 | AB26: =IFERROR(ROUND(AA26*$AB$12,0),"") -> 3749747 | AC26: =IFERROR(+AA26+AB26,"") -> 23485260 | AD26: 2.1.5.02.08
A27: 15 | B27: 1.1.15 | C27: Técnico Planta de Tratamiento de Aguas Residuales | D27: 1 | E27: =ROUND(((3062112*Incremento_2027)+3062112),0) -> 3307081 | F27: =E27*D27 -> 3307081 | G27: =IFERROR(ROUND(($F27/(42*30/6)*7)*$G$12*$G$10/$D$44,0),"") -> 429921 | H27: =IFERROR(ROUND(($F27/(42*30/6)*7)*$H$12*$H$10/$D$44,0),"") -> 314173 | I27: =IF(E27>(1750905*2),0,$I$12*D27) -> 269023 | J27: =IFERROR(SUM(F27:I27),"") -> 4320198 | K27: =IFERROR(ROUND((J27-I27)*$K$12,0),"") -> 168812 | L27: =IFERROR(ROUND((J27)*$L$12,0),"") -> 360002 | M27: =IFERROR(ROUND((J27)*$M$12,0),"") -> 360002 | N27: =IFERROR(ROUND((J27)*$N$12,0),"") -> 43202 | O27: =IFERROR(ROUND((J27-I27)*$O$12,0),"") -> 0 | P27: =IFERROR(ROUND((J27-I27)*$P$12,0),"") -> 486141 | Q27: 0.0435 | R27: =ROUND((J27-I27)*Q27,0) -> 176226 | S27: =IFERROR(ROUND((J27-I27)*$S$12,0),"") -> 0 | T27: =IFERROR(ROUND((J27-I27)*$T$12,0),"") -> 0 | U27: =ROUND((J27-I27)*$U$12,0) -> 162047 | V27: =IFERROR(+J27+K27+L27+M27+N27+O27+P27+R27+S27+T27+U27,"") -> 6076630 | W27: =IFERROR(ROUND(V27*$W$12,0),"") -> 486130 | X27: =IFERROR(ROUND(V27*10%,0),"") -> 607663 | Z27: =IFERROR(V27-X27+W27,"") -> 5955097 | AA27: =IFERROR(V27+W27,"") -> 6562760 | AB27: =IFERROR(ROUND(X27*$AB$12,0),"") -> 115456 | AC27: =IFERROR(+AA27+AB27,"") -> 6678216 | AD27: 2.1.5.02.08
A28: 16 | B28: 1.1.16 | C28: Manejo de agua de piscinas uso Recreativo M1 | D28: 1 | E28: =ROUND((3062112*(1+Incremento_2027)),0) -> 3307081 | F28: =E28*D28 -> 3307081 | G28: =IFERROR(ROUND(($F28/(42*30/6)*7)*$G$12*$G$10/$D$44,0),"") -> 429921 | H28: =IFERROR(ROUND(($F28/(42*30/6)*7)*$H$12*$H$10/$D$44,0),"") -> 314173 | I28: =IF(E28>(1750905*2),0,$I$12*D28) -> 269023 | J28: =IFERROR(SUM(F28:I28),"") -> 4320198 | K28: =IFERROR(ROUND((J28-I28)*$K$12,0),"") -> 168812 | L28: =IFERROR(ROUND((J28)*$L$12,0),"") -> 360002 | M28: =IFERROR(ROUND((J28)*$M$12,0),"") -> 360002 | N28: =IFERROR(ROUND((J28)*$N$12,0),"") -> 43202 | O28: =IFERROR(ROUND((J28-I28)*$O$12,0),"") -> 0 | P28: =IFERROR(ROUND((J28-I28)*$P$12,0),"") -> 486141 | Q28: 0.0435 | R28: =ROUND((J28-I28)*Q28,0) -> 176226 | S28: =IFERROR(ROUND((J28-I28)*$S$12,0),"") -> 0 | T28: =IFERROR(ROUND((J28-I28)*$T$12,0),"") -> 0 | U28: =ROUND((J28-I28)*$U$12,0) -> 162047 | V28: =IFERROR(+J28+K28+L28+M28+N28+O28+P28+R28+S28+T28+U28,"") -> 6076630 | W28: =IFERROR(ROUND(V28*$W$12,0),"") -> 486130 | X28: =IFERROR(ROUND(V28*10%,0),"") -> 607663 | Z28: =IFERROR(V28-X28+W28,"") -> 5955097 | AA28: =IFERROR(V28+W28,"") -> 6562760 | AB28: =IFERROR(ROUND(X28*$AB$12,0),"") -> 115456 | AC28: =IFERROR(+AA28+AB28,"") -> 6678216 | AD28: 2.1.5.02.08
A29: 17 | B29: 1.1.17 | C29: Piscineros | D29: 6 | E29: =ROUND((2573073*(1+Incremento_2027)),0) -> 2778919 | F29: =E29*D29 -> 16673514 | G29: =IFERROR(ROUND(($F29/(42*30/6)*7)*$G$12*$G$10/$D$44,0),"") -> 2167557 | H29: =IFERROR(ROUND(($F29/(42*30/6)*7)*$H$12*$H$10/$D$44,0),"") -> 1583984 | I29: =IF(E29>(1750905*2),0,$I$12*D29) -> 1614138 | J29: =IFERROR(SUM(F29:I29),"") -> 22039193 | K29: =IFERROR(ROUND((J29-I29)*$K$12,0),"") -> 851112 | L29: =IFERROR(ROUND((J29)*$L$12,0),"") -> 1836526 | M29: =IFERROR(ROUND((J29)*$M$12,0),"") -> 1836526 | N29: =IFERROR(ROUND((J29)*$N$12,0),"") -> 220392 | O29: =IFERROR(ROUND((J29-I29)*$O$12,0),"") -> 0 | P29: =IFERROR(ROUND((J29-I29)*$P$12,0),"") -> 2451007 | Q29: 0.0435 | R29: =ROUND((J29-I29)*Q29,0) -> 888490 | S29: =IFERROR(ROUND((J29-I29)*$S$12,0),"") -> 0 | T29: =IFERROR(ROUND((J29-I29)*$T$12,0),"") -> 0 | U29: =ROUND((J29-I29)*$U$12,0) -> 817002 | V29: =IFERROR(+J29+K29+L29+M29+N29+O29+P29+R29+S29+T29+U29,"") -> 30940248 | W29: =IFERROR(ROUND(V29*$W$12,0),"") -> 2475220 | X29: =IFERROR(ROUND(V29*10%,0),"") -> 3094025 | Z29: =IFERROR(V29-X29+W29,"") -> 30321443 | AA29: =IFERROR(V29+W29,"") -> 33415468 | AB29: =IFERROR(ROUND(X29*$AB$12,0),"") -> 587865 | AC29: =IFERROR(+AA29+AB29,"") -> 34003333 | AD29: 2.1.5.02.08
A30: 18 | B30: 1.1.18 | C30: Auxiliar Mantenimiento y Reparación de Flotadores | D30: 1 | E30: =ROUND((2219582*(1+Incremento_2027)),0) -> 2397149 | F30: =E30*D30 -> 2397149 | G30: =IFERROR(ROUND(($F30/(42*30/6)*7)*$G$12*$G$10/$D$44,0),"") -> 311629 | H30: =IFERROR(ROUND(($F30/(42*30/6)*7)*$H$12*$H$10/$D$44,0),"") -> 227729 | I30: =IF(E30>(1750905*2),0,$I$12*D30) -> 269023 | J30: =IFERROR(SUM(F30:I30),"") -> 3205530 | K30: =IFERROR(ROUND((J30-I30)*$K$12,0),"") -> 122364 | L30: =IFERROR(ROUND((J30)*$L$12,0),"") -> 267117 | M30: =IFERROR(ROUND((J30)*$M$12,0),"") -> 267117 | N30: =IFERROR(ROUND((J30)*$N$12,0),"") -> 32055 | O30: =IFERROR(ROUND((J30-I30)*$O$12,0),"") -> 0 | P30: =IFERROR(ROUND((J30-I30)*$P$12,0),"") -> 352381 | Q30: 0.0435 | R30: =ROUND((J30-I30)*Q30,0) -> 127738 | S30: =IFERROR(ROUND((J30-I30)*$S$12,0),"") -> 0 | T30: =IFERROR(ROUND((J30-I30)*$T$12,0),"") -> 0 | U30: =ROUND((J30-I30)*$U$12,0) -> 117460 | V30: =IFERROR(+J30+K30+L30+M30+N30+O30+P30+R30+S30+T30+U30,"") -> 4491762 | W30: =IFERROR(ROUND(V30*$W$12,0),"") -> 359341 | X30: =IFERROR(ROUND(V30*10%,0),"") -> 449176 | Z30: =IFERROR(V30-X30+W30,"") -> 4401927 | AA30: =IFERROR(V30+W30,"") -> 4851103 | AB30: =IFERROR(ROUND(X30*$AB$12,0),"") -> 85343 | AC30: =IFERROR(+AA30+AB30,"") -> 4936446 | AD30: 2.1.5.02.08
A31: 19 | B31: 1.1.19 | C31: Lider Servicios Generales | D31: 1 | E31: =ROUND((3062112*(1+Incremento_2027)),0) -> 3307081 | F31: =E31*D31 -> 3307081 | G31: =IFERROR(ROUND(($F31/(42*30/6)*7)*$G$12*$G$10/$D$44,0),"") -> 429921 | H31: =IFERROR(ROUND(($F31/(42*30/6)*7)*$H$12*$H$10/$D$44,0),"") -> 314173 | I31: =IF(E31>(1750905*2),0,$I$12*D31) -> 269023 | J31: =IFERROR(SUM(F31:I31),"") -> 4320198 | K31: =IFERROR(ROUND((J31-I31)*$K$12,0),"") -> 168812 | L31: =IFERROR(ROUND((J31)*$L$12,0),"") -> 360002 | M31: =IFERROR(ROUND((J31)*$M$12,0),"") -> 360002 | N31: =IFERROR(ROUND((J31)*$N$12,0),"") -> 43202 | O31: =IFERROR(ROUND((J31-I31)*$O$12,0),"") -> 0 | P31: =IFERROR(ROUND((J31-I31)*$P$12,0),"") -> 486141 | Q31: 0.01044 | R31: =ROUND((J31-I31)*Q31,0) -> 42294 | S31: =IFERROR(ROUND((J31-I31)*$S$12,0),"") -> 0 | T31: =IFERROR(ROUND((J31-I31)*$T$12,0),"") -> 0 | U31: =ROUND((J31-I31)*$U$12,0) -> 162047 | V31: =IFERROR(+J31+K31+L31+M31+N31+O31+P31+R31+S31+T31+U31,"") -> 5942698 | W31: =IFERROR(ROUND(V31*$W$12,0),"") -> 475416 | X31: =IFERROR(ROUND(V31*10%,0),"") -> 594270 | Z31: =IFERROR(V31-X31+W31,"") -> 5823844 | AA31: =IFERROR(V31+W31,"") -> 6418114 | AB31: =IFERROR(ROUND(X31*$AB$12,0),"") -> 112911 | AC31: =IFERROR(+AA31+AB31,"") -> 6531025 | AD31: 2.1.5.02.08
A32: 20 | B32: 1.1.20 | C32: Auxiliar Servicios Generales | D32: 25 | E32: =ROUND((1917242*(1+Incremento_2027)),0) -> 2070621 | F32: =E32*D32 -> 51765525 | G32: =IFERROR(ROUND(($F32/(42*30/6)*7)*$G$12*$G$10/$D$44,0),"") -> 6729518 | H32: =IFERROR(ROUND(($F32/(42*30/6)*7)*$H$12*$H$10/$D$44,0),"") -> 4917725 | I32: =IF(E32>(1750905*2),0,$I$12*D32) -> 6725575 | J32: =IFERROR(SUM(F32:I32),"") -> 70138343 | K32: =IFERROR(ROUND((J32-I32)*$K$12,0),"") -> 2642410 | L32: =IFERROR(ROUND((J32)*$L$12,0),"") -> 5844628 | M32: =IFERROR(ROUND((J32)*$M$12,0),"") -> 5844628 | N32: =IFERROR(ROUND((J32)*$N$12,0),"") -> 701383 | O32: =IFERROR(ROUND((J32-I32)*$O$12,0),"") -> 0 | P32: =IFERROR(ROUND((J32-I32)*$P$12,0),"") -> 7609532 | Q32: 0.01044 | R32: =ROUND((J32-I32)*Q32,0) -> 662029 | S32: =IFERROR(ROUND((J32-I32)*$S$12,0),"") -> 0 | T32: =IFERROR(ROUND((J32-I32)*$T$12,0),"") -> 0 | U32: =ROUND((J32-I32)*$U$12,0) -> 2536511 | V32: =IFERROR(+J32+K32+L32+M32+N32+O32+P32+R32+S32+T32+U32,"") -> 95979464 | W32: =IFERROR(ROUND(V32*$W$12,0),"") -> 7678357 | X32: =IFERROR(ROUND(V32*10%,0),"") -> 9597946 | Z32: =IFERROR(V32-X32+W32,"") -> 94059875 | AA32: =IFERROR(V32+W32,"") -> 103657821 | AB32: =IFERROR(ROUND(X32*$AB$12,0),"") -> 1823610 | AC32: =IFERROR(+AA32+AB32,"") -> 105481431 | AD32: 2.1.5.02.08
A33: 21 | B33: 1.1.21 | C33: Auxilar Mantenimiento Jardines (Ornato) | D33: 6 | E33: =ROUND((2219582*(1+Incremento_2027)),0) -> 2397149 | F33: =E33*D33 -> 14382894 | G33: =IFERROR(ROUND(($F33/(42*30/6)*7)*$G$12*$G$10/$D$44,0),"") -> 1869776 | H33: =IFERROR(ROUND(($F33/(42*30/6)*7)*$H$12*$H$10/$D$44,0),"") -> 1366375 | I33: =IF(E33>(1750905*2),0,$I$12*D33) -> 1614138 | J33: =IFERROR(SUM(F33:I33),"") -> 19233183 | K33: =IFERROR(ROUND((J33-I33)*$K$12,0),"") -> 734186 | L33: =IFERROR(ROUND((J33)*$L$12,0),"") -> 1602701 | M33: =IFERROR(ROUND((J33)*$M$12,0),"") -> 1602701 | N33: =IFERROR(ROUND((J33)*$N$12,0),"") -> 192332 | O33: =IFERROR(ROUND((J33-I33)*$O$12,0),"") -> 0 | P33: =IFERROR(ROUND((J33-I33)*$P$12,0),"") -> 2114285 | Q33: 0.02436 | R33: =ROUND((J33-I33)*Q33,0) -> 429200 | S33: =IFERROR(ROUND((J33-I33)*$S$12,0),"") -> 0 | T33: =IFERROR(ROUND((J33-I33)*$T$12,0),"") -> 0 | U33: =ROUND((J33-I33)*$U$12,0) -> 704762 | V33: =IFERROR(+J33+K33+L33+M33+N33+O33+P33+R33+S33+T33+U33,"") -> 26613350 | W33: =IFERROR(ROUND(V33*$W$12,0),"") -> 2129068 | X33: =IFERROR(ROUND(V33*10%,0),"") -> 2661335 | Z33: =IFERROR(V33-X33+W33,"") -> 26081083 | AA33: =IFERROR(V33+W33,"") -> 28742418 | AB33: =IFERROR(ROUND(X33*$AB$12,0),"") -> 505654 | AC33: =IFERROR(+AA33+AB33,"") -> 29248072 | AD33: 2.1.5.02.08
A34: 22 | B34: 1.1.22 | C34: Coordinador logistico | D34: 1 | E34: =ROUND((3062112*(1+Incremento_2027)),0) -> 3307081 | F34: =E34*D34 -> 3307081 | G34: =IFERROR(ROUND(($F34/(42*30/6)*7)*$G$12*$G$10/$D$44,0),"") -> 429921 | H34: =IFERROR(ROUND(($F34/(42*30/6)*7)*$H$12*$H$10/$D$44,0),"") -> 314173 | I34: =IF(E34>(1750905*2),0,$I$12*D34) -> 269023 | J34: =IFERROR(SUM(F34:I34),"") -> 4320198 | K34: =IFERROR(ROUND((J34-I34)*$K$12,0),"") -> 168812 | L34: =IFERROR(ROUND((J34)*$L$12,0),"") -> 360002 | M34: =IFERROR(ROUND((J34)*$M$12,0),"") -> 360002 | N34: =IFERROR(ROUND((J34)*$N$12,0),"") -> 43202 | O34: =IFERROR(ROUND((J34-I34)*$O$12,0),"") -> 0 | P34: =IFERROR(ROUND((J34-I34)*$P$12,0),"") -> 486141 | Q34: 0.0696 | R34: =ROUND((J34-I34)*Q34,0) -> 281962 | S34: =IFERROR(ROUND((J34-I34)*$S$12,0),"") -> 0 | T34: =IFERROR(ROUND((J34-I34)*$T$12,0),"") -> 0 | U34: =ROUND((J34-I34)*$U$12,0) -> 162047 | V34: =IFERROR(+J34+K34+L34+M34+N34+O34+P34+R34+S34+T34+U34,"") -> 6182366 | W34: =IFERROR(ROUND(V34*$W$12,0),"") -> 494589 | Y34: =IFERROR(V34+W34,"") -> 6676955 | Z34: =IFERROR(Y34-(V34+W34),"") -> 0 | AA34: =IFERROR(V34+W34,"") -> 6676955 | AB34: =IFERROR(ROUND(AA34*$AB$12,0),"") -> 1268621 | AC34: =IFERROR(+AA34+AB34,"") -> 7945576 | AD34: 2.1.5.02.08
A35: 23 | B35: 1.1.23 | C35: Guarda Acuático ( Salvavidas) | D35: 22 | E35: =ROUND((2655639*(1+Incremento_2027)),0) -> 2868090 | F35: =E35*D35 -> 63097980 | G35: =IFERROR(ROUND(($F35/(42*30/6)*7)*$G$12*$G$10/$D$44,0),"") -> 8202737 | H35: =IFERROR(ROUND(($F35/(42*30/6)*7)*$H$12*$H$10/$D$44,0),"") -> 5994308 | I35: =IF(E35>(1750905*2),0,$I$12*D35) -> 5918506 | J35: =IFERROR(SUM(F35:I35),"") -> 83213531 | K35: =IFERROR(ROUND((J35-I35)*$K$12,0),"") -> 3220884 | L35: =IFERROR(ROUND((J35)*$L$12,0),"") -> 6934184 | M35: =IFERROR(ROUND((J35)*$M$12,0),"") -> 6934184 | N35: =IFERROR(ROUND((J35)*$N$12,0),"") -> 832135 | O35: =IFERROR(ROUND((J35-I35)*$O$12,0),"") -> 0 | P35: =IFERROR(ROUND((J35-I35)*$P$12,0),"") -> 9275403 | Q35: 0.0696 | R35: =ROUND((J35-I35)*Q35,0) -> 5379734 | S35: =IFERROR(ROUND((J35-I35)*$S$12,0),"") -> 0 | T35: =IFERROR(ROUND((J35-I35)*$T$12,0),"") -> 0 | U35: =ROUND((J35-I35)*$U$12,0) -> 3091801 | V35: =IFERROR(+J35+K35+L35+M35+N35+O35+P35+R35+S35+T35+U35,"") -> 118881856 | W35: =IFERROR(ROUND(V35*$W$12,0),"") -> 9510548 | Y35: =IFERROR(V35+W35,"") -> 128392404 | Z35: =IFERROR(Y35-(V35+W35),"") -> 0 | AA35: =IFERROR(V35+W35,"") -> 128392404 | AB35: =IFERROR(ROUND(AA35*$AB$12,0),"") -> 24394557 | AC35: =IFERROR(+AA35+AB35,"") -> 152786961 | AD35: 2.1.5.02.08
A36: 24 | B36: 1.1.24 | C36: Promotor deportivo | D36: 1 | E36: =ROUND((2837478*(1+Incremento_2027)),0) -> 3064476 | F36: =E36*D36 -> 3064476 | G36: =IFERROR(ROUND(($F36/(42*30/6)*7)*$G$12*$G$10/$D$44,0),"") -> 398382 | H36: =IFERROR(ROUND(($F36/(42*30/6)*7)*$H$12*$H$10/$D$44,0),"") -> 291125 | I36: =IF(E36>(1750905*2),0,$I$12*D36) -> 269023 | J36: =IFERROR(SUM(F36:I36),"") -> 4023006 | K36: =IFERROR(ROUND((J36-I36)*$K$12,0),"") -> 156428 | L36: =IFERROR(ROUND((J36)*$L$12,0),"") -> 335237 | M36: =IFERROR(ROUND((J36)*$M$12,0),"") -> 335237 | N36: =IFERROR(ROUND((J36)*$N$12,0),"") -> 40230 | O36: =IFERROR(ROUND((J36-I36)*$O$12,0),"") -> 0 | P36: =IFERROR(ROUND((J36-I36)*$P$12,0),"") -> 450478 | Q36: 0.0696 | R36: =ROUND((J36-I36)*Q36,0) -> 261277 | S36: =IFERROR(ROUND((J36-I36)*$S$12,0),"") -> 0 | T36: =IFERROR(ROUND((J36-I36)*$T$12,0),"") -> 0 | U36: =ROUND((J36-I36)*$U$12,0) -> 150159 | V36: =IFERROR(+J36+K36+L36+M36+N36+O36+P36+R36+S36+T36+U36,"") -> 5752052 | W36: =IFERROR(ROUND(V36*$W$12,0),"") -> 460164 | Y36: =IFERROR(V36+W36,"") -> 6212216 | Z36: =IFERROR(Y36-(V36+W36),"") -> 0 | AA36: =IFERROR(V36+W36,"") -> 6212216 | AB36: =IFERROR(ROUND(AA36*$AB$12,0),"") -> 1180321 | AC36: =IFERROR(+AA36+AB36,"") -> 7392537 | AD36: 2.1.5.02.08
A37: 25 | B37: 1.1.25 | C37: Líder para el servcio de Carpinteria y afines. | D37: 1 | E37: =ROUND((3062112*(1+Incremento_2027)),0) -> 3307081 | F37: =E37*D37 -> 3307081 | G37: =IFERROR(ROUND(($F37/(42*30/6)*7)*$G$12*$G$10/$D$44,0),"") -> 429921 | H37: =IFERROR(ROUND(($F37/(42*30/6)*7)*$H$12*$H$10/$D$44,0),"") -> 314173 | I37: =IF(E37>(1750905*2),0,$I$12*D37) -> 269023 | J37: =IFERROR(SUM(F37:I37),"") -> 4320198 | K37: =IFERROR(ROUND((J37-I37)*$K$12,0),"") -> 168812 | L37: =IFERROR(ROUND((J37)*$L$12,0),"") -> 360002 | M37: =IFERROR(ROUND((J37)*$M$12,0),"") -> 360002 | N37: =IFERROR(ROUND((J37)*$N$12,0),"") -> 43202 | O37: =IFERROR(ROUND((J37-I37)*$O$12,0),"") -> 0 | P37: =IFERROR(ROUND((J37-I37)*$P$12,0),"") -> 486141 | Q37: 0.02436 | R37: =ROUND((J37-I37)*Q37,0) -> 98687 | S37: =IFERROR(ROUND((J37-I37)*$S$12,0),"") -> 0 | T37: =IFERROR(ROUND((J37-I37)*$T$12,0),"") -> 0 | U37: =ROUND((J37-I37)*$U$12,0) -> 162047 | V37: =IFERROR(+J37+K37+L37+M37+N37+O37+P37+R37+S37+T37+U37,"") -> 5999091 | W37: =IFERROR(ROUND(V37*$W$12,0),"") -> 479927 | Y37: =IFERROR(V37+W37,"") -> 6479018 | Z37: =IFERROR(Y37-(V37+W37),"") -> 0 | AA37: =IFERROR(V37+W37,"") -> 6479018 | AB37: =IFERROR(ROUND(AA37*$AB$12,0),"") -> 1231013 | AC37: =IFERROR(+AA37+AB37,"") -> 7710031 | AD37: 2.1.5.02.08
A38: 26 | B38: 1.1.26 | C38: Auxiliar para el servicio de Carpinteria y afines | D38: 1 | E38: =ROUND((2219582*(1+Incremento_2027)),0) -> 2397149 | F38: =E38*D38 -> 2397149 | G38: =IFERROR(ROUND(($F38/(42*30/6)*7)*$G$12*$G$10/$D$44,0),"") -> 311629 | H38: =IFERROR(ROUND(($F38/(42*30/6)*7)*$H$12*$H$10/$D$44,0),"") -> 227729 | I38: =IF(E38>(1750905*2),0,$I$12*D38) -> 269023 | J38: =IFERROR(SUM(F38:I38),"") -> 3205530 | K38: =IFERROR(ROUND((J38-I38)*$K$12,0),"") -> 122364 | L38: =IFERROR(ROUND((J38)*$L$12,0),"") -> 267117 | M38: =IFERROR(ROUND((J38)*$M$12,0),"") -> 267117 | N38: =IFERROR(ROUND((J38)*$N$12,0),"") -> 32055 | O38: =IFERROR(ROUND((J38-I38)*$O$12,0),"") -> 0 | P38: =IFERROR(ROUND((J38-I38)*$P$12,0),"") -> 352381 | Q38: 0.02436 | R38: =ROUND((J38-I38)*Q38,0) -> 71533 | S38: =IFERROR(ROUND((J38-I38)*$S$12,0),"") -> 0 | T38: =IFERROR(ROUND((J38-I38)*$T$12,0),"") -> 0 | U38: =ROUND((J38-I38)*$U$12,0) -> 117460 | V38: =IFERROR(+J38+K38+L38+M38+N38+O38+P38+R38+S38+T38+U38,"") -> 4435557 | W38: =IFERROR(ROUND(V38*$W$12,0),"") -> 354845 | Y38: =IFERROR(V38+W38,"") -> 4790402 | Z38: =IFERROR(Y38-(V38+W38),"") -> 0 | AA38: =IFERROR(V38+W38,"") -> 4790402 | AB38: =IFERROR(ROUND(AA38*$AB$12,0),"") -> 910176 | AC38: =IFERROR(+AA38+AB38,"") -> 5700578 | AD38: 2.1.5.02.08
B39: EVENTUALES
A40: 27 | B40: 1.1.27 | C40: Eventual - Taquillero | D40: 1 | E40: =ROUND((2286853*(1+Incremento_2027)),0) -> 2469801 | F40: =E40*D40 -> 2469801 | G40: =IFERROR(ROUND(($F40/(42*30/6)*7)*$G$12*$G$10/$D$44,0),"") -> 321074 | H40: =IFERROR(ROUND(($F40/(42*30/6)*7)*$H$12*$H$10/$D$44,0),"") -> 234631 | I40: =IF(E40>(1750905*2),0,$I$12*D40) -> 269023 | J40: =IFERROR(SUM(F40:I40),"") -> 3294529 | K40: =IFERROR(ROUND((J40-I40)*$K$12,0),"") -> 126073 | L40: =IFERROR(ROUND((J40)*$L$12,0),"") -> 274533 | M40: =IFERROR(ROUND((J40)*$M$12,0),"") -> 274533 | N40: =IFERROR(ROUND((J40)*$N$12,0),"") -> 32945 | O40: =IFERROR(ROUND((J40-I40)*$O$12,0),"") -> 0 | P40: =IFERROR(ROUND((J40-I40)*$P$12,0),"") -> 363061 | Q40: 0.00522 | R40: =ROUND((J40-I40)*Q40,0) -> 15793 | S40: =IFERROR(ROUND((J40-I40)*$S$12,0),"") -> 0 | T40: =IFERROR(ROUND((J40-I40)*$T$12,0),"") -> 0 | U40: =ROUND((J40-I40)*$U$12,0) -> 121020 | V40: =IFERROR(+J40+K40+L40+M40+N40+O40+P40+R40+S40+T40+U40,"") -> 4502487 | W40: =IFERROR(ROUND(V40*$W$12,0),"") -> 360199 | Y40: =IFERROR(V40+W40,"") -> 4862686 | Z40: =IFERROR(Y40-(V40+W40),"") -> 0 | AA40: =IFERROR(V40+W40,"") -> 4862686 | AB40: =IFERROR(ROUND(AA40*$AB$12,0),"") -> 923910 | AC40: =IFERROR(+AA40+AB40,"") -> 5786596 | AD40: 2.1.5.02.08
A41: 28 | B41: 1.1.28 | C41: Eventual - Auxiliar de Servicios Generales | D41: 6 | E41: =ROUND((1917242*(1+Incremento_2027)),0) -> 2070621 | F41: =E41*D41 -> 12423726 | G41: =IFERROR(ROUND(($F41/(42*30/6)*7)*$G$12*$G$10/$D$44,0),"") -> 1615084 | H41: =IFERROR(ROUND(($F41/(42*30/6)*7)*$H$12*$H$10/$D$44,0),"") -> 1180254 | I41: =IF(E41>(1750905*2),0,$I$12*D41) -> 1614138 | J41: =IFERROR(SUM(F41:I41),"") -> 16833202 | K41: =IFERROR(ROUND((J41-I41)*$K$12,0),"") -> 634178 | L41: =IFERROR(ROUND((J41)*$L$12,0),"") -> 1402711 | M41: =IFERROR(ROUND((J41)*$M$12,0),"") -> 1402711 | N41: =IFERROR(ROUND((J41)*$N$12,0),"") -> 168332 | O41: =IFERROR(ROUND((J41-I41)*$O$12,0),"") -> 0 | P41: =IFERROR(ROUND((J41-I41)*$P$12,0),"") -> 1826288 | Q41: 0.01044 | R41: =ROUND((J41-I41)*Q41,0) -> 158887 | S41: =IFERROR(ROUND((J41-I41)*$S$12,0),"") -> 0 | T41: =IFERROR(ROUND((J41-I41)*$T$12,0),"") -> 0 | U41: =ROUND((J41-I41)*$U$12,0) -> 608763 | V41: =IFERROR(+J41+K41+L41+M41+N41+O41+P41+R41+S41+T41+U41,"") -> 23035072 | W41: =IFERROR(ROUND(V41*$W$12,0),"") -> 1842806 | X41: =IFERROR(ROUND(V41*10%,0),"") -> 2303507 | Z41: =IFERROR(V41-X41+W41,"") -> 22574371 | AA41: =IFERROR(V41+W41,"") -> 24877878 | AB41: =IFERROR(ROUND(X41*$AB$12,0),"") -> 437666 | AC41: =IFERROR(+AA41+AB41,"") -> 25315544 | AD41: 2.1.5.02.08
B42: 1.1 | C42: SUBTOTAL -COSTO RECURSO HUMANO - SEDE PARQUE METROPOLITANO DE LAS AGUAS (VALOR NOMINA MES) | D42: =SUM(D13:D41) -> 101 | E42: =SUM(E13:E41) -> 88218393 | F42: =SUM(F13:F41) -> 2.716397e+08 | G42: =SUM(G13:G41) -> 35313161 | H42: =SUM(H13:H41) -> 25805775 | I42: =SUM(I13:I41) -> 25019139 | J42: =SUM(J13:J41) -> 3.5777778e+08 | K42: =SUM(K13:K41) -> 13866050 | ... P42: =SUM(P13:P41) -> 39931037 | R42: =SUM(R13:R41) -> 12201614 | S42: =SUM(S13:S41) -> 0 | T42: =SUM(T13:T41) -> 0 | U42: =SUM(U13:U41) -> 13310344 | V42: =SUM(V13:V41) -> 5.0029185e+08 | W42: =SUM(W13:W41) -> 40023348 | X42: =SUM(X13:X41) -> 19915585 | Y42: =SUM(Y13:Y41) -> 3.2522687e+08 | ... AC42: =SUM(AC13:AC41) -> 6.0589226e+08 | AD42: 2.1.5.02.08
B44: 1.1 | C44: TOTAL COSTOS RECURSO HUMANO - SEDE PARQUE METROPOLITANO DE LAS AGUAS (VALOR NOMINA TOTAL PARA EL PROCESO) | D44: 6 | E44: =$D$44*E$42 -> 5.2931036e+08 | F44: =$D$44*F$42 -> 1.6298382e+09 | G44: =$D$44*G$42 -> 211878966 | H44: =$D$44*H$42 -> 154834650 | I44: =$D$44*I$42 -> 150114834 | J44: =$D$44*J$42 -> 2.1466667e+09 | K44: =$D$44*K$42 -> 83196300 | L44: =$D$44*L$42 -> 178881732 | ... P44: =$D$44*P$42 -> 239586222 | R44: =$D$44*R$42 -> 73209684 | S44: =$D$44*S$42 -> 0 | T44: =$D$44*T$42 -> 0 | U44: =$D$44*U$42 -> 79862064 | V44: =$D$44*V$42 -> 3.0017511e+09 | W44: =$D$44*W$42 -> 240140088 | X44: =$D$44*X$42 -> 119493510 | Y44: =$D$44*Y$42 -> 1.9513612e+09 | ... AC44: =$D$44*AC$42 -> 3.6353535e+09 | AD44: 2.1.5.02.08
B46: 1.2 | C46: COSTOS RECURSO HUMANO - SEDE ADMINISTRATIVA
B47: ITEM | C47: PERSONAL POR OFICIO | D47: CANTIDAD REQUERIDA DE PERSONAL | E47: COSTO UNITARIO REMUNERACIÓN MENSUAL (FIJA E INMODIFICABLE) * | F47: COSTO TOTAL REMUNERACIÓN MES | G47: RECARGO DOMINICAL MES | H47: RECARGO FESTIVO MES | I47: AUXILIO DE TRANSPORTE | J47: SALARIO TOTAL MES PROYECTADO (A) | K47: VACACIONES (B) | L47: PRIMA LEGAL (C ) | M47: CESANTÍAS (D ) | N47: INTERESES A LAS CESANTÍAS (E ) | O47: SALUD (F) | P47: PENSIÓN (G) | Q47: % Riesgos Profesionales (%FIJO E INMODIFICABLE) * | R47: RIESGOS PROFESIONALES (H) | S47: SENA (I) | T47: ICBF (J) | U47: CAJA DE COMPENSACIÓN FAMILIAR (K) | V47: TOTAL ACUMULADO SALARIO MES (L) = (SUMATORIA DESDE A HASTA K) | W47: AU (M) = (%AU * N) | X47: base para excentos | Y47: calculo base iva pleno | Z47: calculo base excenta | AA47: SUBTOTAL ANTES DE IVA (N) = M+N | AB47: IVA (O) * Ver Notas IVA N° 1, 2 | AC47: VALOR TOTAL MES INCLUIDO IVA ( P) =N + O | AD47: RUBRO PRESUPUESTAL
G48: 0 | H48: 0 | I48: =+I12 -> 269023 | K48: 0.04167 | L48: 0.08333 | M48: 0.08333 | N48: 0.01 | O48: 0 | P48: 0.12 | S48: 0 | T48: 0 | U48: 0.04 | W48: 0.08 | AB48: 0.19
B49: 1.2.1 | C49: Coordinador General o Supervisor del Contrarto | D49: =1 -> 1 | E49: =E13 -> 5657216 | F49: =ROUND(E49*D49,0) -> 5657216 | G49: =IFERROR(ROUND(($F49/(42*30/6)*7)*$G$12*$G$48/$D$61,0),"") -> 0 | H49: =IFERROR(ROUND(($F49/(42*30/6)*7)*$H$12*$H$48/$D$61,0),"") -> 0 | I49: =IF(E49>(1750905*2),0,$I$48*D49) -> 0 | J49: =F49+G49+H49+I49 -> 5657216 | K49: =ROUND((J49-I49)*$K$48,0) -> 235736 | L49: =ROUND((J49)*$L$48,0) -> 471416 | M49: =ROUND((J49)*$M$48,0) -> 471416 | N49: =ROUND((J49)*$N$48,0) -> 56572 | O49: =ROUND((J49-I49)*$O$48,0) -> 0 | P49: =ROUND((J49-I49)*$P$48,0) -> 678866 | Q49: 0.00522 | R49: =ROUND((J49-I49)*Q49,0) -> 29531 | S49: =ROUND((J49-I49)*$S$48,0) -> 0 | T49: =ROUND((J49-I49)*$T$48,0) -> 0 | U49: =ROUND((J49-I49)*$U$48,0) -> 226289 | V49: =+J49+K49+L49+M49+N49+O49+P49+R49+S49+T49+U49 -> 7827042 | W49: =ROUND(V49*$W$48,0) -> 626163 | Y49: =IFERROR(V49+W49,"") -> 8453205 | AA49: =+V49+W49 -> 8453205 | AB49: =ROUND(AA49*$AB$48,0) -> 1606109 | AC49: =+AA49+AB49 -> 10059314 | AD49: 2.1.2.02.02.008
B50: 1.2.2 | C50: Tecnico o Tecnologo en Atencion Prehospitalaria | D50: 1 | E50: =E16 -> 3729669 | F50: =ROUND(E50*D50,0) -> 3729669 | G50: =IFERROR(ROUND(($F50/(42*30/6)*7)*$G$12*$G$48/$D$61,0),"") -> 0 | H50: =IFERROR(ROUND(($F50/(42*30/6)*7)*$H$12*$H$48/$D$61,0),"") -> 0 | I50: =IF(E50>(1750905*2),0,$I$48*D50) -> 0 | J50: =F50+G50+H50+I50 -> 3729669 | K50: =ROUND((J50-I50)*$K$48,0) -> 155415 | L50: =ROUND((J50)*$L$48,0) -> 310793 | M50: =ROUND((J50)*$M$48,0) -> 310793 | N50: =ROUND((J50)*$N$48,0) -> 37297 | O50: =ROUND((J50-I50)*$O$48,0) -> 0 | P50: =ROUND((J50-I50)*$P$48,0) -> 447560 | Q50: 0.02436 | R50: =ROUND((J50-I50)*Q50,0) -> 90855 | S50: =ROUND((J50-I50)*$S$48,0) -> 0 | T50: =ROUND((J50-I50)*$T$48,0) -> 0 | U50: =ROUND((J50-I50)*$U$48,0) -> 149187 | V50: =+J50+K50+L50+M50+N50+O50+P50+R50+S50+T50+U50 -> 5231569 | W50: =ROUND(V50*$W$48,0) -> 418526 | Y50: =IFERROR(V50+W50,"") -> 5650095 | AA50: =+V50+W50 -> 5650095 | AB50: =ROUND(AA50*$AB$48,0) -> 1073518 | AC50: =+AA50+AB50 -> 6723613 | AD50: 2.1.2.02.02.008
B51: 1.2.3 | C51: Tecnólogos para adecuaciones y conservación civiles | D51: 1 | E51: =E16 -> 3729669 | F51: =ROUND(E51*D51,0) -> 3729669 | G51: =IFERROR(ROUND(($F51/(42*30/6)*7)*$G$12*$G$48/$D$61,0),"") -> 0 | H51: =IFERROR(ROUND(($F51/(42*30/6)*7)*$H$12*$H$48/$D$61,0),"") -> 0 | I51: =IF(E51>(1750905*2),0,$I$48*D51) -> 0 | J51: =F51+G51+H51+I51 -> 3729669 | K51: =ROUND((J51-I51)*$K$48,0) -> 155415 | L51: =ROUND((J51)*$L$48,0) -> 310793 | M51: =ROUND((J51)*$M$48,0) -> 310793 | N51: =ROUND((J51)*$N$48,0) -> 37297 | O51: =ROUND((J51-I51)*$O$48,0) -> 0 | P51: =ROUND((J51-I51)*$P$48,0) -> 447560 | Q51: 0.0696 | R51: =ROUND((J51-I51)*Q51,0) -> 259585 | S51: =ROUND((J51-I51)*$S$48,0) -> 0 | T51: =ROUND((J51-I51)*$T$48,0) -> 0 | U51: =ROUND((J51-I51)*$U$48,0) -> 149187 | V51: =+J51+K51+L51+M51+N51+O51+P51+R51+S51+T51+U51 -> 5400299 | W51: =ROUND(V51*$W$48,0) -> 432024 | Y51: =IFERROR(V51+W51,"") -> 5832323 | AA51: =+V51+W51 -> 5832323 | AB51: =ROUND(AA51*$AB$48,0) -> 1108141 | AC51: =+AA51+AB51 -> 6940464 | AD51: 2.1.2.02.02.008
B52: 1.2.4 | C52: Tecnólogos para adecuaciones y conservación eléctricas | D52: 1 | E52: =E51 -> 3729669 | F52: =ROUND(E52*D52,0) -> 3729669 | G52: =IFERROR(ROUND(($F52/(42*30/6)*7)*$G$12*$G$48/$D$61,0),"") -> 0 | H52: =IFERROR(ROUND(($F52/(42*30/6)*7)*$H$12*$H$48/$D$61,0),"") -> 0 | I52: =IF(E52>(1750905*2),0,$I$48*D52) -> 0 | J52: =F52+G52+H52+I52 -> 3729669 | K52: =ROUND((J52-I52)*$K$48,0) -> 155415 | L52: =ROUND((J52)*$L$48,0) -> 310793 | M52: =ROUND((J52)*$M$48,0) -> 310793 | N52: =ROUND((J52)*$N$48,0) -> 37297 | O52: =ROUND((J52-I52)*$O$48,0) -> 0 | P52: =ROUND((J52-I52)*$P$48,0) -> 447560 | Q52: 0.0696 | R52: =ROUND((J52-I52)*Q52,0) -> 259585 | S52: =ROUND((J52-I52)*$S$48,0) -> 0 | T52: =ROUND((J52-I52)*$T$48,0) -> 0 | U52: =ROUND((J52-I52)*$U$48,0) -> 149187 | V52: =+J52+K52+L52+M52+N52+O52+P52+R52+S52+T52+U52 -> 5400299 | W52: =ROUND(V52*$W$48,0) -> 432024 | Y52: =IFERROR(V52+W52,"") -> 5832323 | AA52: =+V52+W52 -> 5832323 | AB52: =ROUND(AA52*$AB$48,0) -> 1108141 | AC52: =+AA52+AB52 -> 6940464 | AD52: 2.1.2.02.02.008
B53: 1.2.5 | C53: Auxiliar Operativo o afines | D53: 2 | E53: =E26 -> 2397149 | F53: =ROUND(E53*D53,0) -> 4794298 | G53: =IFERROR(ROUND(($F53/(42*30/6)*7)*$G$12*$G$48/$D$61,0),"") -> 0 | H53: =IFERROR(ROUND(($F53/(42*30/6)*7)*$H$12*$H$48/$D$61,0),"") -> 0 | I53: =IF(E53>(1750905*2),0,$I$48*D53) -> 538046 | J53: =F53+G53+H53+I53 -> 5332344 | K53: =ROUND((J53-I53)*$K$48,0) -> 199778 | L53: =ROUND((J53)*$L$48,0) -> 444344 | M53: =ROUND((J53)*$M$48,0) -> 444344 | N53: =ROUND((J53)*$N$48,0) -> 53323 | O53: =ROUND((J53-I53)*$O$48,0) -> 0 | P53: =ROUND((J53-I53)*$P$48,0) -> 575316 | Q53: 0.0696 | R53: =ROUND((J53-I53)*Q53,0) -> 333683 | S53: =ROUND((J53-I53)*$S$48,0) -> 0 | T53: =ROUND((J53-I53)*$T$48,0) -> 0 | U53: =ROUND((J53-I53)*$U$48,0) -> 191772 | V53: =+J53+K53+L53+M53+N53+O53+P53+R53+S53+T53+U53 -> 7574904 | W53: =ROUND(V53*$W$48,0) -> 605992 | Y53: =IFERROR(V53+W53,"") -> 8180896 | AA53: =+V53+W53 -> 8180896 | AB53: =ROUND(AA53*$AB$48,0) -> 1554370 | AC53: =+AA53+AB53 -> 9735266 | AD53: 2.1.2.02.02.008
B54: 1.2.6 | C54: Mensajero | D54: 1 | E54: =E25 -> 2397149 | F54: =ROUND(E54*D54,0) -> 2397149 | G54: =IFERROR(ROUND(($F54/(42*30/6)*7)*$G$12*$G$48/$D$61,0),"") -> 0 | H54: =IFERROR(ROUND(($F54/(42*30/6)*7)*$H$12*$H$48/$D$61,0),"") -> 0 | I54: =IF(E54>(1750905*2),0,$I$48*D54) -> 269023 | J54: =F54+G54+H54+I54 -> 2666172 | K54: =ROUND((J54-I54)*$K$48,0) -> 99889 | L54: =ROUND((J54)*$L$48,0) -> 222172 | M54: =ROUND((J54)*$M$48,0) -> 222172 | N54: =ROUND((J54)*$N$48,0) -> 26662 | O54: =ROUND((J54-I54)*$O$48,0) -> 0 | P54: =ROUND((J54-I54)*$P$48,0) -> 287658 | Q54: 0.0696 | R54: =ROUND((J54-I54)*Q54,0) -> 166842 | S54: =ROUND((J54-I54)*$S$48,0) -> 0 | T54: =ROUND((J54-I54)*$T$48,0) -> 0 | U54: =ROUND((J54-I54)*$U$48,0) -> 95886 | V54: =+J54+K54+L54+M54+N54+O54+P54+R54+S54+T54+U54 -> 3787453 | W54: =ROUND(V54*$W$48,0) -> 302996 | Y54: =IFERROR(V54+W54,"") -> 4090449 | AA54: =+V54+W54 -> 4090449 | AB54: =ROUND(AA54*$AB$48,0) -> 777185 | AC54: =+AA54+AB54 -> 4867634 | AD54: 2.1.2.02.02.008
B55: 1.2.7 | C55: Auxiliar Servicios Generales | D55: 19 | E55: =E32 -> 2070621 | F55: =ROUND(E55*D55,0) -> 39341799 | G55: =IFERROR(ROUND(($F55/(42*30/6)*7)*$G$12*$G$48/$D$61,0),"") -> 0 | H55: =IFERROR(ROUND(($F55/(42*30/6)*7)*$H$12*$H$48/$D$61,0),"") -> 0 | I55: =IF(E55>(1750905*2),0,$I$48*D55) -> 5111437 | J55: =F55+G55+H55+I55 -> 44453236 | K55: =ROUND((J55-I55)*$K$48,0) -> 1639373 | L55: =ROUND((J55)*$L$48,0) -> 3704288 | M55: =ROUND((J55)*$M$48,0) -> 3704288 | N55: =ROUND((J55)*$N$48,0) -> 444532 | O55: =ROUND((J55-I55)*$O$48,0) -> 0 | P55: =ROUND((J55-I55)*$P$48,0) -> 4721016 | Q55: 0.01044 | R55: =ROUND((J55-I55)*Q55,0) -> 410728 | S55: =ROUND((J55-I55)*$S$48,0) -> 0 | T55: =ROUND((J55-I55)*$T$48,0) -> 0 | U55: =ROUND((J55-I55)*$U$48,0) -> 1573672 | V55: =+J55+K55+L55+M55+N55+O55+P55+R55+S55+T55+U55 -> 60651133 | W55: =ROUND(V55*$W$48,0) -> 4852091 | X55: =IFERROR(ROUND(V55*10%,0),"") -> 6065113 | Z55: =IFERROR(V55-X55+W55,"") -> 59438111 | AA55: =+V55+W55 -> 65503224 | AB55: =ROUND(X55*$AB$48,0) -> 1152371 | AC55: =+AA55+AB55 -> 66655595 | AD55: 2.1.2.02.02.008
B56: 1.2.8 | C56: Auxilar Mantenimiento Jardines (Ornato) | D56: 1 | E56: =E33 -> 2397149 | F56: =ROUND(E56*D56,0) -> 2397149 | G56: =IFERROR(ROUND(($F56/(42*30/6)*7)*$G$12*$G$48/$D$61,0),"") -> 0 | H56: =IFERROR(ROUND(($F56/(42*30/6)*7)*$H$12*$H$48/$D$61,0),"") -> 0 | I56: =IF(E56>(1750905*2),0,$I$48*D56) -> 269023 | J56: =F56+G56+H56+I56 -> 2666172 | K56: =ROUND((J56-I56)*$K$48,0) -> 99889 | L56: =ROUND((J56)*$L$48,0) -> 222172 | M56: =ROUND((J56)*$M$48,0) -> 222172 | N56: =ROUND((J56)*$N$48,0) -> 26662 | O56: =ROUND((J56-I56)*$O$48,0) -> 0 | P56: =ROUND((J56-I56)*$P$48,0) -> 287658 | Q56: 0.02436 | R56: =ROUND((J56-I56)*Q56,0) -> 58395 | S56: =ROUND((J56-I56)*$S$48,0) -> 0 | T56: =ROUND((J56-I56)*$T$48,0) -> 0 | U56: =ROUND((J56-I56)*$U$48,0) -> 95886 | V56: =+J56+K56+L56+M56+N56+O56+P56+R56+S56+T56+U56 -> 3679006 | W56: =ROUND(V56*$W$48,0) -> 294320 | X56: =IFERROR(ROUND(V56*10%,0),"") -> 367901 | Z56: =IFERROR(V56-X56+W56,"") -> 3605425 | AA56: =+V56+W56 -> 3973326 | AB56: =ROUND(X56*$AB$48,0) -> 69901 | AC56: =+AA56+AB56 -> 4043227 | AD56: 2.1.2.02.02.008
B57: EVENTUALES
B58: 1.2.8 | C58: Eventual - Auxiliar de Servicios Generales | D58: 1 | E58: =E55 -> 2070621 | F58: =E58*D58 -> 2070621 | G58: =IFERROR(ROUND(($F58/(42*30/6)*7)*$G$12*$G$48/$D$61,0),"") -> 0 | H58: =IFERROR(ROUND(($F58/(42*30/6)*7)*$H$12*$H$48/$D$61,0),"") -> 0 | I58: =IF(E58>(1750905*2),0,$I$48*D58) -> 269023 | J58: =IFERROR(SUM(F58:I58),"") -> 2339644 | K58: =IFERROR(ROUND((J58-I58)*$K$48,0),"") -> 86283 | L58: =IFERROR(ROUND((J58)*$L$48,0),"") -> 194963 | M58: =IFERROR(ROUND((J58)*$M$48,0),"") -> 194963 | N58: =IFERROR(ROUND((J58)*$N$48,0),"") -> 23396 | O58: =IFERROR(ROUND((J58-I58)*$O$48,0),"") -> 0 | P58: =IFERROR(ROUND((J58-I58)*$P$48,0),"") -> 248475 | Q58: 0.01044 | R58: =ROUND((J58-I58)*Q58,0) -> 21617 | S58: =IFERROR(ROUND((J58-I58)*$S$48,0),"") -> 0 | T58: =IFERROR(ROUND((J58-I58)*$T$48,0),"") -> 0 | U58: =ROUND((J58-I58)*$U$48,0) -> 82825 | V58: =IFERROR(+J58+K58+L58+M58+N58+O58+P58+R58+S58+T58+U58,"") -> 3192166 | W58: =IFERROR(ROUND(V58*$W$48,0),"") -> 255373 | X58: =IFERROR(ROUND(V58*10%,0),"") -> 319217 | Z58: =IFERROR(V58-X58+W58,"") -> 3128322 | AA58: =IFERROR(V58+W58,"") -> 3447539 | AB58: =IFERROR(ROUND(X58*$AB$48,0),"") -> 60651 | AC58: =IFERROR(+AA58+AB58,"") -> 3508190 | AD58: 2.1.5.02.08
B59: 1.2.9 | C59: Eventual - Auxiliar operativo o afines | D59: 2 | E59: =E53 -> 2397149 | F59: =E59*D59 -> 4794298 | G59: =IFERROR(ROUND(($F59/(42*30/6)*7)*$G$12*$G$48/$D$61,0),"") -> 0 | H59: =IFERROR(ROUND(($F59/(42*30/6)*7)*$H$12*$H$48/$D$61,0),"") -> 0 | I59: =IF(E59>(1750905*2),0,$I$48*D59) -> 538046 | J59: =IFERROR(SUM(F59:I59),"") -> 5332344 | K59: =IFERROR(ROUND((J59-I59)*$K$48,0),"") -> 199778 | L59: =IFERROR(ROUND((J59)*$L$48,0),"") -> 444344 | M59: =IFERROR(ROUND((J59)*$M$48,0),"") -> 444344 | N59: =IFERROR(ROUND((J59)*$N$48,0),"") -> 53323 | O59: =IFERROR(ROUND((J59-I59)*$O$48,0),"") -> 0 | P59: =IFERROR(ROUND((J59-I59)*$P$48,0),"") -> 575316 | Q59: 0.01044 | R59: =ROUND((J59-I59)*Q59,0) -> 50052 | S59: =IFERROR(ROUND((J59-I59)*$S$48,0),"") -> 0 | T59: =IFERROR(ROUND((J59-I59)*$T$48,0),"") -> 0 | U59: =ROUND((J59-I59)*$U$48,0) -> 191772 | V59: =IFERROR(+J59+K59+L59+M59+N59+O59+P59+R59+S59+T59+U59,"") -> 7291273 | W59: =IFERROR(ROUND(V59*$W$48,0),"") -> 583302 | Y59: =IFERROR(V59+W59,"") -> 7874575 | AA59: =IFERROR(V59+W59,"") -> 7874575 | AB59: =IFERROR(ROUND((V59*10%)*$AB$48,0),"") -> 138534 | AC59: =IFERROR(+AA59+AB59,"") -> 8013109 | AD59: 2.1.5.02.08
B60: 1.2 | C60: SUBTOTAL -COSTO RECURSO HUMANO - SEDE ADMINISTRATIVA (VALOR NOMINA MES) | D60: =SUM(D49:D59) -> 30 | E60: =SUM(E49:E59) -> 30576061 | F60: =SUM(F49:F59) -> 72641537 | G60: =SUM(G49:G59) -> 0 | H60: =SUM(H49:H59) -> 0 | I60: =SUM(I49:I59) -> 6994598 | J60: =SUM(J49:J59) -> 79636135 | K60: =SUM(K49:K59) -> 3026971 | ... P60: =SUM(P49:P59) -> 8716985 | R60: =SUM(R49:R59) -> 1680873 | S60: =SUM(S49:S59) -> 0 | T60: =SUM(T49:T59) -> 0 | U60: =SUM(U49:U59) -> 2905663 | V60: =SUM(V49:V59) -> 110035144 | W60: =SUM(W49:W59) -> 8802811 | X60: =SUM(X49:X59) -> 6752231 | Y60: =SUM(Y49:Y59) -> 45913866 | ... AC60: =SUM(AC49:AC59) -> 127486876 | AD60: 2.1.2.02.02.008
B61: 1.2 | C61: TOTAL COSTOS RECURSO HUMANO - SEDE PADMINISTRATIVA (VALOR NOMINA TOTAL PARA EL PROCESO) | D61: 6 | E61: =+E60*$D$61 -> 183456366 | F61: =ROUND(+F60*$D$61,0) -> 435849222 | G61: =ROUND(+G60*$D$61,0) -> 0 | H61: =ROUND(+H60*$D$61,0) -> 0 | I61: =ROUND(+I60*$D$61,0) -> 41967588 | J61: =ROUND(+J60*$D$61,0) -> 477816810 | K61: =ROUND(+K60*$D$61,0) -> 18161826 | L61: =ROUND(+L60*$D$61,0) -> 39816468 | M61: =ROUND(+M60*$D$61,0) -> 39816468 | ... P61: =ROUND(+P60*$D$61,0) -> 52301910 | R61: =ROUND(+R60*$D$61,0) -> 10085238 | S61: =ROUND(+S60*$D$61,0) -> 0 | T61: =ROUND(+T60*$D$61,0) -> 0 | U61: =ROUND(+U60*$D$61,0) -> 17433978 | V61: =ROUND(+V60*$D$61,0) -> 660210864 | W61: =ROUND(+W60*$D$61,0) -> 52816866 | X61: =ROUND(+X60*$D$61,0) -> 40513386 | Y61: =ROUND(+Y60*$D$61,0) -> 275483196 | ... AC61: =ROUND(+AC60*$D$61,0) -> 764921256 | AD61: 2.1.2.02.02.008
B63: 1 | C63: TOTAL COSTOS COMPONENTE 1 - RECURSO HUMANO PARA EL PROCESO- AMBAS SEDES SEDE PARQUE METROPOLITANO DE LAS AGUAS MAS SEDE ADMINISTRATIVA (VALOR NOMINA TOTAL PARA EL PROCESO) | D63: =+D60+D42 -> 131 | E63: =+E61+E44 -> 7.1276672e+08 | F63: =+F61+F44 -> 2.0656875e+09 | G63: =+G61+G44 -> 211878966 | H63: =+H61+H44 -> 154834650 | I63: =+I61+I44 -> 192082422 | J63: =+J61+J44 -> 2.6244835e+09 | K63: =+K61+K44 -> 101358126 | L63: =+L61+L44 -> 218698200 | ... P63: =+P61+P44 -> 291888132 | R63: =+R61+R44 -> 83294922 | S63: =+S61+S44 -> 0 | T63: =+T61+T44 -> 0 | U63: =+U61+U44 -> 97296042 | V63: =+V61+V44 -> 3.6619619e+09 | W63: =+W61+W44 -> 292956954 | X63: =+X61+X44 -> 160006896 | Y63: =+Y61+Y44 -> 2.2268444e+09 | ... AC63: =+AC61+AC44 -> 4.4002748e+09 | AD63: 2.1.2.02.02.008
B65: 2 | C65: COMPONENTE 2 - SUMINISTRO DE INSUMOS, DOTACION, SERVICIOS COMPLEMENTARIOS Y OTROS COSTOS DE OPERACIÓN PARA LA PRESTACIÓN DE SERVICIOS GENERALES INTEGRALES PARA LA SEDE DEL PARQUE METROPOLITANO DE LAS AGUAS y LA SEDE ADMINISTRATIVA (Reembolsables : Pagados contra factura o soporte idoneo ejecutado en el mes del servicio o gasto, a fin de demostrar que estos realmente se causaron y se ejecutaron, en caso que exista variaciones de los valores revisados con respecto del valor propuesto en un menor valor se efectuaran los ajustes respectivos para establecer el efectivo valor a pagar. En todo caso, lo ejecutado no podrá superar el valor de la propuesta económica)
B66: 2.1 | C66: SUMINISTRO DE INSUMOS, DOTACION, SERVICIOS COMPLEMENTARIOS Y OTROS COSTOS DE OPERACIÓN PARA LA PRESTACIÓN DE SERVICIOS GENERALES INTEGRALES - SEDE PARQUE METROPOLITANO DE LAS AGUAS
B67: ITEM | C67: DESCRIPCIÓN | I67: N° VECES DURANTE EL CONTRATO | J67: COSTO UNITARIO | K67: COSTO TOTAL | L67: COSTO TOTAL | M67: AU (T) = (%AU * S) | N67: SUBTOTAL ANTES DE IVA | O67: V1= IVA APLICABLE A BIEN O SERVICIO (*) Ver Notas IVA N° 3 y 4 | P67: base para excentos | Q67: calculo base iva pleno | R67: calculo base excenta | S67: V2= IVA APLICABLE A A.U. (*) Ver Notas IVA N° 3 Y 4 | T67: SUBTOTAL IVA (V = V1 + V2) | U67: VALOR TOTAL INCLUIDO IVA (W) = U + V | V67: RUBRO PRESUPUESTAL
I68: (Q) | J68: (R) | K68: (S) = Q * R | L68: = (S) | M68: =8% -> 0.08 | N68: (U) = S + T | O68: 0.19 | S68: 0.19 | T68: (V) = V1+V2 | U68: (W) =U + V
B69: 2.1.1 | C69: SUMINISTRO DE INSUMOS Y DOTACION - SEDE PARQUE METROPOLITANO DE LAS AGUAS
A70: 3 | B70: 2.1.1.1 | C70: Dotación del Personal (Uniformes) | I70: 1 | K70: =ROUND(I70*J70,0) -> 0 | L70: =+K70 -> 0 | M70: =ROUND(L70*$M$68,0) -> 0 | N70: =+L70+M70 -> 0 | O70: =ROUND(L70*$O$68,0) -> 0 | Q70: =IFERROR(L70+M70,"") -> 0 | S70: =ROUND(M70*$S$68,0) -> 0 | T70: =+O70+S70 -> 0 | U70: =+N70+T70 -> 0 | V70: 2.1.5.01.02
A71: 5 | B71: 2.1.1.2 | C71: Insumos de Cafetería (Mensual) | I71: 6 | K71: =ROUND(I71*J71,0) -> 0 | L71: =+K71 -> 0 | M71: =ROUND(L71*$M$68,0) -> 0 | N71: =+L71+M71 -> 0 | O71: =ROUND(L71*10%*$O$68,0) -> 0 | P71: =ROUND(N71*10%,0) -> 0 | R71: =IFERROR(N71-P71,"") -> 0 | S71: =ROUND(M71*10%*$S$68,0) -> 0 | T71: =+O71+S71 -> 0 | U71: =+N71+T71 -> 0 | V71: 2.1.5.01.02
A72: 7 | B72: 2.1.1.3 | C72: Insumos de Aseo (Mensual) | I72: 6 | K72: =ROUND(I72*J72,0) -> 0 | L72: =+K72 -> 0 | M72: =ROUND(L72*$M$68,0) -> 0 | N72: =+L72+M72 -> 0 | O72: =ROUND(L72*10%*$O$68,0) -> 0 | P72: =ROUND(N72*10%,0) -> 0 | R72: =IFERROR(N72-P72,"") -> 0 | S72: =ROUND(M72*10%*$S$68,0) -> 0 | T72: =+O72+S72 -> 0 | U72: =+N72+T72 -> 0 | V72: 2.1.5.01.03
A73: 7 | B73: 2.1.1.4 | C73: Insumos de Aseo (Entrega unica) | I73: 0 | K73: =ROUND(I73*J73,0) -> 0 | L73: =+K73 -> 0 | M73: =ROUND(L73*$M$68,0) -> 0 | N73: =+L73+M73 -> 0 | O73: =ROUND(L73*$O$68,0) -> 0 | P73: =ROUND(N73*10%,0) -> 0 | R73: =IFERROR(N73-P73,"") -> 0 | S73: =ROUND(M73*$S$68,0) -> 0 | T73: =+O73+S73 -> 0 | U73: =+N73+T73 -> 0 | V73: 2.1.5.01.03
A74: 7 | B74: 2.1.1.6 | C74: Insumos de Jardinería (Entrega unica) | I74: 0 | K74: =ROUND(I74*J74,0) -> 0 | L74: =+K74 -> 0 | M74: =ROUND(L74*$M$68,0) -> 0 | N74: =+L74+M74 -> 0 | O74: =ROUND(L74*$O$68,0) -> 0 | P74: =ROUND(N74*10%,0) -> 0 | R74: =IFERROR(N74-P74,"") -> 0 | S74: =ROUND(M74*$S$68,0) -> 0 | T74: =+O74+S74 -> 0 | U74: =+N74+T74 -> 0 | V74: 2.1.5.01.03
A75: 7 | B75: 2.1.1.7 | C75: Insumos de Salud Ocupacional (Mensual) | I75: 6 | K75: =ROUND(I75*J75,0) -> 0 | L75: =+K75 -> 0 | M75: =ROUND(L75*$M$68,0) -> 0 | N75: =+L75+M75 -> 0 | O75: =ROUND(L75*$O$68,0) -> 0 | Q75: =IFERROR(L75+M75,"") -> 0 | S75: =ROUND(M75*$S$68,0) -> 0 | T75: =+O75+S75 -> 0 | U75: =+N75+T75 -> 0 | V75: 2.1.5.01.03
A76: 7 | B76: 2.1.1.8 | C76: Insumos de EEP (Entrega única) | I76: 0 | K76: =ROUND(I76*J76,0) -> 0 | L76: =+K76 -> 0 | M76: =ROUND(L76*$M$68,0) -> 0 | N76: =+L76+M76 -> 0 | O76: =ROUND(L76*$O$68,0) -> 0 | Q76: =IFERROR(L76+M76,"") -> 0 | S76: =ROUND(M76*$S$68,0) -> 0 | T76: =+O76+S76 -> 0 | U76: =+N76+T76 -> 0 | V76: 2.1.5.01.03
A77: 7 | B77: 2.1.1.9 | C77: Insumos de Enfermería (Mensual) | I77: 6 | K77: =ROUND(I77*J77,0) -> 0 | L77: =+K77 -> 0 | M77: =ROUND(L77*$M$68,0) -> 0 | N77: =+L77+M77 -> 0 | O77: =ROUND(L77*$O$68,0) -> 0 | Q77: =IFERROR(L77+M77,"") -> 0 | S77: =ROUND(M77*$S$68,0) -> 0 | T77: =+O77+S77 -> 0 | U77: =+N77+T77 -> 0 | V77: 2.1.5.01.03
A78: 7 | B78: 2.1.1.10 | C78: Insumos de Enfermería (Entrega única) | I78: 0 | K78: =ROUND(I78*J78,0) -> 0 | L78: =+K78 -> 0 | M78: =ROUND(L78*$M$68,0) -> 0 | N78: =+L78+M78 -> 0 | O78: =ROUND(L78*$O$68,0) -> 0 | Q78: =IFERROR(L78+M78,"") -> 0 | S78: =ROUND(M78*$S$68,0) -> 0 | T78: =+O78+S78 -> 0 | U78: =+N78+T78 -> 0 | V78: 2.1.5.01.03
B79: 2.1.1 | C79: SUBTOTAL - COSTOS SUMINISTRO DE INSUMOS Y DOTACION - SEDE PARQUE METROPOLITANO DE LAS AGUAS | K79: =SUM(K70:K78) -> 0 | L79: =SUM(L70:L78) -> 0 | M79: =SUM(M70:M77) -> 0 | N79: =SUM(N70:N78) -> 0 | O79: =SUM(O70:O77) -> 0 | P79: =SUM(P70:P77) -> 0 | Q79: =SUM(Q70:Q77) -> 0 | R79: =SUM(R70:R77) -> 0 | S79: =SUM(S70:S77) -> 0 | T79: =SUM(T70:T78) -> 0 | U79: =SUM(U70:U78) -> 0 | V79: 2.1.5.01.02 y 2.1.5.01.03
B80: 2.1.2 | C80: SERVICIOS COMPLEMENTARIOS Y OTROS COSTOS DE OPERACIÓN - SEDE PARQUE METROPOLITANO DE LAS AGUAS
A81: 9 | B81: 2.1.2.1 | C81: =CONCATENATE("Conservación de Zonas Verdes (",IF(I81=1,"1 Vez ",I81& " veces " ),"durante el plazo del Contrato en la vigencia 2027, previa coordinación con la Supervisión)") -> Conservación de Zonas Verdes (2 veces durante el plazo del Contrato en la vigencia 2027, previa coordinación con la Supervisión) | I81: 2 | K81: =ROUND(I81*J81,0) -> 0 | L81: =+K81 -> 0 | M81: =ROUND(L81*$M$68,0) -> 0 | N81: =+L81+M81 -> 0 | O81: =ROUND(L81*10%*$O$68,0) -> 0 | P81: =ROUND(N81*10%,0) -> 0 | R81: =IFERROR(N81-P81,"") -> 0 | S81: =ROUND(M81*10%*$S$68,0) -> 0 | T81: =+O81+S81 -> 0 | U81: =+N81+T81 -> 0 | V81: 2.1.5.02.08
A82: 9 | B82: 2.1.2.2 | C82: =CONCATENATE("Servicios de Recolección de Residuos Peligrosos (",IF(I82=1,"1 Vez ",I82& " veces " ),"durante el plazo del Contrato en la vigencia 2027, previa coordinación con la Supervisión)") -> Servicios de Recolección de Residuos Peligrosos (3 veces durante el plazo del Contrato en la vigencia 2027, previa coordinación con la Supervisión) | I82: 3 | K82: =ROUND(I82*J82,0) -> 0 | L82: =+K82 -> 0 | M82: =ROUND(L82*$M$68,0) -> 0 | N82: =+L82+M82 -> 0 | O82: =ROUND(L82*10%*$O$68,0) -> 0 | P82: =ROUND(N82*10%,0) -> 0 | R82: =IFERROR(N82-P82,"") -> 0 | S82: =ROUND(M82*10%*$S$68,0) -> 0 | T82: =+O82+S82 -> 0 | U82: =+N82+T82 -> 0 | V82: 2.1.5.02.08
A83: 9 | B83: 2.1.2.3 | C83: Servicio de Fumigación y Control de Plagas | I83: 3 | K83: =ROUND(I83*J83,0) -> 0 | L83: =+K83 -> 0 | M83: =ROUND(L83*$M$68,0) -> 0 | N83: =+L83+M83 -> 0 | O83: =ROUND(L83*$O$68,0) -> 0 | Q83: =IFERROR(L83+M83,"") -> 0 | S83: =ROUND(M83*$S$68,0) -> 0 | T83: =+O83+S83 -> 0 | U83: =+N83+T83 -> 0 | V83: 2.1.5.02.08
A84: 9 | B84: 2.1.2.4 | C84: Servicio de Chipiado (Global) | I84: GLOBAL | K84: =J84 -> 0 | L84: =+K84 -> 0 | M84: =ROUND(L84*$M$68,0) -> 0 | N84: =+L84+M84 -> 0 | O84: =ROUND(L84*$O$68,0) -> 0 | Q84: =IFERROR(L84+M84,"") -> 0 | S84: =ROUND(M84*$S$68,0) -> 0 | T84: =+O84+S84 -> 0 | U84: =+N84+T84 -> 0 | V84: 2.1.5.02.08
A85: 9 | B85: 2.1.2.5 | C85: Servicio de Mantenimiento a Equipos Menores (Global) | I85: GLOBAL | K85: =J85 -> 0 | L85: =+K85 -> 0 | M85: =ROUND(L85*$M$68,0) -> 0 | N85: =+L85+M85 -> 0 | O85: =ROUND(L85*$O$68,0) -> 0 | Q85: =IFERROR(L85+M85,"") -> 0 | S85: =ROUND(M85*$S$68,0) -> 0 | T85: =+O85+S85 -> 0 | U85: =+N85+T85 -> 0 | V85: 2.1.5.02.08
A86: 9 | B86: 2.1.2.6 | C86: Bolsa maquinaria (Global) (30% del costo total de servicios complementarios) | I86: GLOBAL | J86: 18335711 | K86: =J86 -> 18335711 | L86: =+K86 -> 18335711 | M86: =ROUND(L86*$M$68,0) -> 1466857 | N86: =+L86+M86 -> 19802568 | O86: =ROUND(L86*$O$68,0) -> 3483785 | Q86: =IFERROR(L86+M86,"") -> 19802568 | S86: =ROUND(M86*$S$68,0) -> 278703 | T86: =+O86+S86 -> 3762488 | U86: =+N86+T86 -> 23565056 | V86: 2.1.5.02.08
A87: 9 | B87: 2.1.2.7 | C87: Otros Reembolsables - Valor Fijo e Inmodificable y Reembolsable | I87: 6 | J87: 8505151 | K87: =ROUND(I87*J87,0) -> 51030906 | L87: =+K87 -> 51030906 | M87: =ROUND(L87*$M$68,0) -> 4082472 | N87: =+L87+M87 -> 55113378 | O87: =ROUND(L87*$O$68,0) -> 9695872 | Q87: =IFERROR(L87+M87,"") -> 55113378 | S87: =ROUND(M87*$S$68,0) -> 775670 | T87: =+O87+S87 -> 10471542 | U87: =+N87+T87 -> 65584920 | V87: 2.1.5.02.08
B88: 2.1.2 | C88: SUBTOTAL - COSTOS POR SERVICIOS COMPLEMENTARIOS Y OTROS COSTOS DE OPERACIÓN - SEDE PARQUE METROPOLITANO DE LAS AGUAS | K88: =SUM(K81:K87) -> 69366617 | L88: =SUM(L81:L87) -> 69366617 | M88: =SUM(M81:M87) -> 5549329 | N88: =SUM(N81:N87) -> 74915946 | O88: =SUM(O81:O87) -> 13179657 | P88: =SUM(P81:P87) -> 0 | Q88: =SUM(Q81:Q87) -> 74915946 | R88: =SUM(R81:R87) -> 0 | ... U88: =SUM(U81:U87) -> 89149976 | V88: 2.1.5.02.08
B89: 2.1 | C89: TOTAL COSTOS POR SUMINISTRO DE INSUMOS, DOTACION, SERVICIOS COMPLEMENTARIOS Y OTROS COSTOS DE OPERACIÓN PARA LA PRESTACIÓN DE SERVICIOS GENERALES INTEGRALES - SEDE PARQUE METROPOLITANO DE LAS AGUAS | K89: =+K79+K88 -> 69366617 | L89: =+L79+L88 -> 69366617 | M89: =+M79+M88 -> 5549329 | N89: =+N79+N88 -> 74915946 | Q89: =IFERROR(N89+O89,"") -> 74915946 | T89: =+T79+T88 -> 14234030 | U89: =+U79+U88 -> 89149976
B91: 2.2 | C91: SUMINISTRO DE INSUMOS, DOTACION, SERVICIOS COMPLEMENTARIOS Y OTROS COSTOS DE OPERACIÓN PARA LA PRESTACIÓN DE SERVICIOS GENERALES INTEGRALES - SEDE ADMINISTRATIVA
B92: ITEM | C92: DESCRIPCIÓN | I92: N° VECES DURANTE EL CONTRATO | J92: COSTO UNITARIO | K92: COSTO TOTAL | L92: COSTO TOTAL | M92: AU (T) = (%AU * S) | N92: SUBTOTAL ANTES DE IVA | O92: V1= IVA APLICABLE A BIEN O SERVICIO (*) Ver Notas IVA N° 3 y 4 | P92: base para excentos | Q92: calculo base iva pleno | R92: calculo base excenta | S92: V2= IVA APLICABLE A A.U. (*) Ver Notas IVA N° 3 Y 4 | T92: SUBTOTAL IVA (V = V1 + V2) | U92: VALOR TOTAL INCLUIDO IVA (W) = U + V | V92: RUBRO PRESUPUESTAL
I93: (Q) | J93: (R) | K93: (S) = Q * R | L93: = (S) | M93: =M68 -> 0.08 | N93: (U) = S + T | O93: 0.19 | S93: 0.19 | T93: (V) = V1+V2 | U93: (W) =U + V
B94: 2.2.1 | C94: SUMINISTRO DE INSUMOS Y DOTACION - SEDE ADMINISTRATIVA
A95: 4 | B95: 2.2.1.1 | C95: Dotación del Personal (Uniformes) | I95: 1 | K95: =ROUND(I95*J95,0) -> 0 | L95: =+K95 -> 0 | M95: =ROUND(L95*$M$93,0) -> 0 | N95: =+L95+M95 -> 0 | O95: =ROUND(L95*$O$93,0) -> 0 | Q95: =IFERROR(L95+M95,"") -> 0 | S95: =ROUND(M95*$S$93,0) -> 0 | T95: =+O95+S95 -> 0 | U95: =+N95+T95 -> 0 | V95: 2.1.2.02.02.002
A96: 6 | B96: 2.2.1.2 | C96: Insumos de Cafetería (Mensual) | I96: 6 | K96: =ROUND(I96*J96,0) -> 0 | L96: =+K96 -> 0 | M96: =ROUND(L96*$M$93,0) -> 0 | N96: =+L96+M96 -> 0 | O96: =ROUND(L96*10%*$O$93,0) -> 0 | P96: =ROUND(N96*10%,0) -> 0 | R96: =IFERROR(N96-P96,"") -> 0 | S96: =ROUND(M96*10%*$S$93,0) -> 0 | T96: =+O96+S96 -> 0 | U96: =+N96+T96 -> 0 | V96: 2.1.2.02.02.002
A97: 8 | B97: 2.2.1.3 | C97: Insumos de Aseo | I97: 6 | K97: =ROUND(I97*J97,0) -> 0 | L97: =+K97 -> 0 | M97: =ROUND(L97*$M$93,0) -> 0 | N97: =+L97+M97 -> 0 | O97: =ROUND(L97*10%*$O$93,0) -> 0 | P97: =ROUND(N97*10%,0) -> 0 | Q97: =IFERROR(L97+M97,"") -> 0 | R97: =IFERROR(N97-P97,"") -> 0 | S97: =ROUND(M97*10%*$S$93,0) -> 0 | T97: =+O97+S97 -> 0 | U97: =+N97+T97 -> 0 | V97: 2.1.2.02.02.003
B98: 2.2.1 | C98: SUBTOTAL - COSTOS SUMINISTRO DE INSUMOS Y DOTACION - SEDE ADMINISTRATIVA | K98: =SUM(K95:K97) -> 0 | L98: =SUM(L95:L97) -> 0 | M98: =SUM(M95:M96) -> 0 | N98: =SUM(N95:N97) -> 0 | O98: =SUM(O95:O96) -> 0 | P98: =SUM(P95:P96) -> 0 | Q98: =SUM(Q95:Q96) -> 0 | R98: =SUM(R95:R96) -> 0 | S98: =SUM(S95:S96) -> 0 | T98: =SUM(T95:T97) -> 0 | U98: =SUM(U95:U97) -> 0 | V98: 2.1.2.02.02.002 y 2.1.2.02.02.003
B99: 2.2.2 | C99: SERVICIOS COMPLEMENTARIOS Y OTROS COSTOS DE OPERACIÓN - SEDE ADMINISTRATIVA
A100: 10 | B100: 2.2.2.1 | C100: Fumigación edificio (Rastreros, Voladores, Roedores) ((previo acuerdo con la supervision) | I100: 6 | K100: =ROUND(I100*J100,0) -> 0 | L100: =+K100 -> 0 | M100: =ROUND(L100*$M$93,0) -> 0 | N100: =+L100+M100 -> 0 | O100: =ROUND(L100*$O$93,0) -> 0 | Q100: =IFERROR(L100+M100,"") -> 0 | S100: =ROUND(M100*$S$93,0) -> 0 | T100: =+O100+S100 -> 0 | U100: =+N100+T100 -> 0 | V100: 2.1.2.02.02.008
A101: 10 | B101: 2.2.2.2 | C101: Limpieza y desinfeccion a tanque de agua potable en FV de 9.000 litros (previo acuerdo con la supervision) | I101: 6 | K101: =ROUND(I101*J101,0) -> 0 | L101: =+K101 -> 0 | M101: =ROUND(L101*$M$93,0) -> 0 | N101: =+L101+M101 -> 0 | O101: =ROUND(L101*10%*$O$93,0) -> 0 | P101: =ROUND(N101*10%,0) -> 0 | R101: =IFERROR(N101-P101,"") -> 0 | S101: =ROUND(M101*10%*$S$93,0) -> 0 | T101: =+O101+S101 -> 0 | U101: =+N101+T101 -> 0 | V101: 2.1.2.02.02.008
A102: 10 | B102: 2.2.2.3 | C102: Limpieza y desinfeccion a Fuentes – interna (1) y externa (previo acuerdo con la supervision) | I102: 6 | K102: =ROUND(I102*J102,0) -> 0 | L102: =+K102 -> 0 | M102: =ROUND(L102*$M$93,0) -> 0 | N102: =+L102+M102 -> 0 | O102: =ROUND(L102*10%*$O$93,0) -> 0 | P102: =ROUND(N102*10%,0) -> 0 | R102: =IFERROR(N102-P102,"") -> 0 | S102: =ROUND(M102*10%*$S$93,0) -> 0 | T102: =+O102+S102 -> 0 | U102: =+N102+T102 -> 0 | V102: 2.1.2.02.02.008
A103: 10 | B103: 2.2.2.4 | C103: Limpieza y reparacion a puertas vidrieras (cuando sea necesario) | I103: GLOBAL | K103: =+J103 -> 0 | L103: =+K103 -> 0 | M103: =ROUND(L103*$M$93,0) -> 0 | N103: =+L103+M103 -> 0 | O103: =ROUND(L103*10%*$O$93,0) -> 0 | P103: =ROUND(N103*10%,0) -> 0 | R103: =IFERROR(N103-P103,"") -> 0 | S103: =ROUND(M103*10%*$S$93,0) -> 0 | T103: =+O103+S103 -> 0 | U103: =+N103+T103 -> 0 | V103: 2.1.2.02.02.008
A104: 10 | B104: 2.2.2.5 | C104: Control y reparacion de Humedades (cuando sea necesario) | I104: GLOBAL | K104: =+J104 -> 0 | L104: =+K104 -> 0 | M104: =ROUND(L104*$M$93,0) -> 0 | N104: =+L104+M104 -> 0 | O104: =ROUND(L104*10%*$O$93,0) -> 0 | P104: =ROUND(N104*10%,0) -> 0 | R104: =IFERROR(N104-P104,"") -> 0 | S104: =ROUND(M104*10%*$S$93,0) -> 0 | T104: =+O104+S104 -> 0 | U104: =+N104+T104 -> 0 | V104: 2.1.2.02.02.008
A105: 10 | B105: 2.2.2.6 | C105: Limpieza, desinfeccion y tratamiento de Aguas a tanques de refrigeración del Aire acondicionado ubicados en la Torre 2. (previo acuerdo con la supervision) | I105: 6 | K105: =ROUND(I105*J105,0) -> 0 | L105: =+K105 -> 0 | M105: =ROUND(L105*$M$93,0) -> 0 | N105: =+L105+M105 -> 0 | O105: =ROUND(L105*10%*$O$93,0) -> 0 | P105: =ROUND(N105*10%,0) -> 0 | R105: =IFERROR(N105-P105,"") -> 0 | S105: =ROUND(M105*10%*$S$93,0) -> 0 | T105: =+O105+S105 -> 0 | U105: =+N105+T105 -> 0 | V105: 2.1.2.02.02.008
A106: 10 | B106: 2.2.2.7 | C106: Lavado industrial y reparacion de los muebles, silletería y tapetes de auditorios, cancelería (previo acuerdo con la supervision) | I106: 6 | K106: =ROUND(I106*J106,0) -> 0 | L106: =+K106 -> 0 | M106: =ROUND(L106*$M$93,0) -> 0 | N106: =+L106+M106 -> 0 | O106: =ROUND(L106*$O$93,0) -> 0 | Q106: =IFERROR(L106+M106,"") -> 0 | S106: =ROUND(M106*$S$93,0) -> 0 | T106: =+O106+S106 -> 0 | U106: =+N106+T106 -> 0 | V106: 2.1.2.02.02.008
...

Sheet Revisión Dominic y Festiv
A1: Fuente: https://www.comunidadcontable.com/BancoConocimiento/Laboral/cambio-en-el-calculo-de-horas-extras-segun-la-reduccion-de-la-jornada-laboral-a-partir-del-15-de-jul.asp?#:~:text=El%20cambio%20se%20ha%20venido,horas%20la%20jornada%20laboral%20semanal.
A3: Cambio en el cálculo de horas extras según la reducción de la jornada laboral a partir del 16 de julio de 2024
A5: La reducción de la jornada máxima de trabajo obedece a la aplicación de la Ley 2101 de 2021, por medio de la cual se reduce la jornada máxima laboral semanal a 42 horas.
A7: La citada Ley modificó el artículo 161 del Código Sustantivo del Trabajo y establece la duración máxima de la jornada ordinaria de trabajo de 42 horas a la semana.
A9: El cambio se ha venido realizando de forma gradual, por lo que desde el 16 de julio de 2023 se redujo una hora, es decir a 47 horas semanales y ahora, desde el 16 de julio del año 2024, será de 46 horas la jornada laboral semanal.
A11: Para los siguientes dos años, continuará la reducción así:
A13: -) Desde el día 16 de julio del año 2025, pasará a 44 horas y finalmente,
A15: -) Desde el 16 de julio de 2026, será de 42 horas semanales, jornada máxima laboral en Colombia.
A17: La ley 2101 de 2021 se refiere a la jornada laboral máxima de los trabajadores y trabajadoras del sector privado, es decir, a las personas naturales que han suscrito contratos laborales con empresas privadas y no aplica para las y los servidores públicos salvo los que trabajen en empresas del Estado y cuyas relaciones laborales se rijan por el Código Sustantivo del Trabajo.
A19: Aumenta valor de la hora diaria
A20: La disminución de la jornada máxima laboral implica, el aumento del valor de la hora diaria, toda vez que, por menos tiempo laborado, el trabajador continuará devengando la misma remuneración.
A22: Los empleadores deben realizar el cálculo del nuevo valor de la hora de trabajo para liquidar el valor de las horas extras y los recargos nocturnos, dominicales y festivos, respetando siempre el principio de favorabilidad.
A24: Forma de Cálculo del valor Hora
A25: LEY 2101 DE 2021 - 01/05/2026 HASTA EL 15/07/2026 - 44 HORAS SEMANALES O 220 HORAS AL MES | I25: ANTES
A26: LEY 2101 DE 2021 - 16/07/2026 EN ADELANTE - 42 HORAS SEMANALES O 210 HORAS AL MES
A27: Fecha a partir de la cual inicia la aplicación | B27: Fórmula para sacar el valor de la hora laboral | C27: Horas laborales día | D27: Horas laboradas al mes | F27: La jornada semanal será entonces de 42 horas y la jornada diaria será de 7 horas | G27: =42/6 -> 7 | I27: Fórmula para sacar el valor de la hora laboral | J27: Horas laborales día | K27: Horas laboradas al mes | M27: La jornada semanal será entonces de 42 horas y la jornada diaria será de 7 horas | N27: =42/6 -> 7
G28: 30 | N28: 30
A29: 16 de julio de 2026 | B29: 42/6 días X 30 días/30 | C29: =42/6*30/30 -> 7 | D29: =+C29*30 -> 210 | F29: La jornada mensual será de 210 horas | G29: =+G27*30 -> 210 | I29: 44/6 días X 30 días/30 | J29: =44/6*30/30 -> 7.3333333 | K29: =44/6*30 -> 220 | M29: La jornada mensual será de 210 horas | N29: =+N27*30 -> 210
D30: =+C65 -> 5238163 | E30: =ROUND(D30/30,0) -> 174605 | F30: valor día | G30: =E30/C29 -> 24943.571 | K30: =+C65 -> 5238163 | L30: =ROUND(K30/30,0) -> 174605 | M30: valor día | N30: =L30/J29 -> 23809.773
A31: LEY 2466 DE 2025 - PARAGRAFO TRANSITORIO DEL ARTICULO 14. REMUNERACIÓN EN DIAS DE DESCANSO OBLIGATORIO - 01/05/2026 HASTA EL 30/06/2026 - 80% RECARGO - 01/07/2026 AL 30/06/2027 - 90% RECARGO | E31: =ROUND(E30*0.9,0) -> 157145 | F31: recargo dominical día | L31: =ROUND(L30*0.8,0) -> 139684 | M31: recargo dominical día
E32: =+E31*26 -> 4085770 | F32: Recargo dominical x 26 domingos del plazo del Contrato entre 16/07/2026 en adelante | L32: =+L31*9 -> 1257156 | M32: Recargo dominical x 9 domingos de todo el plazo del Contrato
E33: =+E32/6 -> 680961.67 | F33: ´4085770/6 = 680,962 - Recargo dominical nomina mes | L33: =+L32/2 -> 628578 | M33: ´1257156/2 = 628,578 - Recargo dominical nomina mes
A34: Valor horas extras, dominicales y festivos
A36: A continuación se cálcula el valor de las horas extras, dominicales y festivos, basados en el salario mínimo mensual legal vigente para 2026, es decir: | G36: 1750905
A38: El valor de la hora se calculó así: $1.750.905 correspondiente a el SMMLV se dividió en 210 horas mensuales y como resultado se obtuvo $8.338 | I38: =1750905/210 -> 8337.6429
I39: VERIFICACIÓN VR HORA S/N SMMLV
A40: Valor extras, dominicales o festivos | B40: Factor del 01/05/2026 al 15/07/2026 | C40: Factor del 16/07/2026 en adelante | D40: Valor del 01/05/2026 al 15/07/2026 | E40: Valor del 16/07/2026 al 31/12/2026
A41: valor hora | B41: 220 | C41: 210 | D41: =$G$36/B41 -> 7958.6591 | E41: =$G$36/C41 -> 8337.6429
A42: Hora extra diurna ordinaria | B42: 1.25 | C42: 1.25 | D42: =B42*$D$41 -> 9948.3239 | E42: =C42*$E$41 -> 10422.054
A43: Hora extra nocturna ordinaria | B43: 1.75 | C43: 1.75 | D43: =B43*$D$41 -> 13927.653 | E43: =C43*$E$41 -> 14590.875
A44: Recargo por hora nocturna ordinaria | B44: 0.35 | C44: 0.35 | D44: =B44*$D$41 -> 2785.5307 | E44: =C44*$E$41 -> 2918.175
A45: Hora extra diurna dominical (hasta el 30/06/2026) | B45: =1+0.8+0.25 -> 2.05 | C45: No aplica | D45: =B45*$D$41 -> 16315.251 | E45: =C45*$E$41 -> #VALUE!
A46: Hora extra diurna dominical (desde el 01/07/2026 al 30/06/2027) | B46: =1+0.9+0.25 -> 2.15 | C46: =1+0.9+0.25 -> 2.15 | D46: =B46*$D$41 -> 17111.117 | E46: =C46*$E$41 -> 17925.932
A47: Hora extra nocturna dominical (hasta el 30/06/2026) | B47: =1+0.8+0.75 -> 2.55 | C47: No aplica | D47: =B47*$D$41 -> 20294.581 | E47: =C47*$E$41 -> #VALUE!
A48: Hora extra nocturna dominical (desde el 01/07/2026 al 30/06/2027) | B48: =1+0.9+0.75 -> 2.65 | C48: =1+0.9+0.75 -> 2.65 | D48: =B48*$D$41 -> 21090.447 | E48: =C48*$E$41 -> 22094.754
A49: Recargo dominical o festivo (hasta el 30/06/2026) | B49: 0.8 | C49: No aplica | D49: =B49*$D$41 -> 6366.9273 | E49: =C49*$E$41 -> #VALUE!
A50: Recargo dominical o festivo (desde el 01/07/2026 al 30/06/2027) | B50: 0.9 | C50: 0.9 | D50: =B50*$D$41 -> 7162.7932 | E50: =C50*$E$41 -> 7503.8786
A51: Día dominical (hasta el 30/06/2026) | B51: 1.8 | C51: No aplica | D51: =B51*$D$41*8 -> 114604.69 | E51: =C51*$E$41*8 -> #VALUE! | F51: TENER EN CUENTA QUE SE LABORAN LAS 8 HRS.
A52: Día dominical (desde el 01/07/2026 al 30/06/2027) | B52: 1.9 | C52: 1.9 | D52: =B52*$D$41*8 -> 120971.62 | E52: =C52*$E$41*8 -> 126732.17 | F52: TENER EN CUENTA QUE SE LABORAN LAS 8 HRS.
A53: Hora dominical (hasta el 30/06/2026) | B53: 1.8 | C53: No aplica | D53: =B53*$D$41 -> 14325.586 | E53: =C53*$E$41 -> #VALUE!
A54: Hora dominical (desde el 01/07/2026 al 30/06/2027) | B54: 1.9 | C54: 1.9 | D54: =B54*$D$41 -> 15121.452 | E54: =C54*$E$41 -> 15841.521
A56: VALIDACIÓN DEL RECARGO DOMINICAL Y DE LOS FESTIVOS - PROCESO 2026 - PERSONAL SEDE PARQUE METROPOLITANO DE LAS AGUAS
A57: ASIGNACIÓN DE LA JORNADA LABORAL ORDINARIA EN EL PARQUE METROPOLITANO DE LAS AGUAS - INFORMA JUAN GONZALO JARAMILLO - ASIGNADO COMO TÉCNICO
A58: Lunes | B58: Descanso
A59: Martes a Viernes (de 9am a 4:30pm con 0,5hr de almuerzo) | B59: 7 | C59: =4*B59 -> 28
A60: Sábados y Domingos (de 9am a 4:30pm con 0,5hr de almuerzo) | B60: 7 | C60: =2*B60 -> 14
A61: Total Horas Semanales | C61: =+C59+C60 -> 42 | D61: =+C61/6*30 -> 210 | E61: Total horas al mes
A63: PARA LA VALIDACIÓN FINANCIERA - SE TOMAN LOS DATOS DEL CARGO DE COORDINADOR GENERAL DEL PARQUE | B63: RECARGO DOMINICALES - 26 DOMINICALES RECARGO FESTIVOS - 8 FESTIVOS JORNADA DIA MÁXIMO 7 HORAS
A65: COSTO TOTAL REMUNERACIÓN MES | C65: 5238163
A66: VALOR HORA ORDINARIA | B66: 210 HORAS MES | C66: =+C65/210 -> 24943.633
A67: VALOR RECARGO X HORA - DOMINICAL o FESTIVO | B67: 0,9% HORA | C67: =+C66*0.9 -> 22449.27 | D67: RECARGO X HORA DOMINICAL o FESTIVO
A68: VALOR REGARGO X DIA (VR RECARGO HORA X TOTAL HORAS DIA - 7 horas DOMINGO/FESTIVOS) | B68: 7 | C68: =ROUND(B68*C67,0) -> 157145 | D68: RECARGO X DIA DOMINICAL o FESTIVO - JORNADA MÁXIMA DE 7 HORAS
A69: TOTAL DIAS DOMINICALES y RECARGO DURANTE EL CONTRATO | B69: 26 | C69: =+C68*B69 -> 4085770
A70: TOTAL RECARGO DOMINICAL POR NÓMINA MES - DIVIDE EL TOTAL X 6 MESES | B70: 6 | C70: =+ROUND(C69/B70,0) -> 680962 | D70: ESTE ES EL VALOR DEL RECARGO POR DOMINICALES NOMINA MES | H70: =ROUND((C65/210*7*0.9*26)/6,0) -> 680961 | J70: =IF(#REF!=H70,"correcto con presupuesto","revisar") -> #REF!
A72: VALOR HORA ORDINARIA | B72: 210 HORAS MES | C72: =+C65/210 -> 24943.633
A73: VALOR RECARGO X HORA - DOMINICAL o FESTIVO | B73: 1,9% HORA | C73: =+C72*1.9 -> 47392.903 | D73: RECARGO X HORA DOMINICAL o FESTIVO (tener en cuenta que este dia no es compensado a comparación del dominical)
A74: VALOR REGARGO X DIA (VR RECARGO HORA X TOTAL HORAS DIA - 7 horas DOMINGO/FESTIVOS) | B74: 7 | C74: =ROUND(B74*C73,0) -> 331750 | D74: RECARGO X DIA DOMINICAL o FESTIVO - JORNADA MÁXIMA DE 7 HORAS
A75: TOTAL DIAS FESTIVOS y RECARGO DURANTE EL CONTRATO | B75: 8 | C75: =+C74*B75 -> 2654000
A76: TOTAL RECARGO FESTIVO POR NÓMINA MES - DIVIDE EL TOTAL X 6 MESES | B76: 6 | C76: =+ROUND(C75/B76,0) -> 442333 | D76: ESTE ES EL VALOR DEL RECARGO POR FESTIVOS NOMINA MES | H76: =ROUND((C65/210*7*1.9*8)/6,0) -> 442334 | J76: =IF(#REF!=H76,"correcto con presupuesto","revisar") -> #REF!
A79: VALIDACIÓN DEL RECARGO DOMINICAL Y DE LOS FESTIVOS - PROCESO 2026 - PERSONAL SEDE ADMINISTRATIVA
A80: ASIGNACIÓN DE LA JORNADA LABORAL ORDINARIA EN LA SEDE ADMINISTRATIVA - INFORMA LINA MARCELA RESTREPO - ASIGNADO COMO TÉCNICO
A81: HORARIO DIURNO DE LUNES A JUEVES (7AM A 4:30 PM) | B81: =8.5*4 -> 34
A82: HORARIO DIURNO VIERNES (7 AM A 4 PM) | B82: 8
A83: HORARIO DIURNO DE LUNES A VIERNES | B83: =B81+B82 -> 42 | C83: TOTAL HORAS A NIVEL SEMANAL | K83: PAG 51, EP
B84: 210 | C84: TOTAL HORAS A NIVEL MES
A85: OCASIONALMENTE LABORAN EN UN DOMINICAL O EN FESTIVO POR ALGUNA NECESIDAD DEL SERVICIO
A86: EL ÁREA TÉCNICA - SEDE ADMINISTRATIVA PROYECTA COSTOS POR RECARGO DOMINICAL PARA UN TOTAL DE 11 DOMINGOS DE UN TOTAL DE 13 QUE HAY EN EL PERIODO Y RECARGO PARA LOS 4 FESTIVOS
A88: Desde lo técnico, se consideró oportuno dejarlo calculado para los siguientes cargos, ya que este es un pago que solo se hace a demanda y como tal, la no ejecución del servicio no se pagaría, igual se calcula el recargo para una jornada laboral en dominical o festivo máxima de 7 horas
A90: Desde la parte técnica, se define que los cargos a los cuales se les podrá en algún momento programar labores en festivos o dominicales serian:
A92: Técnicos para adecuaciones y conservación en general | B92: 2
A93: Auxiliar Operativo o afines | B93: 2
A94: Auxiliar Servicios Generales | B94: 19
A95: Auxiliar Mantenimiento Jardines (Ornato) | B95: 2
B96: 25
A98: PARA LA VALIDACIÓN FINANCIERA - SE TOMAN LOS DATOS DEL CARGO DE TÉCNICO PARA ADECUACIONES Y CONSERVACIÓN EN GENERAL - SEDE | B98: RECARGO DOMINICALES - 26 DOMINICALES RECARGO FESTIVOS - 8 FESTIVOS JORNADA DIA MÁXIMO 7 HORAS
A100: COSTO TOTAL REMUNERACIÓN MES | C100: =#REF! -> #REF!
A101: VALOR HORA ORDINARIA | B101: 210 HORAS MES | C101: =+C100/210 -> #REF!
A102: VALOR RECARGO X HORA - DOMINICAL o FESTIVO | B102: 0,90% HORA | C102: =+C101*0.9 -> #REF! | D102: RECARGO X HORA DOMINICAL o FESTIVO
A103: VALOR REGARGO X DIA (VR RECARGO HORA X TOTAL HORAS DIA - 7 horas DOMINGO/FESTIVOS) | B103: 7 | C103: =ROUND(B103*C102,0) -> #REF! | D103: RECARGO X DIA DOMINICAL o FESTIVO - JORNADA MÁXIMA DE 7 HORAS
A104: TOTAL PROYECTADO PARA LA SEDE - DIAS DOMINICALES y RECARGO DURANTE EL CONTRATO | B104: 26 | C104: =+C103*B104 -> #REF!
A105: TOTAL RECARGO DOMINICAL POR NÓMINA MES - DIVIDE EL TOTAL X 6 MESES | B105: 6 | C105: =+ROUND(C104/B105,0) -> #REF! | D105: ESTE ES EL VALOR DEL RECARGO POR DOMINICALES NOMINA MES | H105: =ROUND((C100/210*7*0.9*26)/6,0) -> #REF! | J105: =IF(#REF!=H105,"correcto con presupuesto","revisar") -> #REF!
A108: VALOR HORA ORDINARIA | B108: 210 HORAS MES | C108: =+C100/210 -> #REF!
A109: VALOR RECARGO X HORA - DOMINICAL o FESTIVO | B109: 1,90% HORA | C109: =+C108*1.9 -> #REF! | D109: RECARGO X HORA DOMINICAL o FESTIVO (No se compensa el dia festivo trabajado)
A110: VALOR REGARGO X DIA (VR RECARGO HORA X TOTAL HORAS DIA - 7 horas DOMINGO/FESTIVOS) | B110: 7 | C110: =ROUND(B110*C109,0) -> #REF! | D110: RECARGO X DIA DOMINICAL o FESTIVO - JORNADA MÁXIMA DE 7 HORAS
A111: TOTAL DIAS FESTIVOS y RECARGO DURANTE EL CONTRATO | B111: 8 | C111: =+C110*B111 -> #REF!
A112: TOTAL RECARGO FESTIVO POR NÓMINA MES - DIVIDE EL TOTAL X 6 MESES | B112: 6 | C112: =+ROUND(C111/B112,0) -> #REF! | D112: ESTE ES EL VALOR DEL RECARGO POR FESTIVOS NOMINA MES | H112: =ROUND((C100/210*7*1.9*8)/6,0) -> #REF! | J112: =IF(#REF!=H112,"correcto con presupuesto","revisar") -> #REF!
A119: EL PLAZO DE EJECUCIÓN ES DE 8 MESES - partido en 2: desde 01 mayo a 30 de junio de 2026 desde 01 de julio al 31 diciembre de 2026
G123: DOMINICALES - MAYO - JUNIO 2026
G125: JUNIO | H125: 4
G126: 1-15 JULIO | H126: 2
G127: TOTAL | H127: =SUM(H125:H126) -> 6
G129: FESTIVOS - MAYO - JUNIO 2026
G131: JUNIO | H131: 3
G132: 1-15 JULIO | H132: 0
G133: TOTAL | H133: =SUM(H131:H132) -> 3
G141: DOMINICALES - JULIO - DICIEMBRE 2026
G143: 16-31 JULIO | H143: 2
G144: AGOSTO | H144: 5
G145: SEPTIEMBRE | H145: 4
G146: OCTUBRE | H146: 4
...

Sheet NOMINA AGOSTO_14.10
A1: NÓMINA PARQUE METROPOLITANO DE LAS AGUAS
A2: AGOSTO DE 2025 | AC2: 240
A3: CENTRO DE COSTOS | B3: CEDULA | C3: NOMBRE | D3: SUELDO BASICO MENSUAL | E3: FECHA DE INGRESO | F3: FECHA DE RETIRO | G3: Horas Ordinarias | H3: Auxilio de Transporte | I3: 125 hed Horas extras diurnas | J3: 175 hen Horas extras nocturnas | K3: 200 HEFD Horas extras festivas diurnas | L3: 250 HEFN Horas extras festivas nocturnas | M3: 75 Domingo compensado | N3: 175 Festivo laborado | O3: 0.35 Recargo nocturno ordinario | P3: 210 Recargo festivo nocturno | Q3: 110 Recargo noctuno compensado | R3: INCAPACIDAD ENFERMEDAD GENERAL (2) PRIMEROS DIAS | S3: INCAPACIDAD GENERAL ASEAR DESPUES DEL 3ER DIA | T3: AT | U3: Horas Permiso No Remunerado (Hrs.) | V3: Permiso remunerado. | W3: AUSENCIA SIN JUSTA CAUSA | X3: Horas extras diurnas | Y3: Suspension | Z3: CALAMIDAD (Hrs.) | AA3: Observaciones
A4: COORDINADOR GENERAL (1)
A5: PARQUE METROPLITANO DE LAS AGUAS | B5: 71210225 | C5: HERNAN ALONSO BETANCUR MONTOYA | D5: 4477062 | E5: 45763 | G5: 240 | M5: 40 | N5: 16 | AA5: DOMINGO AGOSTO 3,10,17,24 Y 31. FESTIVO AGOSTO 7 Y 18
A6: ASISTENTE ADMINISTRATIVO Y DE OPERACIONES (1)
A7: PARQUE METROPLITANO DE LAS AGUAS | D7: 3067772
A8: RECEPCIONISTA (1)
A9: PARQUE METROPLITANO DE LAS AGUAS | B9: 1001744300 | C9: LIZETH DANIELA PALACIO CARVAJAL | D9: 1954575 | E9: 45763 | G9: 240 | H9: 240 | M9: 40 | AA9: DOMINGO AGOSTO 3,10,17,24 Y 31.
A10: TECNÓLOGO EN ATENCIÓN PRE HOSPITALARIA (2)
A11: PARQUE METROPLITANO DE LAS AGUAS | B11: 1001634113 | C11: CESAR ANDRES OBANDO SEPULVEDA | D11: 2951621 | E11: 45763 | G11: 240 | M11: 40 | N11: 16 | AA11: DOMINGO AGOSTO 3,10,17,24 Y 31. FESTIVO AGOSTO 7 Y 18
A12: COORDINADOR DE ALMACÉN (1)
A13: PARQUE METROPLITANO DE LAS AGUAS | D13: 3067772
A14: AUXILIAR DE ALMACÉN (1)
A15: PARQUE METROPLITANO DE LAS AGUAS | B15: 98491930 | C15: JAIME ALBERTO BERRIO ARANGO | D15: 1641371 | E15: 45763 | G15: 240 | H15: 240 | M15: 40 | N15: 16 | AA15: DOMINGO AGOSTO 3,10,17,24 Y 31. FESTIVO AGOSTO 7 Y 18
A16: TECNÓLOGO EN SALUD OCUPACIONAL (1)
A17: PARQUE METROPLITANO DE LAS AGUAS | B17: 1035223202 | C17: MARIA ALEJANDRA CARO SANCHEZ | D17: 2617190 | E17: 45763 | G17: 240 | H17: 240 | M17: 24 | N17: 16 | AA17: DOMINGO AGOSTO 10,17 Y 24. FESTIVO AGOSTO 7 Y 18
A18: COORDINADOR AMBIENTAL(1)
A19: PARQUE METROPLITANO DE LAS AGUAS | B19: 1152197190 | C19: XAVIER ZAMIR GRAJALES RIOS | D19: 3589848 | E19: 45763 | G19: 240 | M19: 40 | N19: 16 | AA19: DOMINGO AGOSTO 3,10,17,24 Y 31. FESTIVO AGOSTO 7 Y 18
A20: TAQUILLERO (4)
A21: PARQUE METROPLITANO DE LAS AGUAS | B21: 1046915436 | C21: LAURA ALEXANDRA CHAVERRA GUERRA | D21: 1954575 | E21: 45864 | F21: METROPARQUES | G21: 240 | H21: 240 | M21: 40 | N21: 16 | AA21: DOMINGO AGOSTO 3,10,17,24 Y 31. FESTIVO AGOSTO 7 Y 18
A22: PARQUE METROPLITANO DE LAS AGUAS | B22: 1000640864 | C22: YHOJANS SMIT AGUDELO HERNANDEZ | D22: 1954575 | E22: 45870 | G22: 240 | H22: 240 | M22: 40 | N22: 16 | AA22: DOMINGO AGOSTO 3,10,17,24 Y 31. FESTIVO AGOSTO 7 Y 18
A23: AUXILIAR DE INFORMACION Y REGISTRO 2 (1)
A24: PARQUE METROPLITANO DE LAS AGUAS | B24: 1035225643 | C24: JESSICA JOHANA QUINTERO CARVAJAL | D24: 1954575 | E24: 45763 | G24: 240 | H24: 240 | M24: 40 | N24: 16 | AA24: DOMINGO AGOSTO 3,10,17,24 Y 31. FESTIVO AGOSTO 7 Y 18
A25: AUXILIAR DE GUARDAROPA (3)
A26: PARQUE METROPLITANO DE LAS AGUAS | D26: 1758120
A27: TÉCNICO EN MANTENIMIENTO GENERAL (6)
A28: PARQUE METROPLITANO DE LAS AGUAS | B28: 70139977 | C28: ARLEY FERNANDO JIMENEZ BETANCUR | D28: 2617190 | E28: 45763 | G28: 240 | H28: 240 | M28: 32 | N28: 16 | AA28: DOMINGO AGOSTO 3,10,17 Y 24. FESTIVO AGOSTO 7 Y 18
A29: PARQUE METROPLITANO DE LAS AGUAS | B29: 70137763 | C29: WILLIAM JARAMILLO AGUDELO | D29: 2617190 | E29: 45763 | G29: 240 | H29: 240 | M29: 40 | N29: 16 | AA29: DOMINGO AGOSTO 3,10,17,24 Y 31. FESTIVO AGOSTO 7 Y 18
A30: PARQUE METROPLITANO DE LAS AGUAS | B30: 1095786445 | C30: LIBARDO CADENA CADENA | D30: 2617190 | E30: 45763 | G30: 240 | H30: 240 | M30: 40 | N30: 16 | AA30: DOMINGO AGOSTO 3,10,17,24 Y 31. FESTIVO AGOSTO 7 Y 18
A31: PARQUE METROPLITANO DE LAS AGUAS | B31: 1002089412 | C31: ELKIN STIVEN RESTREPO VALENCIA | D31: 2617190 | E31: 45763 | G31: 240 | H31: 240 | M31: 40 | N31: 16 | AA31: DOMINGO AGOSTO 3,10,17,24 Y 31. FESTIVO AGOSTO 7 Y 18
A32: AUXILIAR OPERATIVO O AFINES (4)
A33: PARQUE METROPLITANO DE LAS AGUAS | B33: 70324579 | C33: ORLANDO CORDOBA BUSTAMANTE | D33: 1832465 | E33: 45763 | G33: 240 | H33: 240 | M33: 32 | N33: 16 | AA33: DOMINGO AGOSTO 3,10,17 Y 24. FESTIVO AGOSTO 7 Y 18
A34: TÉCNICO DE MANNTENIMIENTO DE AGUAS RESIDUALES (1)
A35: PARQUE METROPLITANO DE LAS AGUAS | B35: 1214713916 | C35: JEFERSON ESTEWAR MORENO ARISTIZABAL | D35: 2617190 | E35: 45854 | G35: 224 | H35: 224 | M35: 32 | N35: 16 | R35: 16 | AA35: DOMINGO AGOSTO 10,17,24 Y 31. FESTIVO AGOSTO 7 Y 18 IEG AGOSTO 3 Y 4
A36: TÉCNICO MANEJO DE AGUA DE PISCINAS USO RECREATIVO (1)
A37: PARQUE METROPLITANO DE LAS AGUAS | B37: 1037044770 | C37: DUVER ALEXANDER GARCÍA VASQUEZ | D37: 2617190 | E37: 45763 | G37: 232 | H37: 232 | M37: 40 | N37: 16 | V37: 8 | AA37: DOMINGO AGOSTO 3,10,17,24 Y 31. FESTIVO AGOSTO 7 Y 18. PNR AGOSTO 5
A38: PISCINEROS (6)
A39: PARQUE METROPLITANO DE LAS AGUAS | B39: 39215945 | C39: NATALI CARMONA MARIN | D39: 2199208 | E39: 45763 | G39: 240 | H39: 240 | M39: 40 | N39: 16 | AA39: DOMINGO AGOSTO 3,10,17,24 Y 31. FESTIVO AGOSTO 7 Y 18
A40: PARQUE METROPLITANO DE LAS AGUAS | B40: 1035859375 | C40: DUVAN ARLEY CADAVID HERNANDEZ | D40: 2199208 | E40: 45763 | G40: 232 | H40: 232 | M40: 40 | N40: 16 | R40: 8 | AA40: DOMINGO AGOSTO 3,10,17,24 Y 31. FESTIVO AGOSTO 7 Y 18. IEG AGOSTO 1
A41: PARQUE METROPLITANO DE LAS AGUAS | B41: 1035868648 | C41: DANIEL JOSE CASTRILLON JIMENEZ | D41: 2199208 | E41: 45763 | G41: 240 | H41: 240 | M41: 40 | N41: 16 | AA41: DOMINGO AGOSTO 3,10,17,24 Y 31. FESTIVO AGOSTO 7 Y 18
A42: PARQUE METROPLITANO DE LAS AGUAS | B42: 1020480076 | C42: LUIS DANIEL POSADA VALENCIA | D42: 2199208 | E42: 45763 | G42: 240 | H42: 240 | M42: 40 | N42: 16 | AA42: DOMINGO AGOSTO 3,10,17,24 Y 31. FESTIVO AGOSTO 7 Y 18
A43: PARQUE METROPLITANO DE LAS AGUAS | B43: 70142634 | C43: JUAN DIEGO VELASQUEZ GIRALDO | D43: 2199208 | E43: 45763 | G43: 240 | H43: 240 | M43: 40 | N43: 16 | AA43: DOMINGO AGOSTO 3,10,17,24 Y 31. FESTIVO AGOSTO 7 Y 18
A44: AUXILIAR MANTENIMIENTO Y REPARACIÓN DE FLOTADORES (1)
A45: PARQUE METROPLITANO DE LAS AGUAS | B45: 1017178437 | C45: JHONNY MAURICIO MONTOYA VELÁSQUEZ | D45: 1832465 | E45: 45763 | G45: 240 | H45: 240 | M45: 40 | N45: 16 | AA45: DOMINGO AGOSTO 3,10,17,24 Y 31. FESTIVO AGOSTO 7 Y 18
A46: LÍDER SERVICIOS GENERALES (1)
A47: PARQUE METROPLITANO DE LAS AGUAS | B47: 72002230 | C47: FRAN JOE DONADO ALVAREZ | D47: 2617190 | E47: 45763 | G47: 240 | H47: 240 | M47: 40 | N47: 16 | AA47: DOMINGO AGOSTO 3,10,17,24 Y 31. FESTIVO AGOSTO 7 Y 18
A48: AUXILIAR SERVICIOS GENERALES (25)
A49: PARQUE METROPLITANO DE LAS AGUAS | B49: 39209813 | C49: LUZ DARY BOHORQUEZ TOBON | D49: 1558733 | E49: 45763 | G49: 240 | H49: 240 | M49: 40 | N49: 8 | AA49: DOMINGO AGOSTO 3,10,17,24 Y 31. FESTIVO AGOSTO 18
A50: PARQUE METROPLITANO DE LAS AGUAS | B50: 1035860980 | C50: MARIBEL CASTRILLÓN HERNANDEZ | D50: 1558733 | E50: 45763 | G50: 224 | H50: 224 | M50: 40 | N50: 16 | R50: 16 | AA50: DOMINGO AGOSTO 3,10,17,24 Y 31. FESTIVO AGOSTO 7 Y 18 IEG AGOSTO 20 Y 21
A51: PARQUE METROPLITANO DE LAS AGUAS | B51: 1067879174 | C51: BERLEIDIS JUDITH VILLAMISAR GALÁN | D51: 1558733 | E51: 45763 | G51: 240 | H51: 240 | M51: 40 | N51: 16 | AA51: DOMINGO AGOSTO 3,10,17,24 Y 31. FESTIVO AGOSTO 7 Y 18
A52: PARQUE METROPLITANO DE LAS AGUAS | B52: 1193138309 | C52: DAYANA ANDREA TOBON LONDOÑO | D52: 1558733 | E52: 45763 | G52: 240 | H52: 240 | M52: 16 | N52: 16 | AA52: DOMINGO AGOSTO 3,10. FESTIVO AGOSTO 7 Y 18
A53: PARQUE METROPLITANO DE LAS AGUAS | B53: 39354581 | C53: MARGARITA MARIA ORTIZ CARDONA | D53: 1558733 | E53: 45763 | G53: 240 | H53: 240 | M53: 40 | N53: 16 | AA53: DOMINGO AGOSTO 3,10,17,24 Y 31. FESTIVO AGOSTO 7 Y 18
A54: PARQUE METROPLITANO DE LAS AGUAS | B54: 39356068 | C54: YENNY LUCIA AGUDELO JARAMILLO | D54: 1558733 | E54: 45763 | G54: 224 | H54: 224 | M54: 32 | N54: 16 | R54: 16 | AA54: DOMINGO AGOSTO 10,17,24 Y 31. FESTIVO AGOSTO 7 Y 18. IEG AGOSTO 4 Y 5
A55: PARQUE METROPLITANO DE LAS AGUAS | B55: 1035230804 | C55: YESICA YOHANA MARTINEZ CATAÑO | D55: 1558733 | E55: 45811 | G55: 240 | H55: 240 | M55: 32 | N55: 16 | AA55: DOMINGO AGOSTO 3,10,17 Y 24. FESTIVO AGOSTO 7 Y 18
A56: PARQUE METROPLITANO DE LAS AGUAS | B56: 15507791 | C56: JORGE HUMBERTO MENESES VILLA | D56: 1558733 | E56: 45763 | G56: 240 | H56: 240 | M56: 40 | N56: 16 | AA56: DOMINGO AGOSTO 3,10,17,24 Y 31. FESTIVO AGOSTO 7 Y 18
A57: PARQUE METROPLITANO DE LAS AGUAS | B57: 1007526445 | C57: CARLOS ANDRES LOPEZ MAZO | D57: 1558733 | E57: 45763 | G57: 240 | H57: 240 | M57: 40 | N57: 16 | AA57: DOMINGO AGOSTO 3,10,17,24 Y 31. FESTIVO AGOSTO 7 Y 18
A58: PARQUE METROPLITANO DE LAS AGUAS | B58: 1035426772 | C58: ALBERT JOHNNY VALENCIA AGUDELO | D58: 1558733 | E58: 45784 | G58: 240 | H58: 240 | M58: 32 | N58: 8 | AA58: DOMINGO AGOSTO 3,10,17 Y 24. FESTIVO AGOSTO 7
A59: PARQUE METROPLITANO DE LAS AGUAS | B59: 1035233464 | C59: JOSE FELIPE CATAÑO CATAÑO | D59: 1558733 | E59: 45793 | G59: 216 | H59: 216 | M59: 32 | N59: 16 | R59: 8 | W59: 16 | AA59: DOMINGO AGOSTO 3,17,24 Y 31. FESTIVO AGOSTO 7 Y 18 IEG AGOS 1, AUS SIN JUSTA CAUSA AGOS 10 Y 11
A60: PARQUE METROPLITANO DE LAS AGUAS | B60: 43817373 | C60: SANDRA VIVIANA PEREA PASCUAS | D60: 1558733 | E60: 45841 | G60: 240 | H60: 240 | M60: 40 | N60: 16 | AA60: DOMINGO AGOSTO 3,10,17,24 Y 31. FESTIVO AGOSTO 7 Y 18
A61: PARQUE METROPLITANO DE LAS AGUAS | B61: 1023522678 | C61: ALEXIS GARCIA CELIS | D61: 1558733 | E61: 45862 | G61: 240 | H61: 240 | M61: 40 | N61: 16 | AA61: DOMINGO AGOSTO 3,10,17,24 Y 31. FESTIVO AGOSTO 7 Y 18
A62: PARQUE METROPLITANO DE LAS AGUAS | B62: 39354019 | C62: ALEXANDRA LUCIA MAZO RUA | D62: 1558733 | E62: 45870 | G62: 240 | H62: 240 | M62: 40 | N62: 16 | AA62: DOMINGO AGOSTO 3,10,17,24 Y 31. FESTIVO AGOSTO 7 Y 18
A63: PARQUE METROPLITANO DE LAS AGUAS | B63: 70978820 | C63: JORGE MARIO OLAYA ESPINOSA | D63: 1558733 | E63: 45839 | F63: 45872 | G63: 24 | H63: 24 | AA63: RENUNCIA VOLUNTARIA AGOSTO 3
A64: AUXILIAR MANTENIMIENTO DE JARDINES (ORNATO) (5)
A65: PARQUE METROPLITANO DE LAS AGUAS | B65: 70134244 | C65: LUIS ALFONSO CASTRILLON CATAÑO | D65: 1773335 | E65: 45763 | G65: 240 | H65: 240 | M65: 40 | N65: 16 | AA65: DOMINGO AGOSTO 3,10,17,24 Y 31. FESTIVO AGOSTO 7 Y 18
A66: PARQUE METROPLITANO DE LAS AGUAS | B66: 1035222867 | C66: RONY ALEXANDER AGUDELO AGUDELO | D66: 1773335 | E66: 45763 | G66: 240 | H66: 240 | M66: 40 | N66: 16 | AA66: DOMINGO AGOSTO 3,10,17,24 Y 31. FESTIVO AGOSTO 7 Y 18
A67: PARQUE METROPLITANO DE LAS AGUAS | B67: 1001243801 | C67: YEFFERSON ARLEY AGUDELO SUAREZ | D67: 1773335 | E67: 45763 | G67: 240 | H67: 240 | M67: 40 | N67: 16 | AA67: DOMINGO AGOSTO 3,10,17,24 Y 31. FESTIVO AGOSTO 7 Y 18
A68: COORDINADOR LOGISTICO (1)
A69: PARQUE METROPLITANO DE LAS AGUAS | B69: 39356767 | C69: LUZ DARY CASTRILLÓN MORALES | D69: 2617190 | E69: 45763 | G69: 240 | H69: 240 | M69: 40 | N69: 16 | AA69: DOMINGO AGOSTO 3,10,17,24 Y 31. FESTIVO AGOSTO 7 Y 18
A70: GUARDA ACUÁTICO SALVAVIDAS (22)
A71: PARQUE METROPLITANO DE LAS AGUAS | B71: 1035856956 | C71: JHORDAN STEEVEN BARRERA DAVID | D71: 2269777 | E71: 45763 | G71: 240 | H71: 240 | M71: 40 | N71: 16 | AA71: DOMINGO AGOSTO 3,10,17,24 Y 31. FESTIVO AGOSTO 7 Y 18
A72: PARQUE METROPLITANO DE LAS AGUAS | B72: 1020479937 | C72: JHOJAN ESTEBAN BETANCUR GIRALDO | D72: 2269777 | E72: 45763 | G72: 240 | H72: 240 | M72: 32 | N72: 16 | AA72: DOMINGO AGOSTO 3,10,17 Y 24. FESTIVO AGOSTO 7 Y 18
A73: PARQUE METROPLITANO DE LAS AGUAS | B73: 71826129 | C73: OVIDIO MANUEL OVIEDO MESTRA | D73: 2269777 | E73: 45763 | G73: 240 | H73: 240 | M73: 40 | N73: 16 | AA73: DOMINGO AGOSTO 3,10,17,24 Y 31. FESTIVO AGOSTO 7 Y 18
A74: PARQUE METROPLITANO DE LAS AGUAS | B74: 70328027 | C74: DIEGO ALONSO CASTRO RAMÍREZ | D74: 2269777 | E74: 45763 | G74: 240 | H74: 240 | M74: 40 | N74: 16 | AA74: DOMINGO AGOSTO 3,10,17,24 Y 31. FESTIVO AGOSTO 7 Y 18
A75: PARQUE METROPLITANO DE LAS AGUAS | B75: 1037667116 | C75: ANDREY NICOLAIN GARCIA GOMEZ | D75: 2269777 | E75: 45763 | G75: 240 | H75: 240 | M75: 40 | N75: 16 | AA75: DOMINGO AGOSTO 3,10,17,24 Y 31. FESTIVO AGOSTO 7 Y 18
A76: PARQUE METROPLITANO DE LAS AGUAS | B76: 15517937 | C76: EDISON JADER GALEANO PERDOMO | D76: 2269777 | E76: 45763 | G76: 240 | H76: 240 | M76: 40 | N76: 16 | AA76: DOMINGO AGOSTO 3,10,17,24 Y 31. FESTIVO AGOSTO 7 Y 18
A77: PARQUE METROPLITANO DE LAS AGUAS | B77: 15517428 | C77: JUAN CAMILO TORO OSPINA | D77: 2269777 | E77: 45763 | G77: 240 | H77: 240 | M77: 40 | N77: 16 | AA77: DOMINGO AGOSTO 3,10,17,24 Y 31. FESTIVO AGOSTO 7 Y 18
A78: PARQUE METROPLITANO DE LAS AGUAS | B78: 43915788 | C78: MARLA LIZET SANCHEZ CASTRO | D78: 2269777 | E78: 45763 | G78: 240 | H78: 240 | M78: 40 | N78: 16 | AA78: DOMINGO AGOSTO 3,10,17,24 Y 31. FESTIVO AGOSTO 7 Y 18
A79: PARQUE METROPLITANO DE LAS AGUAS | B79: 1020467591 | C79: NASLY JULIETH GÓMEZ BEDOYA | D79: 2269777 | E79: 45763 | G79: 240 | H79: 240 | M79: 40 | N79: 16 | AA79: DOMINGO AGOSTO 3,10,17,24 Y 31. FESTIVO AGOSTO 7 Y 18
A80: PARQUE METROPLITANO DE LAS AGUAS | B80: 32091812 | C80: YUDY ALEJANDRA OSPINA MARULANDA | D80: 2269777 | E80: 45763 | G80: 240 | H80: 240 | M80: 40 | N80: 16 | AA80: DOMINGO AGOSTO 3,10,17,24 Y 31. FESTIVO AGOSTO 7 Y 18
A81: PARQUE METROPLITANO DE LAS AGUAS | B81: 1216730484 | C81: LUISA FERNANDA OCHOA CANO | D81: 2269777 | E81: 45763 | G81: 240 | H81: 240 | M81: 40 | N81: 16 | AA81: DOMINGO AGOSTO 3,10,17,24 Y 31. FESTIVO AGOSTO 7 Y 18
A82: PARQUE METROPLITANO DE LAS AGUAS | B82: 1035227154 | C82: ADRIANA MARCELA JARAMILLO MIRA | D82: 2269777 | E82: 45763 | G82: 240 | H82: 240 | M82: 40 | N82: 16 | AA82: DOMINGO AGOSTO 3,10,17,24 Y 31. FESTIVO AGOSTO 7 Y 18
A83: PARQUE METROPLITANO DE LAS AGUAS | B83: 1000557194 | C83: CARLOS DANIEL CARDONA BOHORQUEZ | D83: 2269777 | E83: 45763 | G83: 240 | H83: 240 | M83: 40 | N83: 16 | AA83: DOMINGO AGOSTO 3,10,17,24 Y 31. FESTIVO AGOSTO 7 Y 18
A84: PARQUE METROPLITANO DE LAS AGUAS | B84: 1035870129 | C84: EDGAR DAVID CHAVERRA MARIN | D84: 2269777 | E84: 45784 | G84: 200 | H84: 200 | M84: 32 | N84: 16 | Z84: 40 | AA84: DOMINGO AGOSTO 3,10,17 Y 31. FESTIVO AGOSTO 7 Y 18 CALAMIDAD POR LUTO AGOSTO 23, 25,26,27,28
A85: PARQUE METROPLITANO DE LAS AGUAS | B85: 1035436783 | C85: JOHN JAIRO VASQUEZ PELAEZ | D85: 2269777 | E85: 45786 | G85: 208 | H85: 208 | M85: 40 | N85: 16 | R85: 16 | S85: 16 | AA85: DOMINGO AGOSTO 3,10,17,24 Y 31. FESTIVO AGOSTO 7 Y 18. IEG AGOSTO 19 AL 22
A86: PARQUE METROPLITANO DE LAS AGUAS | B86: 1035222774 | C86: RODRIGO ESLEDY RIOS CARDEÑO | D86: 2269777 | E86: 45880 | G86: 160 | H86: 160 | M86: 24 | N86: 8 | AA86: DOMINGO AGOSTO 17,24 Y 31. FESTIVO AGOSTO 18
A87: PROMOTOR DEPORTIVO (1)
A88: PARQUE METROPLITANO DE LAS AGUAS | D88: 2425195
A89: LIDER SERVICIO DE CARPINTERÍ Y AFINES (1)
A90: PARQUE METROPLITANO DE LAS AGUAS | D90: 2617190
A91: AUXILIAR CARPINTERÍ Y AFINES (1)
A92: PARQUE METROPLITANO DE LAS AGUAS | B92: 70811462 | C92: CARLOS ALBERTO ARENAS ARENAS | D92: 1897079 | E92: 45766 | G92: 240 | H92: 240 | M92: 40 | N92: 16 | AA92: DOMINGO AGOSTO 3,10,17,24 Y 31. FESTIVO AGOSTO 7 Y 18
A94: SUPERNUMERIOS AEAR
A95: SUPERNUMERARIO ASEAR
A96: SUPERNUMERARIO ASEAR
G98: =SUM(G3:G92) -> 13704 | H98: =SUM(H3:H92) -> 12984 | I98: =SUM(I3:I92) -> 0 | J98: =SUM(J3:J92) -> 0 | K98: =SUM(K3:K92) -> 0 | L98: =SUM(L3:L92) -> 0 | M98: =SUM(M3:M92) -> 2192 | N98: =SUM(N3:N92) -> 888 | ... Z98: =SUM(Z3:Z92) -> 40
G99: =G98/8 -> 1713 | H99: =H98/8 -> 1623 | I99: =I98/8 -> 0 | J99: =J98/8 -> 0 | K99: =K98/8 -> 0 | L99: =L98/8 -> 0 | M99: =M98/8 -> 274 | N99: =N98/8 -> 111 | ... Z99: =Z98/8 -> 5
F100: 14
G101: 1 | H101: 2 | I101: 3 | J101: 4 | K101: 5 | L101: 6 | M101: 7 | N101: 8 | O101: 9 | P101: 10 | Q101: 11 | R101: 12 | S101: 13 | T101: 14 | U101: 15 | V101: 16 | W101: 17 | X101: 18 | Y101: 19 | Z101: 20

Sheet AGOSTO(23.09)rev05.11
A1: ÁREA METROPOLITANA DEL VALLE DE ABURRÁ
A2: “SERVICIOS GENERALES INTEGRALES PARA LA ADECUADA CONSERVACIÓN Y ATENCIÓN DE LOS SERVIDORES, USUARIOS Y DEMÁS VISITANTES DEL AMVA Y SUS DEMÁS SEDES”.
A3: PREFACTURA SERVICIO: DEL 01 AL 31 DE AGOSTO 2025
A5: 1 | B5: COMPONENTE 1 - COSTOS - RECURSO HUMANO
A6: 1.1 | B6: COSTOS RECURSO HUMANO - SEDE PARQUE METROPOLITANO DE LAS AGUAS
A7: ITEM | B7: PERSONAL POR OFICIO | C7: CEDULA | D7: NOMBRE COMPLETO | E7: CANTIDAD REQUERIDA DE PERSONAL | F7: COSTO UNITARIO REMUNERACIÓN MENSUAL (FIJA E INMODIFICABLE) * | H7: DIAS LABORADOS | I7: DIAS INCAPACIDAD AL 100% | J7: DIAS INCAPACIDAD AL 66,67% | K7: DIAS DE ACCIDENTE DE TRABAJO | L7: DOMINGOS LABORADOS [HORAS] | M7: FESTIVOS LABORADOS [HORAS] | N7: AUXILIO DE TRANSPORTE [DIAS] | O7: HORAS EXTRAS | P7: COSTO TOTAL REMUNERACIÓN MES | Q7: VALOR INCAPACIDAD AL 100% | R7: VALOR INCAPACIDAD AL 66% | S7: VALOR ACCIDENTE DE TRABAJO | T7: HORA EXTRA DIURNA | U7: RECARGO DOMINICAL MES | V7: RECARGO FESTIVO MES | W7: AUXILIO DE TRANSPORTE | X7: SALARIO TOTAL MES PROYECTADO (A) | Y7: VACACIONES (B) | Z7: PRIMA LEGAL (C ) | AA7: CESANTÍAS (D ) | AB7: INTERESES A LAS CESANTÍAS (E ) | AC7: SALUD (F) | AD7: PENSIÓN (G) | AE7: % Riesgos Profesionales (%FIJO E INMODIFICABLE) * | AF7: RIESGOS PROFESIONALES (H) | AG7: SENA (I) | AH7: ICBF (J) | AI7: CAJA DE COMPENSACIÓN FAMILIAR (K) | AJ7: TOTAL ACUMULADO SALARIO MES (L) = (SUMATORIA DESDE A HASTA K) | AK7: AU (M) = (%AU * N) | AL7: SUBTOTAL ANTES DE IVA (N) = M+N | AM7: IVA (O) * Ver Notas IVA N° 1, 2 | AN7: VALOR TOTAL MES INCLUIDO IVA ( P) =N + O | AO7: RUBRO PRESUPUESTAL
U8: 0.8 | V8: 1.8 | W8: 200000 | Y8: 0.04167 | Z8: 0.08333 | AA8: 0.08333 | AB8: 0.01 | AC8: 0 | AD8: 0.12 | AG8: 0 | AH8: 0 | AI8: 0.04 | AK8: 0.08 | AM8: 0.19
A9: 1.1.1 | B9: Coordinador General | C9: 71210225 | D9: HERNAN ALONSO BETANCUR MONTOYA | E9: 1 | F9: 4477062 | H9: 30 | I9: 0 | J9: 0 | K9: 0 | L9: 40 | M9: 16 | N9: 0 | O9: 0 | P9: =IFERROR(ROUND(F9/30*H9,0),"") -> 4477062 | Q9: =IF(E9=0,"",IF(I9="",0,IF(I9<=2,ROUND(F9/30*I9,0),"REVISAR"))) -> 0 | R9: =IF(J9="","",IF(J9=0,0,IF(J9<=2,"Revisar",ROUND(F9/30*66.67%*J9,0)))) -> 0 | S9: =IF(K9="","",ROUND(F9/30*K9,0)) -> 0 | T9: =IF(O9="","",ROUND(F9/220*1.25*O9,0)) -> 0 | U9: =IFERROR(ROUND((F9/220)*$U$8*(L9),0),"") -> 651209 | V9: =IFERROR(ROUND((F9/220)*$V$8*(M9),0),"") -> 586088 | W9: =IF(E9=0,"",IF(F9>2847000,0,$W$8*E9/30*N9)) -> 0 | X9: =SUM(P9:W9) -> 5714359 | Y9: =ROUND((X9-W9)*$Y$8,0) -> 238117 | Z9: =ROUND((X9)*$Z$8,0) -> 476178 | AA9: =ROUND((X9)*$AA$8,0) -> 476178 | AB9: =ROUND((X9)*$AB$8,0) -> 57144 | AC9: =ROUND((X9-W9)*$AC$8,0) -> 0 | AD9: =ROUND((X9-W9)*$AD$8,0) -> 685723 | AE9: 0.00522 | AF9: =IFERROR(ROUND((X9-SUM(Q9:S9)-W9)*AE9,0),"") -> 29829 | AG9: =ROUND((X9-W9)*$AG$8,0) -> 0 | AH9: =ROUND((X9-W9)*$AH$8,0) -> 0 | AI9: =IFERROR(ROUND((X9-SUM(Q9:S9)-W9)*$AI$8,0),"") -> 228574 | AJ9: =+X9+Y9+Z9+AA9+AB9+AC9+AD9+AF9+AG9+AH9+AI9 -> 7906102 | AK9: =ROUND(AJ9*$AK$8,0) -> 632488 | AL9: =+AJ9+AK9 -> 8538590 | AM9: =ROUND(AL9*$AM$8,0) -> 1622332 | AN9: =+AL9+AM9 -> 10160922 | AO9: 2.1.5.02.08 | AP9: =+AL9*0.1 -> 853859
A10: 1.1.2 | B10: Tecnologo en mantenimiento locativo | E10: 0 | F10: 3067772 | P10: =IFERROR(ROUND(F10/30*H10,0),"") -> 0 | Q10: =IF(E10=0,"",IF(I10="",0,IF(I10<=2,ROUND(F10/30*I10,0),"REVISAR"))) | R10: =IF(J10="","",IF(J10=0,0,IF(J10<=2,"Revisar",ROUND(F10/30*66.67%*J10,0)))) | S10: =IF(K10="","",ROUND(F10/30*K10,0)) | T10: =IF(O10="","",ROUND(F10/220*1.25*O10,0)) | U10: =IFERROR(ROUND((F10/220)*$U$8*(L10),0),"") -> 0 | V10: =IFERROR(ROUND((F10/220)*$V$8*(M10),0),"") -> 0 | W10: 0 | X10: =SUM(P10:W10) -> 0 | Y10: =ROUND((X10-W10)*$Y$8,0) -> 0 | Z10: =ROUND((X10)*$Z$8,0) -> 0 | AA10: =ROUND((X10)*$AA$8,0) -> 0 | AB10: =ROUND((X10)*$AB$8,0) -> 0 | AC10: =ROUND((X10-W10)*$AC$8,0) -> 0 | AD10: =ROUND((X10-W10)*$AD$8,0) -> 0 | AE10: 0.00522 | AF10: =IFERROR(ROUND((X10-SUM(Q10:S10)-W10)*AE10,0),"") -> 0 | AG10: =ROUND((X10-W10)*$AG$8,0) -> 0 | AH10: =ROUND((X10-W10)*$AH$8,0) -> 0 | AI10: =IFERROR(ROUND((X10-SUM(Q10:S10)-W10)*$AI$8,0),"") -> 0 | AJ10: =+X10+Y10+Z10+AA10+AB10+AC10+AD10+AF10+AG10+AH10+AI10 -> 0 | AK10: =ROUND(AJ10*$AK$8,0) -> 0 | AL10: =+AJ10+AK10 -> 0 | AM10: =ROUND(AL10*$AM$8,0) -> 0 | AN10: =+AL10+AM10 -> 0 | AO10: 2.1.5.02.08
A11: 1.1.3 | B11: Recepcionista | C11: 1001744300 | D11: LIZETH DANIELA PALACIO CARVAJAL | E11: 1 | F11: 1954575 | H11: 30 | I11: 0 | J11: 0 | K11: 0 | L11: 40 | M11: 0 | N11: 30 | O11: 0 | P11: =IFERROR(ROUND(F11/30*H11,0),"") -> 1954575 | Q11: =IF(E11=0,"",IF(I11="",0,IF(I11<=2,ROUND(F11/30*I11,0),"REVISAR"))) -> 0 | R11: =IF(J11="","",IF(J11=0,0,IF(J11<=2,"Revisar",ROUND(F11/30*66.67%*J11,0)))) -> 0 | S11: =IF(K11="","",ROUND(F11/30*K11,0)) -> 0 | T11: =IF(O11="","",ROUND(F11/220*1.25*O11,0)) -> 0 | U11: =IFERROR(ROUND((F11/220)*$U$8*(L11),0),"") -> 284302 | V11: =IFERROR(ROUND((F11/220)*$V$8*(M11),0),"") -> 0 | W11: =IF(E11=0,"",IF(F11>2847000,0,$W$8*E11/30*N11)) -> 200000 | X11: =SUM(P11:W11) -> 2438877 | Y11: =ROUND((X11-W11)*$Y$8,0) -> 93294 | Z11: =ROUND((X11)*$Z$8,0) -> 203232 | AA11: =ROUND((X11)*$AA$8,0) -> 203232 | AB11: =ROUND((X11)*$AB$8,0) -> 24389 | AC11: =ROUND((X11-W11)*$AC$8,0) -> 0 | AD11: =ROUND((X11-W11)*$AD$8,0) -> 268665 | AE11: 0.00522 | AF11: =IFERROR(ROUND((X11-SUM(Q11:S11)-W11)*AE11,0),"") -> 11687 | AG11: =ROUND((X11-W11)*$AG$8,0) -> 0 | AH11: =ROUND((X11-W11)*$AH$8,0) -> 0 | AI11: =IFERROR(ROUND((X11-SUM(Q11:S11)-W11)*$AI$8,0),"") -> 89555 | AJ11: =+X11+Y11+Z11+AA11+AB11+AC11+AD11+AF11+AG11+AH11+AI11 -> 3332931 | AK11: =ROUND(AJ11*$AK$8,0) -> 266634 | AL11: =+AJ11+AK11 -> 3599565 | AM11: =ROUND(AL11*$AM$8,0) -> 683917 | AN11: =+AL11+AM11 -> 4283482 | AO11: 2.1.5.02.08
A12: 1.1.4 | B12: Tecnico o Tecnologo en Atencion Prehospitalaria | C12: 1001634113 | D12: CESAR ANDRES OBANDO SEPULVEDA | E12: 1 | F12: 2951621 | H12: 30 | I12: 0 | J12: 0 | K12: 0 | L12: 40 | M12: 16 | N12: 0 | O12: 0 | P12: =IFERROR(ROUND(F12/30*H12,0),"") -> 2951621 | Q12: =IF(E12=0,"",IF(I12="",0,IF(I12<=2,ROUND(F12/30*I12,0),"REVISAR"))) -> 0 | R12: =IF(J12="","",IF(J12=0,0,IF(J12<=2,"Revisar",ROUND(F12/30*66.67%*J12,0)))) -> 0 | S12: =IF(K12="","",ROUND(F12/30*K12,0)) -> 0 | T12: =IF(O12="","",ROUND(F12/220*1.25*O12,0)) -> 0 | U12: =IFERROR(ROUND((F12/220)*$U$8*(L12),0),"") -> 429327 | V12: =IFERROR(ROUND((F12/220)*$V$8*(M12),0),"") -> 386394 | W12: =IF(E12=0,"",IF(F12>2847000,0,$W$8*E12/30*N12)) -> 0 | X12: =SUM(P12:W12) -> 3767342 | Y12: =ROUND((X12-W12)*$Y$8,0) -> 156985 | Z12: =ROUND((X12)*$Z$8,0) -> 313933 | AA12: =ROUND((X12)*$AA$8,0) -> 313933 | AB12: =ROUND((X12)*$AB$8,0) -> 37673 | AC12: =ROUND((X12-W12)*$AC$8,0) -> 0 | AD12: =ROUND((X12-W12)*$AD$8,0) -> 452081 | AE12: 0.02436 | AF12: =IFERROR(ROUND((X12-SUM(Q12:S12)-W12)*AE12,0),"") -> 91772 | AG12: =ROUND((X12-W12)*$AG$8,0) -> 0 | AH12: =ROUND((X12-W12)*$AH$8,0) -> 0 | AI12: =IFERROR(ROUND((X12-SUM(Q12:S12)-W12)*$AI$8,0),"") -> 150694 | AJ12: =+X12+Y12+Z12+AA12+AB12+AC12+AD12+AF12+AG12+AH12+AI12 -> 5284413 | AK12: =ROUND(AJ12*$AK$8,0) -> 422753 | AL12: =+AJ12+AK12 -> 5707166 | AM12: =ROUND(AL12*$AM$8,0) -> 1084362 | AN12: =+AL12+AM12 -> 6791528 | AO12: 2.1.5.02.08
A13: 1.1.4 | B13: Tecnico o Tecnologo en Atencion Prehospitalaria | E13: 0 | F13: 2951621 | P13: =IFERROR(ROUND(F13/30*H13,0),"") -> 0 | Q13: =IF(E13=0,"",IF(I13="",0,IF(I13<=2,ROUND(F13/30*I13,0),"REVISAR"))) | R13: =IF(J13="","",IF(J13=0,0,IF(J13<=2,"Revisar",ROUND(F13/30*66.67%*J13,0)))) | S13: =IF(K13="","",ROUND(F13/30*K13,0)) | T13: =IF(O13="","",ROUND(F13/220*1.25*O13,0)) | U13: =IFERROR(ROUND((F13/220)*$U$8*(L13),0),"") -> 0 | V13: =IFERROR(ROUND((F13/220)*$V$8*(M13),0),"") -> 0 | W13: 0 | X13: =SUM(P13:W13) -> 0 | Y13: =ROUND((X13-W13)*$Y$8,0) -> 0 | Z13: =ROUND((X13)*$Z$8,0) -> 0 | AA13: =ROUND((X13)*$AA$8,0) -> 0 | AB13: =ROUND((X13)*$AB$8,0) -> 0 | AC13: =ROUND((X13-W13)*$AC$8,0) -> 0 | AD13: =ROUND((X13-W13)*$AD$8,0) -> 0 | AE13: 0.02436 | AF13: =IFERROR(ROUND((X13-SUM(Q13:S13)-W13)*AE13,0),"") -> 0 | AG13: =ROUND((X13-W13)*$AG$8,0) -> 0 | AH13: =ROUND((X13-W13)*$AH$8,0) -> 0 | AI13: =IFERROR(ROUND((X13-SUM(Q13:S13)-W13)*$AI$8,0),"") -> 0 | AJ13: =+X13+Y13+Z13+AA13+AB13+AC13+AD13+AF13+AG13+AH13+AI13 -> 0 | AK13: =ROUND(AJ13*$AK$8,0) -> 0 | AL13: =+AJ13+AK13 -> 0 | AM13: =ROUND(AL13*$AM$8,0) -> 0 | AN13: =+AL13+AM13 -> 0 | AO13: 2.1.5.02.08
A14: 1.1.5 | B14: Coordinador de Almacen | E14: 0 | F14: 3067772 | P14: =IFERROR(ROUND(F14/30*H14,0),"") -> 0 | Q14: =IF(E14=0,"",IF(I14="",0,IF(I14<=2,ROUND(F14/30*I14,0),"REVISAR"))) | R14: =IF(J14="","",IF(J14=0,0,IF(J14<=2,"Revisar",ROUND(F14/30*66.67%*J14,0)))) | S14: =IF(K14="","",ROUND(F14/30*K14,0)) | T14: =IF(O14="","",ROUND(F14/220*1.25*O14,0)) | U14: =IFERROR(ROUND((F14/220)*$U$8*(L14),0),"") -> 0 | V14: =IFERROR(ROUND((F14/220)*$V$8*(M14),0),"") -> 0 | W14: 0 | X14: =SUM(P14:W14) -> 0 | Y14: =ROUND((X14-W14)*$Y$8,0) -> 0 | Z14: =ROUND((X14)*$Z$8,0) -> 0 | AA14: =ROUND((X14)*$AA$8,0) -> 0 | AB14: =ROUND((X14)*$AB$8,0) -> 0 | AC14: =ROUND((X14-W14)*$AC$8,0) -> 0 | AD14: =ROUND((X14-W14)*$AD$8,0) -> 0 | AE14: 0.00522 | AF14: =IFERROR(ROUND((X14-SUM(Q14:S14)-W14)*AE14,0),"") -> 0 | AG14: =ROUND((X14-W14)*$AG$8,0) -> 0 | AH14: =ROUND((X14-W14)*$AH$8,0) -> 0 | AI14: =IFERROR(ROUND((X14-SUM(Q14:S14)-W14)*$AI$8,0),"") -> 0 | AJ14: =+X14+Y14+Z14+AA14+AB14+AC14+AD14+AF14+AG14+AH14+AI14 -> 0 | AK14: =ROUND(AJ14*$AK$8,0) -> 0 | AL14: =+AJ14+AK14 -> 0 | AM14: =ROUND(AL14*$AM$8,0) -> 0 | AN14: =+AL14+AM14 -> 0 | AO14: 2.1.5.02.08
A15: 1.1.6 | B15: Auxiliar de Almacen | C15: 98491930 | D15: JAIME ALBERTO BERRIO ARANGO | E15: 1 | F15: 1641371 | H15: 30 | I15: 0 | J15: 0 | K15: 0 | L15: 40 | M15: 16 | N15: 30 | O15: 0 | P15: =IFERROR(ROUND(F15/30*H15,0),"") -> 1641371 | Q15: =IF(E15=0,"",IF(I15="",0,IF(I15<=2,ROUND(F15/30*I15,0),"REVISAR"))) -> 0 | R15: =IF(J15="","",IF(J15=0,0,IF(J15<=2,"Revisar",ROUND(F15/30*66.67%*J15,0)))) -> 0 | S15: =IF(K15="","",ROUND(F15/30*K15,0)) -> 0 | T15: =IF(O15="","",ROUND(F15/220*1.25*O15,0)) -> 0 | U15: =IFERROR(ROUND((F15/220)*$U$8*(L15),0),"") -> 238745 | V15: =IFERROR(ROUND((F15/220)*$V$8*(M15),0),"") -> 214870 | W15: =IF(E15=0,"",IF(F15>2847000,0,$W$8*E15/30*N15)) -> 200000 | X15: =SUM(P15:W15) -> 2294986 | Y15: =ROUND((X15-W15)*$Y$8,0) -> 87298 | Z15: =ROUND((X15)*$Z$8,0) -> 191241 | AA15: =ROUND((X15)*$AA$8,0) -> 191241 | AB15: =ROUND((X15)*$AB$8,0) -> 22950 | AC15: =ROUND((X15-W15)*$AC$8,0) -> 0 | AD15: =ROUND((X15-W15)*$AD$8,0) -> 251398 | AE15: 0.00522 | AF15: =IFERROR(ROUND((X15-SUM(Q15:S15)-W15)*AE15,0),"") -> 10936 | AG15: =ROUND((X15-W15)*$AG$8,0) -> 0 | AH15: =ROUND((X15-W15)*$AH$8,0) -> 0 | AI15: =IFERROR(ROUND((X15-SUM(Q15:S15)-W15)*$AI$8,0),"") -> 83799 | AJ15: =+X15+Y15+Z15+AA15+AB15+AC15+AD15+AF15+AG15+AH15+AI15 -> 3133849 | AK15: =ROUND(AJ15*$AK$8,0) -> 250708 | AL15: =+AJ15+AK15 -> 3384557 | AM15: =ROUND(AL15*$AM$8,0) -> 643066 | AN15: =+AL15+AM15 -> 4027623 | AO15: 2.1.5.02.08
A16: 1.1.7 | B16: Tecnologo en Salud Ocupacional | C16: 1035223202 | D16: MARIA ALEJANDRA CARO SANCHEZ | E16: 1 | F16: 2617190 | H16: 30 | I16: 0 | J16: 0 | K16: 0 | L16: 24 | M16: 16 | N16: 30 | O16: 0 | P16: =IFERROR(ROUND(F16/30*H16,0),"") -> 2617190 | Q16: =IF(E16=0,"",IF(I16="",0,IF(I16<=2,ROUND(F16/30*I16,0),"REVISAR"))) -> 0 | R16: =IF(J16="","",IF(J16=0,0,IF(J16<=2,"Revisar",ROUND(F16/30*66.67%*J16,0)))) -> 0 | S16: =IF(K16="","",ROUND(F16/30*K16,0)) -> 0 | T16: =IF(O16="","",ROUND(F16/220*1.25*O16,0)) -> 0 | U16: =IFERROR(ROUND((F16/220)*$U$8*(L16),0),"") -> 228409 | V16: =IFERROR(ROUND((F16/220)*$V$8*(M16),0),"") -> 342614 | W16: =IF(E16=0,"",IF(F16>2847000,0,$W$8*E16/30*N16)) -> 200000 | X16: =SUM(P16:W16) -> 3388213 | Y16: =ROUND((X16-W16)*$Y$8,0) -> 132853 | Z16: =ROUND((X16)*$Z$8,0) -> 282340 | AA16: =ROUND((X16)*$AA$8,0) -> 282340 | AB16: =ROUND((X16)*$AB$8,0) -> 33882 | AC16: =ROUND((X16-W16)*$AC$8,0) -> 0 | AD16: =ROUND((X16-W16)*$AD$8,0) -> 382586 | AE16: 0.02436 | AF16: =IFERROR(ROUND((X16-SUM(Q16:S16)-W16)*AE16,0),"") -> 77665 | AG16: =ROUND((X16-W16)*$AG$8,0) -> 0 | AH16: =ROUND((X16-W16)*$AH$8,0) -> 0 | AI16: =IFERROR(ROUND((X16-SUM(Q16:S16)-W16)*$AI$8,0),"") -> 127529 | AJ16: =+X16+Y16+Z16+AA16+AB16+AC16+AD16+AF16+AG16+AH16+AI16 -> 4707408 | AK16: =ROUND(AJ16*$AK$8,0) -> 376593 | AL16: =+AJ16+AK16 -> 5084001 | AM16: =ROUND(AL16*$AM$8,0) -> 965960 | AN16: =+AL16+AM16 -> 6049961 | AO16: 2.1.5.02.08
A17: 1.1.8 | B17: Coordinador ambiental | C17: 1152197190 | D17: XAVIER ZAMIR GRAJALES RIOS | E17: 1 | F17: 3589848 | H17: 30 | I17: 0 | J17: 0 | K17: 0 | L17: 40 | M17: 16 | N17: 0 | O17: 0 | P17: =IFERROR(ROUND(F17/30*H17,0),"") -> 3589848 | Q17: =IF(E17=0,"",IF(I17="",0,IF(I17<=2,ROUND(F17/30*I17,0),"REVISAR"))) -> 0 | R17: =IF(J17="","",IF(J17=0,0,IF(J17<=2,"Revisar",ROUND(F17/30*66.67%*J17,0)))) -> 0 | S17: =IF(K17="","",ROUND(F17/30*K17,0)) -> 0 | T17: =IF(O17="","",ROUND(F17/220*1.25*O17,0)) -> 0 | U17: =IFERROR(ROUND((F17/220)*$U$8*(L17),0),"") -> 522160 | V17: =IFERROR(ROUND((F17/220)*$V$8*(M17),0),"") -> 469944 | W17: =IF(E17=0,"",IF(F17>2847000,0,$W$8*E17/30*N17)) -> 0 | X17: =SUM(P17:W17) -> 4581952 | Y17: =ROUND((X17-W17)*$Y$8,0) -> 190930 | Z17: =ROUND((X17)*$Z$8,0) -> 381814 | AA17: =ROUND((X17)*$AA$8,0) -> 381814 | AB17: =ROUND((X17)*$AB$8,0) -> 45820 | AC17: =ROUND((X17-W17)*$AC$8,0) -> 0 | AD17: =ROUND((X17-W17)*$AD$8,0) -> 549834 | AE17: 0.02436 | AF17: =IFERROR(ROUND((X17-SUM(Q17:S17)-W17)*AE17,0),"") -> 111616 | AG17: =ROUND((X17-W17)*$AG$8,0) -> 0 | AH17: =ROUND((X17-W17)*$AH$8,0) -> 0 | AI17: =IFERROR(ROUND((X17-SUM(Q17:S17)-W17)*$AI$8,0),"") -> 183278 | AJ17: =+X17+Y17+Z17+AA17+AB17+AC17+AD17+AF17+AG17+AH17+AI17 -> 6427058 | AK17: =ROUND(AJ17*$AK$8,0) -> 514165 | AL17: =+AJ17+AK17 -> 6941223 | AM17: =ROUND(AL17*$AM$8,0) -> 1318832 | AN17: =+AL17+AM17 -> 8260055 | AO17: 2.1.5.02.08
A18: 1.1.9 | B18: Taquillero | C18: 1000640864 | D18: YHOJANS SMIT AGUDELO HERNANDEZ | E18: 1 | F18: 1954575 | H18: 30 | I18: 0 | J18: 0 | K18: 0 | L18: 40 | M18: 16 | N18: 30 | O18: 0 | P18: =IFERROR(ROUND(F18/30*H18,0),"") -> 1954575 | Q18: =IF(E18=0,"",IF(I18="",0,IF(I18<=2,ROUND(F18/30*I18,0),"REVISAR"))) -> 0 | R18: =IF(J18="","",IF(J18=0,0,IF(J18<=2,"Revisar",ROUND(F18/30*66.67%*J18,0)))) -> 0 | S18: =IF(K18="","",ROUND(F18/30*K18,0)) -> 0 | T18: =IF(O18="","",ROUND(F18/220*1.25*O18,0)) -> 0 | U18: =IFERROR(ROUND((F18/220)*$U$8*(L18),0),"") -> 284302 | V18: =IFERROR(ROUND((F18/220)*$V$8*(M18),0),"") -> 255872 | W18: =IF(E18=0,"",IF(F18>2847000,0,$W$8*E18/30*N18)) -> 200000 | X18: =SUM(P18:W18) -> 2694749 | Y18: =ROUND((X18-W18)*$Y$8,0) -> 103956 | Z18: =ROUND((X18)*$Z$8,0) -> 224553 | AA18: =ROUND((X18)*$AA$8,0) -> 224553 | AB18: =ROUND((X18)*$AB$8,0) -> 26947 | AC18: =ROUND((X18-W18)*$AC$8,0) -> 0 | AD18: =ROUND((X18-W18)*$AD$8,0) -> 299370 | AE18: 0.00522 | AF18: =IFERROR(ROUND((X18-SUM(Q18:S18)-W18)*AE18,0),"") -> 13023 | AG18: =ROUND((X18-W18)*$AG$8,0) -> 0 | AH18: =ROUND((X18-W18)*$AH$8,0) -> 0 | AI18: =IFERROR(ROUND((X18-SUM(Q18:S18)-W18)*$AI$8,0),"") -> 99790 | AJ18: =+X18+Y18+Z18+AA18+AB18+AC18+AD18+AF18+AG18+AH18+AI18 -> 3686941 | AK18: =ROUND(AJ18*$AK$8,0) -> 294955 | AL18: =+AJ18+AK18 -> 3981896 | AM18: =ROUND(AL18*$AM$8,0) -> 756560 | AN18: =+AL18+AM18 -> 4738456 | AO18: 2.1.5.02.08
A19: 1.1.9 | B19: Taquillero | C19: 1046915436 | D19: LAURA ALEXANDRA CHAVERRA GUERRA | E19: 1 | F19: 1954575 | H19: 30 | I19: 0 | J19: 0 | K19: 0 | L19: 40 | M19: 16 | N19: 30 | O19: 0 | P19: =IFERROR(ROUND(F19/30*H19,0),"") -> 1954575 | Q19: =IF(E19=0,"",IF(I19="",0,IF(I19<=2,ROUND(F19/30*I19,0),"REVISAR"))) -> 0 | R19: =IF(J19="","",IF(J19=0,0,IF(J19<=2,"Revisar",ROUND(F19/30*66.67%*J19,0)))) -> 0 | S19: =IF(K19="","",ROUND(F19/30*K19,0)) -> 0 | T19: =IF(O19="","",ROUND(F19/220*1.25*O19,0)) -> 0 | U19: =IFERROR(ROUND((F19/220)*$U$8*(L19),0),"") -> 284302 | V19: =IFERROR(ROUND((F19/220)*$V$8*(M19),0),"") -> 255872 | W19: =IF(E19=0,"",IF(F19>2847000,0,$W$8*E19/30*N19)) -> 200000 | X19: =SUM(P19:W19) -> 2694749 | Y19: =ROUND((X19-W19)*$Y$8,0) -> 103956 | Z19: =ROUND((X19)*$Z$8,0) -> 224553 | AA19: =ROUND((X19)*$AA$8,0) -> 224553 | AB19: =ROUND((X19)*$AB$8,0) -> 26947 | AC19: =ROUND((X19-W19)*$AC$8,0) -> 0 | AD19: =ROUND((X19-W19)*$AD$8,0) -> 299370 | AE19: 0.00522 | AF19: =IFERROR(ROUND((X19-SUM(Q19:S19)-W19)*AE19,0),"") -> 13023 | AG19: =ROUND((X19-W19)*$AG$8,0) -> 0 | AH19: =ROUND((X19-W19)*$AH$8,0) -> 0 | AI19: =IFERROR(ROUND((X19-SUM(Q19:S19)-W19)*$AI$8,0),"") -> 99790 | AJ19: =+X19+Y19+Z19+AA19+AB19+AC19+AD19+AF19+AG19+AH19+AI19 -> 3686941 | AK19: =ROUND(AJ19*$AK$8,0) -> 294955 | AL19: =+AJ19+AK19 -> 3981896 | AM19: =ROUND(AL19*$AM$8,0) -> 756560 | AN19: =+AL19+AM19 -> 4738456 | AO19: 2.1.5.02.08
A20: 1.1.9 | B20: Taquillero | E20: 0 | F20: 1954575 | P20: =IFERROR(ROUND(F20/30*H20,0),"") -> 0 | Q20: =IF(E20=0,"",IF(I20="",0,IF(I20<=2,ROUND(F20/30*I20,0),"REVISAR"))) | R20: =IF(J20="","",IF(J20=0,0,IF(J20<=2,"Revisar",ROUND(F20/30*66.67%*J20,0)))) | S20: =IF(K20="","",ROUND(F20/30*K20,0)) | T20: =IF(O20="","",ROUND(F20/220*1.25*O20,0)) | U20: =IFERROR(ROUND((F20/220)*$U$8*(L20),0),"") -> 0 | V20: =IFERROR(ROUND((F20/220)*$V$8*(M20),0),"") -> 0 | W20: 0 | X20: =SUM(P20:W20) -> 0 | Y20: =ROUND((X20-W20)*$Y$8,0) -> 0 | Z20: =ROUND((X20)*$Z$8,0) -> 0 | AA20: =ROUND((X20)*$AA$8,0) -> 0 | AB20: =ROUND((X20)*$AB$8,0) -> 0 | AC20: =ROUND((X20-W20)*$AC$8,0) -> 0 | AD20: =ROUND((X20-W20)*$AD$8,0) -> 0 | AE20: 0.00522 | AF20: =IFERROR(ROUND((X20-SUM(Q20:S20)-W20)*AE20,0),"") -> 0 | AG20: =ROUND((X20-W20)*$AG$8,0) -> 0 | AH20: =ROUND((X20-W20)*$AH$8,0) -> 0 | AI20: =IFERROR(ROUND((X20-SUM(Q20:S20)-W20)*$AI$8,0),"") -> 0 | AJ20: =+X20+Y20+Z20+AA20+AB20+AC20+AD20+AF20+AG20+AH20+AI20 -> 0 | AK20: =ROUND(AJ20*$AK$8,0) -> 0 | AL20: =+AJ20+AK20 -> 0 | AM20: =ROUND(AL20*$AM$8,0) -> 0 | AN20: =+AL20+AM20 -> 0 | AO20: 2.1.5.02.08
A21: 1.1.9 | B21: Taquillero | E21: 0 | F21: 1954575 | P21: =IFERROR(ROUND(F21/30*H21,0),"") -> 0 | Q21: =IF(E21=0,"",IF(I21="",0,IF(I21<=2,ROUND(F21/30*I21,0),"REVISAR"))) | R21: =IF(J21="","",IF(J21=0,0,IF(J21<=2,"Revisar",ROUND(F21/30*66.67%*J21,0)))) | S21: =IF(K21="","",ROUND(F21/30*K21,0)) | T21: =IF(O21="","",ROUND(F21/220*1.25*O21,0)) | U21: =IFERROR(ROUND((F21/220)*$U$8*(L21),0),"") -> 0 | V21: =IFERROR(ROUND((F21/220)*$V$8*(M21),0),"") -> 0 | W21: 0 | X21: =SUM(P21:W21) -> 0 | Y21: =ROUND((X21-W21)*$Y$8,0) -> 0 | Z21: =ROUND((X21)*$Z$8,0) -> 0 | AA21: =ROUND((X21)*$AA$8,0) -> 0 | AB21: =ROUND((X21)*$AB$8,0) -> 0 | AC21: =ROUND((X21-W21)*$AC$8,0) -> 0 | AD21: =ROUND((X21-W21)*$AD$8,0) -> 0 | AE21: 0.00522 | AF21: =IFERROR(ROUND((X21-SUM(Q21:S21)-W21)*AE21,0),"") -> 0 | AG21: =ROUND((X21-W21)*$AG$8,0) -> 0 | AH21: =ROUND((X21-W21)*$AH$8,0) -> 0 | AI21: =IFERROR(ROUND((X21-SUM(Q21:S21)-W21)*$AI$8,0),"") -> 0 | AJ21: =+X21+Y21+Z21+AA21+AB21+AC21+AD21+AF21+AG21+AH21+AI21 -> 0 | AK21: =ROUND(AJ21*$AK$8,0) -> 0 | AL21: =+AJ21+AK21 -> 0 | AM21: =ROUND(AL21*$AM$8,0) -> 0 | AN21: =+AL21+AM21 -> 0 | AO21: 2.1.5.02.08
